Workbook

Sheet Company Names
A1: Rank | B1: Name | C1: CardMarket | D1: Companies House | E1: Domain | F1: YouTube | G1: Tierney Approved | H1: Notes
A2: 1 | B2: Shuffle & Skirmish | C2: =TRUE() | D2: =TRUE() | E2: =TRUE() | F2: =TRUE() | G2: =TRUE()
A3: 2 | B3: Mana & Miniatures | C3: =TRUE() | D3: =TRUE() | E3: =TRUE() | F3: =TRUE() | G3: =TRUE()
A4: 3 | B4: Draw & Deploy | C4: =TRUE() | D4: =TRUE() | E4: =TRUE() | F4: =TRUE() | G4: =FALSE()
A5: 4 | B5: Sum of All Plays | C5: =TRUE() | D5: =TRUE() | E5: =TRUE() | F5: =TRUE() | G5: =FALSE()
A6: 5 | B6: Shufflin' & Scufflin' | C6: =TRUE() | D6: =TRUE() | E6: =TRUE() | F6: =TRUE() | G6: =FALSE() | H6: Gullen family favourite, Name clashes with content on YT
A7: 6 | B7: Strategic Shuffle | C7: =TRUE() | D7: =TRUE() | E7: =FALSE() | F7: =TRUE() | G7: =FALSE()
A8: 7 | B8: Deck Check | C8: =TRUE() | D8: =TRUE() | F8: =FALSE() | G8: =TRUE()
A9: 8 | B9: Friendly Fire Gaming | C9: =TRUE() | D9: =TRUE() | F9: =FALSE() | G9: =FALSE()
A10: 9 | B10: Tabletop Chronicles | C10: =TRUE() | D10: =TRUE() | F10: =FALSE() | G10: =TRUE()
A11: 10 | B11: Critical Collection | C11: =TRUE() | D11: =TRUE() | F11: =FALSE() | G11: =FALSE()
A12: 11 | B12: Expected Value Gaming | C12: =TRUE() | D12: =TRUE() | F12: =FALSE() | G12: =FALSE()
A13: 12 | B13: Casual Competitive Gaming | D13: =TRUE() | G13: =FALSE() | H13: Juxtaposition Mouthful Lots of similar names
A14: 13 | B14: Calculated Gaming | D14: =TRUE() | G14: =FALSE() | H14: Saturated name
A15: 14 | B15: Plus One Gaming | D15: =TRUE() | G15: =FALSE() | H15: Saturated name
A16: 15 | B16: Calculate And Conquer | D16: =TRUE() | G16: =FALSE() | H16: Saturated name
A17: 16 | B17: Odds & Minis | D17: =TRUE() | G17: =FALSE() | H17: Saturated name
A18: 17 | B18: Roll & Calculate | D18: =TRUE() | G18: =FALSE() | H18: Saturated name
A19: 18 | B19: Tactical Table Gaming | D19: =TRUE() | G19: =FALSE() | H19: Saturated name
A20: 19 | B20: Measured Moves Gaming | D20: =TRUE() | G20: =FALSE() | H20: Saturated name
A21: 20 | B21: Tap That Gaming | D21: =TRUE() | G21: =FALSE() | H21: Too degrading to women?
A22: 21 | B22: The Gaming Table | D22: =TRUE() | G22: =TRUE() | H22: Too long? "The Games Table" exists on CH
A23: 22 | B23: Optimal Play Gaming | D23: =TRUE() | G23: =FALSE() | H23: Very saturated name
A24: 23 | B24: The Hobby Hub | D24: =FALSE() | G24: =FALSE()
A25: 24 | B25: Card It | D25: =FALSE() | G25: =FALSE()

Sheet MTG Set Lookup Table
A1: Index | B1: Set Type | C1: Buy Window (Months) | D1: Why | E1: Heavy Printing Months | F1: Tapering Months | G1: Final Print Run Months | H1: Sell Window (Months) | I1: Buy Window Month Start | J1: Buy Window Month End | K1: Heavy Printing Window Month Start | L1: Heavy Printing Window Month End | M1: Sell Window Month Start | N1: Sell Window Month End | Q1: My Set Type | R1: Corresponding Scryfall Set Type(s) | W1: Set Name | X1: Card Count | Y1: Released On | Z1: Type Name | AA1: Language Codes
A2: 1 | B2: Standard Expansion | C2: 18-24 | D2: Approaching end of print, prices haven't spiked yet | E2: 1-18 | F2: 18-24 | G2: 24-30 | H2: 36-48+ | I2: 18 | J2: 24 | K2: {=_xlfn.NUMBERVALUE(INDEX(_xlfn.textsplit(tbl_MTG_Set_Type[[#This Row],[Heavy Printing Months]], "-"), 1), ".", ",")} | L2: {=_xlfn.NUMBERVALUE(INDEX(_xlfn.textsplit(tbl_MTG_Set_Type[[#This Row],[Heavy Printing Months]], "-"), COLUMNS(_xlfn.textsplit(tbl_MTG_Set_Type[[#This Row],[Heavy Printing Months]], "-"))), ".", ",")} | M2: 36 | N2: 48 | Q2: Standard Expansion | R2: core, expansion
A3: 2 | B3: Remastered | C3: 3-6 | D3: Usually stay expensive | E3: 6-12 | H3: 18-36+ | I3: 3 | J3: 6 | K3: {=_xlfn.NUMBERVALUE(INDEX(_xlfn.textsplit(tbl_MTG_Set_Type[[#This Row],[Heavy Printing Months]], "-"), 1), ".", ",")} | L3: {=_xlfn.NUMBERVALUE(INDEX(_xlfn.textsplit(tbl_MTG_Set_Type[[#This Row],[Heavy Printing Months]], "-"), COLUMNS(_xlfn.textsplit(tbl_MTG_Set_Type[[#This Row],[Heavy Printing Months]], "-"))), ".", ",")} | M3: 18 | N3: 36 | Q3: Remastered | R3: masters
A4: 3 | B4: Masters | C4: Avoid at retail | D4: Too expensive from launch | E4: 6-12 | H4: 24-60+ | K4: {=_xlfn.NUMBERVALUE(INDEX(_xlfn.textsplit(tbl_MTG_Set_Type[[#This Row],[Heavy Printing Months]], "-"), 1), ".", ",")} | L4: {=_xlfn.NUMBERVALUE(INDEX(_xlfn.textsplit(tbl_MTG_Set_Type[[#This Row],[Heavy Printing Months]], "-"), COLUMNS(_xlfn.textsplit(tbl_MTG_Set_Type[[#This Row],[Heavy Printing Months]], "-"))), ".", ",")} | M4: 24 | N4: 60 | Q4: Masters | R4: masters
A5: 4 | B5: Modern Horizons | C5: 6-12 | D5: If prices dip below launch | E5: 6-12 | H5: 24-48+ | I5: 6 | J5: 12 | K5: {=_xlfn.NUMBERVALUE(INDEX(_xlfn.textsplit(tbl_MTG_Set_Type[[#This Row],[Heavy Printing Months]], "-"), 1), ".", ",")} | L5: {=_xlfn.NUMBERVALUE(INDEX(_xlfn.textsplit(tbl_MTG_Set_Type[[#This Row],[Heavy Printing Months]], "-"), COLUMNS(_xlfn.textsplit(tbl_MTG_Set_Type[[#This Row],[Heavy Printing Months]], "-"))), ".", ",")} | M5: 24 | N5: 48 | Q5: Modern Horizons | R5: draft_innovation (filter by set name)
A6: 5 | B6: Commander | C6: 3-12 | D6: Clearance phase | E6: 12-18 | H6: 24+ | I6: 3 | J6: 12 | K6: {=_xlfn.NUMBERVALUE(INDEX(_xlfn.textsplit(tbl_MTG_Set_Type[[#This Row],[Heavy Printing Months]], "-"), 1), ".", ",")} | L6: {=_xlfn.NUMBERVALUE(INDEX(_xlfn.textsplit(tbl_MTG_Set_Type[[#This Row],[Heavy Printing Months]], "-"), COLUMNS(_xlfn.textsplit(tbl_MTG_Set_Type[[#This Row],[Heavy Printing Months]], "-"))), ".", ",")} | M6: 24 | N6: 24 | Q6: Commander | R6: commander
A7: 6 | B7: Universes Beyond | C7: 3-6 | D7: Post-hype reality check | E7: ? | H7: ? | I7: 3 | J7: 6 | Q7: Universes Beyond | R7: commander, expansion, draft_innovation (filter by set name)
A8: 7 | B8: Micro-sets | C8: Never | D8: Too risky | E8: 3-6 | H8: N/A | K8: 3 | L8: {=_xlfn.NUMBERVALUE(INDEX(_xlfn.textsplit(tbl_MTG_Set_Type[[#This Row],[Heavy Printing Months]], "-"), COLUMNS(_xlfn.textsplit(tbl_MTG_Set_Type[[#This Row],[Heavy Printing Months]], "-"))), ".", ",")} | Q8: Micro-sets | R8: arsenal, from_the_vault, spellbook, premium_deck
A9: 8 | B9: Core | C9: N/A | D9: Historical | E9: 18-24 | K9: 18 | L9: {=_xlfn.NUMBERVALUE(INDEX(_xlfn.textsplit(tbl_MTG_Set_Type[[#This Row],[Heavy Printing Months]], "-"), COLUMNS(_xlfn.textsplit(tbl_MTG_Set_Type[[#This Row],[Heavy Printing Months]], "-"))), ".", ",")}

Sheet MTG Set
Y1: Play/Set Booster Box Buy Price | AD1: Play/Set Booster From Box Buy Price
A2: Index | B2: Set Name | C2: Card Count | D2: Released On | E2: Type Name | F2: Language Codes | G2: Row number | H2: Months Since Release | I2: Set Type Record Index | J2: Buy Window Month Start | K2: Buy Window Start | L2: Buy Window Month End | M2: Buy Window End | N2: Buy Now? | O2: Heavy Printing Window Month Start | P2: Heavy Printing Window Start | Q2: Heavy Printing Window Month End | R2: Heavy Printing Window End | S2: Heavy Printing Now? | T2: Sell Window Month Start | U2: Sell Window Start | V2: Sell Window Month End | W2: Sell Window End | X2: Sell Now? | Y2: CardMarket PSBBBP | Z2: Chaos Cards PSBBBP | AA2: Magic Madhouse PSBBBP | AB2: MuddleIt PSBBBP | AC2: PlusMarketing PSBBBP | AD2: CardMarket PSBFBBP | AE2: Chaos Cards PSBFBBP | AF2: Magic Madhouse PSBFBBP | AG2: MuddleIt PSBFBBP | AH2: PlusMarketing PSBFBBP | AI2: Play Booster Box Product Id | AJ2: Play Booster Box Cost | AK2: Play Booster Box Source Name | AL2: Play Booster Box Size | AM2: Play Booster Cost | AN2: Play Booster Sell Price CardMarket | AO2: Play Booster Sell Price FB Marketplace | AP2: CardMarket Profit | AQ2: EV MTG Stocks Link | AR2: Play Booster Expected Market Value | AS2: Play Boost Sealed Market Value | AT2: Play Booster Expected Value
A3: 814 | B3: 15th Anniversary Cards P15A | C3: 2 | D3: 39539 | F3: en es fr de it pt ja ko ru 汉语 漢語 | G3: 1574 | H3: =MONTH(NOW())+12*YEAR(NOW())-MONTH(tbl_MTG_Set[[#This Row],[Released On]])-12*YEAR(tbl_MTG_Set[[#This Row],[Released On]]) | I3: =_xlfn.xlookup(tbl_MTG_Set[[#This Row],[Type Name]], tbl_MTG_Set_Type[Set Type], tbl_MTG_Set_Type[Index], "(Set Type not found)") | J3: =_xlfn.xlookup(tbl_MTG_Set[[#This Row],[Type Name]], tbl_MTG_Set_Type[Set Type], tbl_MTG_Set_Type[Buy Window Month Start], "(Set Type not found)") | K3: =tbl_MTG_Set[[#This Row],[Released On]]+tbl_MTG_Set[[#This Row],[Buy Window Month Start]]*365.25/12 | L3: =_xlfn.xlookup(tbl_MTG_Set[[#This Row],[Type Name]], tbl_MTG_Set_Type[Set Type], tbl_MTG_Set_Type[Buy Window Month End], "(Set Type not found)", 0, 1) | M3: =tbl_MTG_Set[[#This Row],[Released On]]+tbl_MTG_Set[[#This Row],[Buy Window Month End]]*365.25/12 | N3: =AND(NOW()>=tbl_MTG_Set[[#This Row],[Buy Window Start]], NOW()<=tbl_MTG_Set[[#This Row],[Buy Window End]]) | O3: =_xlfn.xlookup(tbl_MTG_Set[[#This Row],[Type Name]], tbl_MTG_Set_Type[Set Type], tbl_MTG_Set_Type[Heavy Printing Window Month Start], "(Set Type not found)", 0, 1) | P3: =tbl_MTG_Set[[#This Row],[Released On]]+tbl_MTG_Set[[#This Row],[Heavy Printing Window Month Start]]*365.25/12 | Q3: =_xlfn.xlookup(tbl_MTG_Set[[#This Row],[Type Name]], tbl_MTG_Set_Type[Set Type], tbl_MTG_Set_Type[Heavy Printing Window Month End], "(Set Type not found)", 0, 1) | R3: =tbl_MTG_Set[[#This Row],[Released On]]+tbl_MTG_Set[[#This Row],[Heavy Printing Window Month End]]*365.25/12 | S3: =AND(NOW()>=tbl_MTG_Set[[#This Row],[Heavy Printing Window Start]], NOW()<=tbl_MTG_Set[[#This Row],[Heavy Printing Window End]]) | T3: =_xlfn.xlookup(tbl_MTG_Set[[#This Row],[Type Name]], tbl_MTG_Set_Type[Set Type], tbl_MTG_Set_Type[Sell Window Month Start], "(Set Type not found)", 0, 1) | U3: =tbl_MTG_Set[[#This Row],[Released On]]+tbl_MTG_Set[[#This Row],[Sell Window Month Start]]*365.25/12 | V3: =_xlfn.xlookup(tbl_MTG_Set[[#This Row],[Type Name]], tbl_MTG_Set_Type[Set Type], tbl_MTG_Set_Type[Sell Window Month End], "(Set Type not found)", 0, 1) | W3: =tbl_MTG_Set[[#This Row],[Released On]]+tbl_MTG_Set[[#This Row],[Sell Window Month End]]*365.25/12 | X3: =AND(NOW()>=tbl_MTG_Set[[#This Row],[Sell Window Start]], NOW()<=tbl_MTG_Set[[#This Row],[Sell Window End]]) | AJ3: {=IF(ISERROR(MIN(_xlfn._xlws.filter(tbl_Sourcing[Source Unit Cost], (tbl_Sourcing[Product Id]=tbl_MTG_Set[[#This Row],[Play Booster Box Product Id]])*(tbl_Sourcing[Active]=TRUE())))), "", MIN(_xlfn._xlws.filter(tbl_Sourcing[Source Unit Cost], (tbl_Sourcing[Product Id]=tbl_MTG_Set[[#This Row],[Play Booster Box Product Id]])*(tbl_Sourcing[Active]=TRUE()))))} | AK3: {=IF(ISERROR(INDEX(_xlfn._xlws.filter(tbl_Sourcing[Source Name], (tbl_Sourcing[Product Id]=tbl_MTG_Set[[#This Row],[Play Booster Box Product Id]])*(tbl_Sourcing[Active]=TRUE())*(tbl_Sourcing[Source Unit Cost]=tbl_MTG_Set[[#This Row],[Play Booster Box Cost]])), 1)), "", INDEX(_xlfn._xlws.filter(tbl_Sourcing[Source Name], (tbl_Sourcing[Product Id]=tbl_MTG_Set[[#This Row],[Play Booster Box Product Id]])*(tbl_Sourcing[Active]=TRUE())*(tbl_Sourcing[Source Unit Cost]=tbl_MTG_Set[[#This Row],[Play Booster Box Cost]])), 1))} | AL3: =_xlfn.xlookup(tbl_MTG_Set[[#This Row],[Play Booster Box Product Id]], tbl_Product[Product Id], tbl_Product[Pack Size]) | AM3: =(tbl_MTG_Set[[#This Row],[Play Booster Box Cost]]+v_Item_Shipping_Cost_In)/tbl_MTG_Set[[#This Row],[Play Booster Box Size]] | AT3: =tbl_MTG_Set[[#This Row],[Play Booster Sell Price CardMarket]]*tbl_MTG_Set[[#This Row],[Play Booster Expected Market Value]]/tbl_MTG_Set[[#This Row],[Play Boost Sealed Market Value]]
A4: 519 | B4: 2016 Heroes of the Realm PHTR | C4: 3 | D4: 42998 | F4: en es fr de it pt ja ko ru 汉语 漢語 | G4: 984 | H4: =MONTH(NOW())+12*YEAR(NOW())-MONTH(tbl_MTG_Set[[#This Row],[Released On]])-12*YEAR(tbl_MTG_Set[[#This Row],[Released On]]) | I4: =_xlfn.xlookup(tbl_MTG_Set[[#This Row],[Type Name]], tbl_MTG_Set_Type[Set Type], tbl_MTG_Set_Type[Index], "(Set Type not found)") | J4: =_xlfn.xlookup(tbl_MTG_Set[[#This Row],[Type Name]], tbl_MTG_Set_Type[Set Type], tbl_MTG_Set_Type[Buy Window Month Start], "(Set Type not found)") | K4: =tbl_MTG_Set[[#This Row],[Released On]]+tbl_MTG_Set[[#This Row],[Buy Window Month Start]]*365.25/12 | L4: =_xlfn.xlookup(tbl_MTG_Set[[#This Row],[Type Name]], tbl_MTG_Set_Type[Set Type], tbl_MTG_Set_Type[Buy Window Month End], "(Set Type not found)", 0, 1) | M4: =tbl_MTG_Set[[#This Row],[Released On]]+tbl_MTG_Set[[#This Row],[Buy Window Month End]]*365.25/12 | N4: =AND(NOW()>=tbl_MTG_Set[[#This Row],[Buy Window Start]], NOW()<=tbl_MTG_Set[[#This Row],[Buy Window End]]) | O4: =_xlfn.xlookup(tbl_MTG_Set[[#This Row],[Type Name]], tbl_MTG_Set_Type[Set Type], tbl_MTG_Set_Type[Heavy Printing Window Month Start], "(Set Type not found)", 0, 1) | P4: =tbl_MTG_Set[[#This Row],[Released On]]+tbl_MTG_Set[[#This Row],[Heavy Printing Window Month Start]]*365.25/12 | Q4: =_xlfn.xlookup(tbl_MTG_Set[[#This Row],[Type Name]], tbl_MTG_Set_Type[Set Type], tbl_MTG_Set_Type[Heavy Printing Window Month End], "(Set Type not found)", 0, 1) | R4: =tbl_MTG_Set[[#This Row],[Released On]]+tbl_MTG_Set[[#This Row],[Heavy Printing Window Month End]]*365.25/12 | S4: =AND(NOW()>=tbl_MTG_Set[[#This Row],[Heavy Printing Window Start]], NOW()<=tbl_MTG_Set[[#This Row],[Heavy Printing Window End]]) | T4: =_xlfn.xlookup(tbl_MTG_Set[[#This Row],[Type Name]], tbl_MTG_Set_Type[Set Type], tbl_MTG_Set_Type[Sell Window Month Start], "(Set Type not found)", 0, 1) | U4: =tbl_MTG_Set[[#This Row],[Released On]]+tbl_MTG_Set[[#This Row],[Sell Window Month Start]]*365.25/12 | V4: =_xlfn.xlookup(tbl_MTG_Set[[#This Row],[Type Name]], tbl_MTG_Set_Type[Set Type], tbl_MTG_Set_Type[Sell Window Month End], "(Set Type not found)", 0, 1) | W4: =tbl_MTG_Set[[#This Row],[Released On]]+tbl_MTG_Set[[#This Row],[Sell Window Month End]]*365.25/12 | X4: =AND(NOW()>=tbl_MTG_Set[[#This Row],[Sell Window Start]], NOW()<=tbl_MTG_Set[[#This Row],[Sell Window End]]) | AJ4: {=IF(ISERROR(MIN(_xlfn._xlws.filter(tbl_Sourcing[Source Unit Cost], (tbl_Sourcing[Product Id]=tbl_MTG_Set[[#This Row],[Play Booster Box Product Id]])*(tbl_Sourcing[Active]=TRUE())))), "", MIN(_xlfn._xlws.filter(tbl_Sourcing[Source Unit Cost], (tbl_Sourcing[Product Id]=tbl_MTG_Set[[#This Row],[Play Booster Box Product Id]])*(tbl_Sourcing[Active]=TRUE()))))} | AK4: {=IF(ISERROR(INDEX(_xlfn._xlws.filter(tbl_Sourcing[Source Name], (tbl_Sourcing[Product Id]=tbl_MTG_Set[[#This Row],[Play Booster Box Product Id]])*(tbl_Sourcing[Active]=TRUE())*(tbl_Sourcing[Source Unit Cost]=tbl_MTG_Set[[#This Row],[Play Booster Box Cost]])), 1)), "", INDEX(_xlfn._xlws.filter(tbl_Sourcing[Source Name], (tbl_Sourcing[Product Id]=tbl_MTG_Set[[#This Row],[Play Booster Box Product Id]])*(tbl_Sourcing[Active]=TRUE())*(tbl_Sourcing[Source Unit Cost]=tbl_MTG_Set[[#This Row],[Play Booster Box Cost]])), 1))} | AL4: =_xlfn.xlookup(tbl_MTG_Set[[#This Row],[Play Booster Box Product Id]], tbl_Product[Product Id], tbl_Product[Pack Size]) | AM4: =(tbl_MTG_Set[[#This Row],[Play Booster Box Cost]]+v_Item_Shipping_Cost_In)/tbl_MTG_Set[[#This Row],[Play Booster Box Size]] | AT4: =tbl_MTG_Set[[#This Row],[Play Booster Sell Price CardMarket]]*tbl_MTG_Set[[#This Row],[Play Booster Expected Market Value]]/tbl_MTG_Set[[#This Row],[Play Boost Sealed Market Value]]
A5: 512 | B5: 2017 Gift Pack G17 | C5: 5 | D5: 43028 | F5: en es fr de it pt ja ko ru 汉语 漢語 | G5: 970 | H5: =MONTH(NOW())+12*YEAR(NOW())-MONTH(tbl_MTG_Set[[#This Row],[Released On]])-12*YEAR(tbl_MTG_Set[[#This Row],[Released On]]) | I5: =_xlfn.xlookup(tbl_MTG_Set[[#This Row],[Type Name]], tbl_MTG_Set_Type[Set Type], tbl_MTG_Set_Type[Index], "(Set Type not found)") | J5: =_xlfn.xlookup(tbl_MTG_Set[[#This Row],[Type Name]], tbl_MTG_Set_Type[Set Type], tbl_MTG_Set_Type[Buy Window Month Start], "(Set Type not found)") | K5: =tbl_MTG_Set[[#This Row],[Released On]]+tbl_MTG_Set[[#This Row],[Buy Window Month Start]]*365.25/12 | L5: =_xlfn.xlookup(tbl_MTG_Set[[#This Row],[Type Name]], tbl_MTG_Set_Type[Set Type], tbl_MTG_Set_Type[Buy Window Month End], "(Set Type not found)", 0, 1) | M5: =tbl_MTG_Set[[#This Row],[Released On]]+tbl_MTG_Set[[#This Row],[Buy Window Month End]]*365.25/12 | N5: =AND(NOW()>=tbl_MTG_Set[[#This Row],[Buy Window Start]], NOW()<=tbl_MTG_Set[[#This Row],[Buy Window End]]) | O5: =_xlfn.xlookup(tbl_MTG_Set[[#This Row],[Type Name]], tbl_MTG_Set_Type[Set Type], tbl_MTG_Set_Type[Heavy Printing Window Month Start], "(Set Type not found)", 0, 1) | P5: =tbl_MTG_Set[[#This Row],[Released On]]+tbl_MTG_Set[[#This Row],[Heavy Printing Window Month Start]]*365.25/12 | Q5: =_xlfn.xlookup(tbl_MTG_Set[[#This Row],[Type Name]], tbl_MTG_Set_Type[Set Type], tbl_MTG_Set_Type[Heavy Printing Window Month End], "(Set Type not found)", 0, 1) | R5: =tbl_MTG_Set[[#This Row],[Released On]]+tbl_MTG_Set[[#This Row],[Heavy Printing Window Month End]]*365.25/12 | S5: =AND(NOW()>=tbl_MTG_Set[[#This Row],[Heavy Printing Window Start]], NOW()<=tbl_MTG_Set[[#This Row],[Heavy Printing Window End]]) | T5: =_xlfn.xlookup(tbl_MTG_Set[[#This Row],[Type Name]], tbl_MTG_Set_Type[Set Type], tbl_MTG_Set_Type[Sell Window Month Start], "(Set Type not found)", 0, 1) | U5: =tbl_MTG_Set[[#This Row],[Released On]]+tbl_MTG_Set[[#This Row],[Sell Window Month Start]]*365.25/12 | V5: =_xlfn.xlookup(tbl_MTG_Set[[#This Row],[Type Name]], tbl_MTG_Set_Type[Set Type], tbl_MTG_Set_Type[Sell Window Month End], "(Set Type not found)", 0, 1) | W5: =tbl_MTG_Set[[#This Row],[Released On]]+tbl_MTG_Set[[#This Row],[Sell Window Month End]]*365.25/12 | X5: =AND(NOW()>=tbl_MTG_Set[[#This Row],[Sell Window Start]], NOW()<=tbl_MTG_Set[[#This Row],[Sell Window End]]) | AJ5: {=IF(ISERROR(MIN(_xlfn._xlws.filter(tbl_Sourcing[Source Unit Cost], (tbl_Sourcing[Product Id]=tbl_MTG_Set[[#This Row],[Play Booster Box Product Id]])*(tbl_Sourcing[Active]=TRUE())))), "", MIN(_xlfn._xlws.filter(tbl_Sourcing[Source Unit Cost], (tbl_Sourcing[Product Id]=tbl_MTG_Set[[#This Row],[Play Booster Box Product Id]])*(tbl_Sourcing[Active]=TRUE()))))} | AK5: {=IF(ISERROR(INDEX(_xlfn._xlws.filter(tbl_Sourcing[Source Name], (tbl_Sourcing[Product Id]=tbl_MTG_Set[[#This Row],[Play Booster Box Product Id]])*(tbl_Sourcing[Active]=TRUE())*(tbl_Sourcing[Source Unit Cost]=tbl_MTG_Set[[#This Row],[Play Booster Box Cost]])), 1)), "", INDEX(_xlfn._xlws.filter(tbl_Sourcing[Source Name], (tbl_Sourcing[Product Id]=tbl_MTG_Set[[#This Row],[Play Booster Box Product Id]])*(tbl_Sourcing[Active]=TRUE())*(tbl_Sourcing[Source Unit Cost]=tbl_MTG_Set[[#This Row],[Play Booster Box Cost]])), 1))} | AL5: =_xlfn.xlookup(tbl_MTG_Set[[#This Row],[Play Booster Box Product Id]], tbl_Product[Product Id], tbl_Product[Pack Size]) | AM5: =(tbl_MTG_Set[[#This Row],[Play Booster Box Cost]]+v_Item_Shipping_Cost_In)/tbl_MTG_Set[[#This Row],[Play Booster Box Size]] | AT5: =tbl_MTG_Set[[#This Row],[Play Booster Sell Price CardMarket]]*tbl_MTG_Set[[#This Row],[Play Booster Expected Market Value]]/tbl_MTG_Set[[#This Row],[Play Boost Sealed Market Value]]
A6: 469 | B6: 2017 Heroes of the Realm PH17 | C6: 3 | D6: 43313 | F6: en es fr de it pt ja ko ru 汉语 漢語 | G6: 884 | H6: =MONTH(NOW())+12*YEAR(NOW())-MONTH(tbl_MTG_Set[[#This Row],[Released On]])-12*YEAR(tbl_MTG_Set[[#This Row],[Released On]]) | I6: =_xlfn.xlookup(tbl_MTG_Set[[#This Row],[Type Name]], tbl_MTG_Set_Type[Set Type], tbl_MTG_Set_Type[Index], "(Set Type not found)") | J6: =_xlfn.xlookup(tbl_MTG_Set[[#This Row],[Type Name]], tbl_MTG_Set_Type[Set Type], tbl_MTG_Set_Type[Buy Window Month Start], "(Set Type not found)") | K6: =tbl_MTG_Set[[#This Row],[Released On]]+tbl_MTG_Set[[#This Row],[Buy Window Month Start]]*365.25/12 | L6: =_xlfn.xlookup(tbl_MTG_Set[[#This Row],[Type Name]], tbl_MTG_Set_Type[Set Type], tbl_MTG_Set_Type[Buy Window Month End], "(Set Type not found)", 0, 1) | M6: =tbl_MTG_Set[[#This Row],[Released On]]+tbl_MTG_Set[[#This Row],[Buy Window Month End]]*365.25/12 | N6: =AND(NOW()>=tbl_MTG_Set[[#This Row],[Buy Window Start]], NOW()<=tbl_MTG_Set[[#This Row],[Buy Window End]]) | O6: =_xlfn.xlookup(tbl_MTG_Set[[#This Row],[Type Name]], tbl_MTG_Set_Type[Set Type], tbl_MTG_Set_Type[Heavy Printing Window Month Start], "(Set Type not found)", 0, 1) | P6: =tbl_MTG_Set[[#This Row],[Released On]]+tbl_MTG_Set[[#This Row],[Heavy Printing Window Month Start]]*365.25/12 | Q6: =_xlfn.xlookup(tbl_MTG_Set[[#This Row],[Type Name]], tbl_MTG_Set_Type[Set Type], tbl_MTG_Set_Type[Heavy Printing Window Month End], "(Set Type not found)", 0, 1) | R6: =tbl_MTG_Set[[#This Row],[Released On]]+tbl_MTG_Set[[#This Row],[Heavy Printing Window Month End]]*365.25/12 | S6: =AND(NOW()>=tbl_MTG_Set[[#This Row],[Heavy Printing Window Start]], NOW()<=tbl_MTG_Set[[#This Row],[Heavy Printing Window End]]) | T6: =_xlfn.xlookup(tbl_MTG_Set[[#This Row],[Type Name]], tbl_MTG_Set_Type[Set Type], tbl_MTG_Set_Type[Sell Window Month Start], "(Set Type not found)", 0, 1) | U6: =tbl_MTG_Set[[#This Row],[Released On]]+tbl_MTG_Set[[#This Row],[Sell Window Month Start]]*365.25/12 | V6: =_xlfn.xlookup(tbl_MTG_Set[[#This Row],[Type Name]], tbl_MTG_Set_Type[Set Type], tbl_MTG_Set_Type[Sell Window Month End], "(Set Type not found)", 0, 1) | W6: =tbl_MTG_Set[[#This Row],[Released On]]+tbl_MTG_Set[[#This Row],[Sell Window Month End]]*365.25/12 | X6: =AND(NOW()>=tbl_MTG_Set[[#This Row],[Sell Window Start]], NOW()<=tbl_MTG_Set[[#This Row],[Sell Window End]]) | AJ6: {=IF(ISERROR(MIN(_xlfn._xlws.filter(tbl_Sourcing[Source Unit Cost], (tbl_Sourcing[Product Id]=tbl_MTG_Set[[#This Row],[Play Booster Box Product Id]])*(tbl_Sourcing[Active]=TRUE())))), "", MIN(_xlfn._xlws.filter(tbl_Sourcing[Source Unit Cost], (tbl_Sourcing[Product Id]=tbl_MTG_Set[[#This Row],[Play Booster Box Product Id]])*(tbl_Sourcing[Active]=TRUE()))))} | AK6: {=IF(ISERROR(INDEX(_xlfn._xlws.filter(tbl_Sourcing[Source Name], (tbl_Sourcing[Product Id]=tbl_MTG_Set[[#This Row],[Play Booster Box Product Id]])*(tbl_Sourcing[Active]=TRUE())*(tbl_Sourcing[Source Unit Cost]=tbl_MTG_Set[[#This Row],[Play Booster Box Cost]])), 1)), "", INDEX(_xlfn._xlws.filter(tbl_Sourcing[Source Name], (tbl_Sourcing[Product Id]=tbl_MTG_Set[[#This Row],[Play Booster Box Product Id]])*(tbl_Sourcing[Active]=TRUE())*(tbl_Sourcing[Source Unit Cost]=tbl_MTG_Set[[#This Row],[Play Booster Box Cost]])), 1))} | AL6: =_xlfn.xlookup(tbl_MTG_Set[[#This Row],[Play Booster Box Product Id]], tbl_Product[Product Id], tbl_Product[Pack Size]) | AM6: =(tbl_MTG_Set[[#This Row],[Play Booster Box Cost]]+v_Item_Shipping_Cost_In)/tbl_MTG_Set[[#This Row],[Play Booster Box Size]] | AT6: =tbl_MTG_Set[[#This Row],[Play Booster Sell Price CardMarket]]*tbl_MTG_Set[[#This Row],[Play Booster Expected Market Value]]/tbl_MTG_Set[[#This Row],[Play Boost Sealed Market Value]]
A7: 431 | B7: 2018 Heroes of the Realm PH18 | C7: 5 | D7: 43678 | F7: en es fr de it pt ja ko ru 汉语 漢語 | G7: 808 | H7: =MONTH(NOW())+12*YEAR(NOW())-MONTH(tbl_MTG_Set[[#This Row],[Released On]])-12*YEAR(tbl_MTG_Set[[#This Row],[Released On]]) | I7: =_xlfn.xlookup(tbl_MTG_Set[[#This Row],[Type Name]], tbl_MTG_Set_Type[Set Type], tbl_MTG_Set_Type[Index], "(Set Type not found)") | J7: =_xlfn.xlookup(tbl_MTG_Set[[#This Row],[Type Name]], tbl_MTG_Set_Type[Set Type], tbl_MTG_Set_Type[Buy Window Month Start], "(Set Type not found)") | K7: =tbl_MTG_Set[[#This Row],[Released On]]+tbl_MTG_Set[[#This Row],[Buy Window Month Start]]*365.25/12 | L7: =_xlfn.xlookup(tbl_MTG_Set[[#This Row],[Type Name]], tbl_MTG_Set_Type[Set Type], tbl_MTG_Set_Type[Buy Window Month End], "(Set Type not found)", 0, 1) | M7: =tbl_MTG_Set[[#This Row],[Released On]]+tbl_MTG_Set[[#This Row],[Buy Window Month End]]*365.25/12 | N7: =AND(NOW()>=tbl_MTG_Set[[#This Row],[Buy Window Start]], NOW()<=tbl_MTG_Set[[#This Row],[Buy Window End]]) | O7: =_xlfn.xlookup(tbl_MTG_Set[[#This Row],[Type Name]], tbl_MTG_Set_Type[Set Type], tbl_MTG_Set_Type[Heavy Printing Window Month Start], "(Set Type not found)", 0, 1) | P7: =tbl_MTG_Set[[#This Row],[Released On]]+tbl_MTG_Set[[#This Row],[Heavy Printing Window Month Start]]*365.25/12 | Q7: =_xlfn.xlookup(tbl_MTG_Set[[#This Row],[Type Name]], tbl_MTG_Set_Type[Set Type], tbl_MTG_Set_Type[Heavy Printing Window Month End], "(Set Type not found)", 0, 1) | R7: =tbl_MTG_Set[[#This Row],[Released On]]+tbl_MTG_Set[[#This Row],[Heavy Printing Window Month End]]*365.25/12 | S7: =AND(NOW()>=tbl_MTG_Set[[#This Row],[Heavy Printing Window Start]], NOW()<=tbl_MTG_Set[[#This Row],[Heavy Printing Window End]]) | T7: =_xlfn.xlookup(tbl_MTG_Set[[#This Row],[Type Name]], tbl_MTG_Set_Type[Set Type], tbl_MTG_Set_Type[Sell Window Month Start], "(Set Type not found)", 0, 1) | U7: =tbl_MTG_Set[[#This Row],[Released On]]+tbl_MTG_Set[[#This Row],[Sell Window Month Start]]*365.25/12 | V7: =_xlfn.xlookup(tbl_MTG_Set[[#This Row],[Type Name]], tbl_MTG_Set_Type[Set Type], tbl_MTG_Set_Type[Sell Window Month End], "(Set Type not found)", 0, 1) | W7: =tbl_MTG_Set[[#This Row],[Released On]]+tbl_MTG_Set[[#This Row],[Sell Window Month End]]*365.25/12 | X7: =AND(NOW()>=tbl_MTG_Set[[#This Row],[Sell Window Start]], NOW()<=tbl_MTG_Set[[#This Row],[Sell Window End]]) | AJ7: {=IF(ISERROR(MIN(_xlfn._xlws.filter(tbl_Sourcing[Source Unit Cost], (tbl_Sourcing[Product Id]=tbl_MTG_Set[[#This Row],[Play Booster Box Product Id]])*(tbl_Sourcing[Active]=TRUE())))), "", MIN(_xlfn._xlws.filter(tbl_Sourcing[Source Unit Cost], (tbl_Sourcing[Product Id]=tbl_MTG_Set[[#This Row],[Play Booster Box Product Id]])*(tbl_Sourcing[Active]=TRUE()))))} | AK7: {=IF(ISERROR(INDEX(_xlfn._xlws.filter(tbl_Sourcing[Source Name], (tbl_Sourcing[Product Id]=tbl_MTG_Set[[#This Row],[Play Booster Box Product Id]])*(tbl_Sourcing[Active]=TRUE())*(tbl_Sourcing[Source Unit Cost]=tbl_MTG_Set[[#This Row],[Play Booster Box Cost]])), 1)), "", INDEX(_xlfn._xlws.filter(tbl_Sourcing[Source Name], (tbl_Sourcing[Product Id]=tbl_MTG_Set[[#This Row],[Play Booster Box Product Id]])*(tbl_Sourcing[Active]=TRUE())*(tbl_Sourcing[Source Unit Cost]=tbl_MTG_Set[[#This Row],[Play Booster Box Cost]])), 1))} | AL7: =_xlfn.xlookup(tbl_MTG_Set[[#This Row],[Play Booster Box Product Id]], tbl_Product[Product Id], tbl_Product[Pack Size]) | AM7: =(tbl_MTG_Set[[#This Row],[Play Booster Box Cost]]+v_Item_Shipping_Cost_In)/tbl_MTG_Set[[#This Row],[Play Booster Box Size]] | AT7: =tbl_MTG_Set[[#This Row],[Play Booster Sell Price CardMarket]]*tbl_MTG_Set[[#This Row],[Play Booster Expected Market Value]]/tbl_MTG_Set[[#This Row],[Play Boost Sealed Market Value]]
A8: 387 | B8: 2019 Heroes of the Realm PH19 | C8: 7 | D8: 44044 | F8: en es fr de it pt ja ko ru 汉语 漢語 | G8: 720 | H8: =MONTH(NOW())+12*YEAR(NOW())-MONTH(tbl_MTG_Set[[#This Row],[Released On]])-12*YEAR(tbl_MTG_Set[[#This Row],[Released On]]) | I8: =_xlfn.xlookup(tbl_MTG_Set[[#This Row],[Type Name]], tbl_MTG_Set_Type[Set Type], tbl_MTG_Set_Type[Index], "(Set Type not found)") | J8: =_xlfn.xlookup(tbl_MTG_Set[[#This Row],[Type Name]], tbl_MTG_Set_Type[Set Type], tbl_MTG_Set_Type[Buy Window Month Start], "(Set Type not found)") | K8: =tbl_MTG_Set[[#This Row],[Released On]]+tbl_MTG_Set[[#This Row],[Buy Window Month Start]]*365.25/12 | L8: =_xlfn.xlookup(tbl_MTG_Set[[#This Row],[Type Name]], tbl_MTG_Set_Type[Set Type], tbl_MTG_Set_Type[Buy Window Month End], "(Set Type not found)", 0, 1) | M8: =tbl_MTG_Set[[#This Row],[Released On]]+tbl_MTG_Set[[#This Row],[Buy Window Month End]]*365.25/12 | N8: =AND(NOW()>=tbl_MTG_Set[[#This Row],[Buy Window Start]], NOW()<=tbl_MTG_Set[[#This Row],[Buy Window End]]) | O8: =_xlfn.xlookup(tbl_MTG_Set[[#This Row],[Type Name]], tbl_MTG_Set_Type[Set Type], tbl_MTG_Set_Type[Heavy Printing Window Month Start], "(Set Type not found)", 0, 1) | P8: =tbl_MTG_Set[[#This Row],[Released On]]+tbl_MTG_Set[[#This Row],[Heavy Printing Window Month Start]]*365.25/12 | Q8: =_xlfn.xlookup(tbl_MTG_Set[[#This Row],[Type Name]], tbl_MTG_Set_Type[Set Type], tbl_MTG_Set_Type[Heavy Printing Window Month End], "(Set Type not found)", 0, 1) | R8: =tbl_MTG_Set[[#This Row],[Released On]]+tbl_MTG_Set[[#This Row],[Heavy Printing Window Month End]]*365.25/12 | S8: =AND(NOW()>=tbl_MTG_Set[[#This Row],[Heavy Printing Window Start]], NOW()<=tbl_MTG_Set[[#This Row],[Heavy Printing Window End]]) | T8: =_xlfn.xlookup(tbl_MTG_Set[[#This Row],[Type Name]], tbl_MTG_Set_Type[Set Type], tbl_MTG_Set_Type[Sell Window Month Start], "(Set Type not found)", 0, 1) | U8: =tbl_MTG_Set[[#This Row],[Released On]]+tbl_MTG_Set[[#This Row],[Sell Window Month Start]]*365.25/12 | V8: =_xlfn.xlookup(tbl_MTG_Set[[#This Row],[Type Name]], tbl_MTG_Set_Type[Set Type], tbl_MTG_Set_Type[Sell Window Month End], "(Set Type not found)", 0, 1) | W8: =tbl_MTG_Set[[#This Row],[Released On]]+tbl_MTG_Set[[#This Row],[Sell Window Month End]]*365.25/12 | X8: =AND(NOW()>=tbl_MTG_Set[[#This Row],[Sell Window Start]], NOW()<=tbl_MTG_Set[[#This Row],[Sell Window End]]) | AJ8: {=IF(ISERROR(MIN(_xlfn._xlws.filter(tbl_Sourcing[Source Unit Cost], (tbl_Sourcing[Product Id]=tbl_MTG_Set[[#This Row],[Play Booster Box Product Id]])*(tbl_Sourcing[Active]=TRUE())))), "", MIN(_xlfn._xlws.filter(tbl_Sourcing[Source Unit Cost], (tbl_Sourcing[Product Id]=tbl_MTG_Set[[#This Row],[Play Booster Box Product Id]])*(tbl_Sourcing[Active]=TRUE()))))} | AK8: {=IF(ISERROR(INDEX(_xlfn._xlws.filter(tbl_Sourcing[Source Name], (tbl_Sourcing[Product Id]=tbl_MTG_Set[[#This Row],[Play Booster Box Product Id]])*(tbl_Sourcing[Active]=TRUE())*(tbl_Sourcing[Source Unit Cost]=tbl_MTG_Set[[#This Row],[Play Booster Box Cost]])), 1)), "", INDEX(_xlfn._xlws.filter(tbl_Sourcing[Source Name], (tbl_Sourcing[Product Id]=tbl_MTG_Set[[#This Row],[Play Booster Box Product Id]])*(tbl_Sourcing[Active]=TRUE())*(tbl_Sourcing[Source Unit Cost]=tbl_MTG_Set[[#This Row],[Play Booster Box Cost]])), 1))} | AL8: =_xlfn.xlookup(tbl_MTG_Set[[#This Row],[Play Booster Box Product Id]], tbl_Product[Product Id], tbl_Product[Pack Size]) | AM8: =(tbl_MTG_Set[[#This Row],[Play Booster Box Cost]]+v_Item_Shipping_Cost_In)/tbl_MTG_Set[[#This Row],[Play Booster Box Size]] | AT8: =tbl_MTG_Set[[#This Row],[Play Booster Sell Price CardMarket]]*tbl_MTG_Set[[#This Row],[Play Booster Expected Market Value]]/tbl_MTG_Set[[#This Row],[Play Boost Sealed Market Value]]
A9: 321 | B9: 2020 Heroes of the Realm PH20 | C9: 3 | D9: 44409 | F9: en es fr de it pt ja ko ru 汉语 漢語 | G9: 588 | H9: =MONTH(NOW())+12*YEAR(NOW())-MONTH(tbl_MTG_Set[[#This Row],[Released On]])-12*YEAR(tbl_MTG_Set[[#This Row],[Released On]]) | I9: =_xlfn.xlookup(tbl_MTG_Set[[#This Row],[Type Name]], tbl_MTG_Set_Type[Set Type], tbl_MTG_Set_Type[Index], "(Set Type not found)") | J9: =_xlfn.xlookup(tbl_MTG_Set[[#This Row],[Type Name]], tbl_MTG_Set_Type[Set Type], tbl_MTG_Set_Type[Buy Window Month Start], "(Set Type not found)") | K9: =tbl_MTG_Set[[#This Row],[Released On]]+tbl_MTG_Set[[#This Row],[Buy Window Month Start]]*365.25/12 | L9: =_xlfn.xlookup(tbl_MTG_Set[[#This Row],[Type Name]], tbl_MTG_Set_Type[Set Type], tbl_MTG_Set_Type[Buy Window Month End], "(Set Type not found)", 0, 1) | M9: =tbl_MTG_Set[[#This Row],[Released On]]+tbl_MTG_Set[[#This Row],[Buy Window Month End]]*365.25/12 | N9: =AND(NOW()>=tbl_MTG_Set[[#This Row],[Buy Window Start]], NOW()<=tbl_MTG_Set[[#This Row],[Buy Window End]]) | O9: =_xlfn.xlookup(tbl_MTG_Set[[#This Row],[Type Name]], tbl_MTG_Set_Type[Set Type], tbl_MTG_Set_Type[Heavy Printing Window Month Start], "(Set Type not found)", 0, 1) | P9: =tbl_MTG_Set[[#This Row],[Released On]]+tbl_MTG_Set[[#This Row],[Heavy Printing Window Month Start]]*365.25/12 | Q9: =_xlfn.xlookup(tbl_MTG_Set[[#This Row],[Type Name]], tbl_MTG_Set_Type[Set Type], tbl_MTG_Set_Type[Heavy Printing Window Month End], "(Set Type not found)", 0, 1) | R9: =tbl_MTG_Set[[#This Row],[Released On]]+tbl_MTG_Set[[#This Row],[Heavy Printing Window Month End]]*365.25/12 | S9: =AND(NOW()>=tbl_MTG_Set[[#This Row],[Heavy Printing Window Start]], NOW()<=tbl_MTG_Set[[#This Row],[Heavy Printing Window End]]) | T9: =_xlfn.xlookup(tbl_MTG_Set[[#This Row],[Type Name]], tbl_MTG_Set_Type[Set Type], tbl_MTG_Set_Type[Sell Window Month Start], "(Set Type not found)", 0, 1) | U9: =tbl_MTG_Set[[#This Row],[Released On]]+tbl_MTG_Set[[#This Row],[Sell Window Month Start]]*365.25/12 | V9: =_xlfn.xlookup(tbl_MTG_Set[[#This Row],[Type Name]], tbl_MTG_Set_Type[Set Type], tbl_MTG_Set_Type[Sell Window Month End], "(Set Type not found)", 0, 1) | W9: =tbl_MTG_Set[[#This Row],[Released On]]+tbl_MTG_Set[[#This Row],[Sell Window Month End]]*365.25/12 | X9: =AND(NOW()>=tbl_MTG_Set[[#This Row],[Sell Window Start]], NOW()<=tbl_MTG_Set[[#This Row],[Sell Window End]]) | AJ9: {=IF(ISERROR(MIN(_xlfn._xlws.filter(tbl_Sourcing[Source Unit Cost], (tbl_Sourcing[Product Id]=tbl_MTG_Set[[#This Row],[Play Booster Box Product Id]])*(tbl_Sourcing[Active]=TRUE())))), "", MIN(_xlfn._xlws.filter(tbl_Sourcing[Source Unit Cost], (tbl_Sourcing[Product Id]=tbl_MTG_Set[[#This Row],[Play Booster Box Product Id]])*(tbl_Sourcing[Active]=TRUE()))))} | AK9: {=IF(ISERROR(INDEX(_xlfn._xlws.filter(tbl_Sourcing[Source Name], (tbl_Sourcing[Product Id]=tbl_MTG_Set[[#This Row],[Play Booster Box Product Id]])*(tbl_Sourcing[Active]=TRUE())*(tbl_Sourcing[Source Unit Cost]=tbl_MTG_Set[[#This Row],[Play Booster Box Cost]])), 1)), "", INDEX(_xlfn._xlws.filter(tbl_Sourcing[Source Name], (tbl_Sourcing[Product Id]=tbl_MTG_Set[[#This Row],[Play Booster Box Product Id]])*(tbl_Sourcing[Active]=TRUE())*(tbl_Sourcing[Source Unit Cost]=tbl_MTG_Set[[#This Row],[Play Booster Box Cost]])), 1))} | AL9: =_xlfn.xlookup(tbl_MTG_Set[[#This Row],[Play Booster Box Product Id]], tbl_Product[Product Id], tbl_Product[Pack Size]) | AM9: =(tbl_MTG_Set[[#This Row],[Play Booster Box Cost]]+v_Item_Shipping_Cost_In)/tbl_MTG_Set[[#This Row],[Play Booster Box Size]] | AT9: =tbl_MTG_Set[[#This Row],[Play Booster Sell Price CardMarket]]*tbl_MTG_Set[[#This Row],[Play Booster Expected Market Value]]/tbl_MTG_Set[[#This Row],[Play Boost Sealed Market Value]]
A10: 259 | B10: 2021 Heroes of the Realm PH21 | C10: 4 | D10: 44774 | F10: en es fr de it pt ja ko ru 汉语 漢語 | G10: 464 | H10: =MONTH(NOW())+12*YEAR(NOW())-MONTH(tbl_MTG_Set[[#This Row],[Released On]])-12*YEAR(tbl_MTG_Set[[#This Row],[Released On]]) | I10: =_xlfn.xlookup(tbl_MTG_Set[[#This Row],[Type Name]], tbl_MTG_Set_Type[Set Type], tbl_MTG_Set_Type[Index], "(Set Type not found)") | J10: =_xlfn.xlookup(tbl_MTG_Set[[#This Row],[Type Name]], tbl_MTG_Set_Type[Set Type], tbl_MTG_Set_Type[Buy Window Month Start], "(Set Type not found)") | K10: =tbl_MTG_Set[[#This Row],[Released On]]+tbl_MTG_Set[[#This Row],[Buy Window Month Start]]*365.25/12 | L10: =_xlfn.xlookup(tbl_MTG_Set[[#This Row],[Type Name]], tbl_MTG_Set_Type[Set Type], tbl_MTG_Set_Type[Buy Window Month End], "(Set Type not found)", 0, 1) | M10: =tbl_MTG_Set[[#This Row],[Released On]]+tbl_MTG_Set[[#This Row],[Buy Window Month End]]*365.25/12 | N10: =AND(NOW()>=tbl_MTG_Set[[#This Row],[Buy Window Start]], NOW()<=tbl_MTG_Set[[#This Row],[Buy Window End]]) | O10: =_xlfn.xlookup(tbl_MTG_Set[[#This Row],[Type Name]], tbl_MTG_Set_Type[Set Type], tbl_MTG_Set_Type[Heavy Printing Window Month Start], "(Set Type not found)", 0, 1) | P10: =tbl_MTG_Set[[#This Row],[Released On]]+tbl_MTG_Set[[#This Row],[Heavy Printing Window Month Start]]*365.25/12 | Q10: =_xlfn.xlookup(tbl_MTG_Set[[#This Row],[Type Name]], tbl_MTG_Set_Type[Set Type], tbl_MTG_Set_Type[Heavy Printing Window Month End], "(Set Type not found)", 0, 1) | R10: =tbl_MTG_Set[[#This Row],[Released On]]+tbl_MTG_Set[[#This Row],[Heavy Printing Window Month End]]*365.25/12 | S10: =AND(NOW()>=tbl_MTG_Set[[#This Row],[Heavy Printing Window Start]], NOW()<=tbl_MTG_Set[[#This Row],[Heavy Printing Window End]]) | T10: =_xlfn.xlookup(tbl_MTG_Set[[#This Row],[Type Name]], tbl_MTG_Set_Type[Set Type], tbl_MTG_Set_Type[Sell Window Month Start], "(Set Type not found)", 0, 1) | U10: =tbl_MTG_Set[[#This Row],[Released On]]+tbl_MTG_Set[[#This Row],[Sell Window Month Start]]*365.25/12 | V10: =_xlfn.xlookup(tbl_MTG_Set[[#This Row],[Type Name]], tbl_MTG_Set_Type[Set Type], tbl_MTG_Set_Type[Sell Window Month End], "(Set Type not found)", 0, 1) | W10: =tbl_MTG_Set[[#This Row],[Released On]]+tbl_MTG_Set[[#This Row],[Sell Window Month End]]*365.25/12 | X10: =AND(NOW()>=tbl_MTG_Set[[#This Row],[Sell Window Start]], NOW()<=tbl_MTG_Set[[#This Row],[Sell Window End]]) | AJ10: {=IF(ISERROR(MIN(_xlfn._xlws.filter(tbl_Sourcing[Source Unit Cost], (tbl_Sourcing[Product Id]=tbl_MTG_Set[[#This Row],[Play Booster Box Product Id]])*(tbl_Sourcing[Active]=TRUE())))), "", MIN(_xlfn._xlws.filter(tbl_Sourcing[Source Unit Cost], (tbl_Sourcing[Product Id]=tbl_MTG_Set[[#This Row],[Play Booster Box Product Id]])*(tbl_Sourcing[Active]=TRUE()))))} | AK10: {=IF(ISERROR(INDEX(_xlfn._xlws.filter(tbl_Sourcing[Source Name], (tbl_Sourcing[Product Id]=tbl_MTG_Set[[#This Row],[Play Booster Box Product Id]])*(tbl_Sourcing[Active]=TRUE())*(tbl_Sourcing[Source Unit Cost]=tbl_MTG_Set[[#This Row],[Play Booster Box Cost]])), 1)), "", INDEX(_xlfn._xlws.filter(tbl_Sourcing[Source Name], (tbl_Sourcing[Product Id]=tbl_MTG_Set[[#This Row],[Play Booster Box Product Id]])*(tbl_Sourcing[Active]=TRUE())*(tbl_Sourcing[Source Unit Cost]=tbl_MTG_Set[[#This Row],[Play Booster Box Cost]])), 1))} | AL10: =_xlfn.xlookup(tbl_MTG_Set[[#This Row],[Play Booster Box Product Id]], tbl_Product[Product Id], tbl_Product[Pack Size]) | AM10: =(tbl_MTG_Set[[#This Row],[Play Booster Box Cost]]+v_Item_Shipping_Cost_In)/tbl_MTG_Set[[#This Row],[Play Booster Box Size]] | AT10: =tbl_MTG_Set[[#This Row],[Play Booster Sell Price CardMarket]]*tbl_MTG_Set[[#This Row],[Play Booster Expected Market Value]]/tbl_MTG_Set[[#This Row],[Play Boost Sealed Market Value]]
A11: 166 | B11: 2022 Heroes of the Realm PH22 | C11: 5 | D11: 45139 | F11: en es fr de it pt ja ko ru 汉语 漢語 | G11: 278 | H11: =MONTH(NOW())+12*YEAR(NOW())-MONTH(tbl_MTG_Set[[#This Row],[Released On]])-12*YEAR(tbl_MTG_Set[[#This Row],[Released On]]) | I11: =_xlfn.xlookup(tbl_MTG_Set[[#This Row],[Type Name]], tbl_MTG_Set_Type[Set Type], tbl_MTG_Set_Type[Index], "(Set Type not found)") | J11: =_xlfn.xlookup(tbl_MTG_Set[[#This Row],[Type Name]], tbl_MTG_Set_Type[Set Type], tbl_MTG_Set_Type[Buy Window Month Start], "(Set Type not found)") | K11: =tbl_MTG_Set[[#This Row],[Released On]]+tbl_MTG_Set[[#This Row],[Buy Window Month Start]]*365.25/12 | L11: =_xlfn.xlookup(tbl_MTG_Set[[#This Row],[Type Name]], tbl_MTG_Set_Type[Set Type], tbl_MTG_Set_Type[Buy Window Month End], "(Set Type not found)", 0, 1) | M11: =tbl_MTG_Set[[#This Row],[Released On]]+tbl_MTG_Set[[#This Row],[Buy Window Month End]]*365.25/12 | N11: =AND(NOW()>=tbl_MTG_Set[[#This Row],[Buy Window Start]], NOW()<=tbl_MTG_Set[[#This Row],[Buy Window End]]) | O11: =_xlfn.xlookup(tbl_MTG_Set[[#This Row],[Type Name]], tbl_MTG_Set_Type[Set Type], tbl_MTG_Set_Type[Heavy Printing Window Month Start], "(Set Type not found)", 0, 1) | P11: =tbl_MTG_Set[[#This Row],[Released On]]+tbl_MTG_Set[[#This Row],[Heavy Printing Window Month Start]]*365.25/12 | Q11: =_xlfn.xlookup(tbl_MTG_Set[[#This Row],[Type Name]], tbl_MTG_Set_Type[Set Type], tbl_MTG_Set_Type[Heavy Printing Window Month End], "(Set Type not found)", 0, 1) | R11: =tbl_MTG_Set[[#This Row],[Released On]]+tbl_MTG_Set[[#This Row],[Heavy Printing Window Month End]]*365.25/12 | S11: =AND(NOW()>=tbl_MTG_Set[[#This Row],[Heavy Printing Window Start]], NOW()<=tbl_MTG_Set[[#This Row],[Heavy Printing Window End]]) | T11: =_xlfn.xlookup(tbl_MTG_Set[[#This Row],[Type Name]], tbl_MTG_Set_Type[Set Type], tbl_MTG_Set_Type[Sell Window Month Start], "(Set Type not found)", 0, 1) | U11: =tbl_MTG_Set[[#This Row],[Released On]]+tbl_MTG_Set[[#This Row],[Sell Window Month Start]]*365.25/12 | V11: =_xlfn.xlookup(tbl_MTG_Set[[#This Row],[Type Name]], tbl_MTG_Set_Type[Set Type], tbl_MTG_Set_Type[Sell Window Month End], "(Set Type not found)", 0, 1) | W11: =tbl_MTG_Set[[#This Row],[Released On]]+tbl_MTG_Set[[#This Row],[Sell Window Month End]]*365.25/12 | X11: =AND(NOW()>=tbl_MTG_Set[[#This Row],[Sell Window Start]], NOW()<=tbl_MTG_Set[[#This Row],[Sell Window End]]) | AJ11: {=IF(ISERROR(MIN(_xlfn._xlws.filter(tbl_Sourcing[Source Unit Cost], (tbl_Sourcing[Product Id]=tbl_MTG_Set[[#This Row],[Play Booster Box Product Id]])*(tbl_Sourcing[Active]=TRUE())))), "", MIN(_xlfn._xlws.filter(tbl_Sourcing[Source Unit Cost], (tbl_Sourcing[Product Id]=tbl_MTG_Set[[#This Row],[Play Booster Box Product Id]])*(tbl_Sourcing[Active]=TRUE()))))} | AK11: {=IF(ISERROR(INDEX(_xlfn._xlws.filter(tbl_Sourcing[Source Name], (tbl_Sourcing[Product Id]=tbl_MTG_Set[[#This Row],[Play Booster Box Product Id]])*(tbl_Sourcing[Active]=TRUE())*(tbl_Sourcing[Source Unit Cost]=tbl_MTG_Set[[#This Row],[Play Booster Box Cost]])), 1)), "", INDEX(_xlfn._xlws.filter(tbl_Sourcing[Source Name], (tbl_Sourcing[Product Id]=tbl_MTG_Set[[#This Row],[Play Booster Box Product Id]])*(tbl_Sourcing[Active]=TRUE())*(tbl_Sourcing[Source Unit Cost]=tbl_MTG_Set[[#This Row],[Play Booster Box Cost]])), 1))} | AL11: =_xlfn.xlookup(tbl_MTG_Set[[#This Row],[Play Booster Box Product Id]], tbl_Product[Product Id], tbl_Product[Pack Size]) | AM11: =(tbl_MTG_Set[[#This Row],[Play Booster Box Cost]]+v_Item_Shipping_Cost_In)/tbl_MTG_Set[[#This Row],[Play Booster Box Size]] | AT11: =tbl_MTG_Set[[#This Row],[Play Booster Sell Price CardMarket]]*tbl_MTG_Set[[#This Row],[Play Booster Expected Market Value]]/tbl_MTG_Set[[#This Row],[Play Boost Sealed Market Value]]
A12: 27 | B12: 2023 Heroes of the Realm PH23 | C12: 1 | D12: 45893 | F12: en es fr de it pt ja ko ru 汉语 漢語 | G12: 28 | H12: =MONTH(NOW())+12*YEAR(NOW())-MONTH(tbl_MTG_Set[[#This Row],[Released On]])-12*YEAR(tbl_MTG_Set[[#This Row],[Released On]]) | I12: =_xlfn.xlookup(tbl_MTG_Set[[#This Row],[Type Name]], tbl_MTG_Set_Type[Set Type], tbl_MTG_Set_Type[Index], "(Set Type not found)") | J12: =_xlfn.xlookup(tbl_MTG_Set[[#This Row],[Type Name]], tbl_MTG_Set_Type[Set Type], tbl_MTG_Set_Type[Buy Window Month Start], "(Set Type not found)") | K12: =tbl_MTG_Set[[#This Row],[Released On]]+tbl_MTG_Set[[#This Row],[Buy Window Month Start]]*365.25/12 | L12: =_xlfn.xlookup(tbl_MTG_Set[[#This Row],[Type Name]], tbl_MTG_Set_Type[Set Type], tbl_MTG_Set_Type[Buy Window Month End], "(Set Type not found)", 0, 1) | M12: =tbl_MTG_Set[[#This Row],[Released On]]+tbl_MTG_Set[[#This Row],[Buy Window Month End]]*365.25/12 | N12: =AND(NOW()>=tbl_MTG_Set[[#This Row],[Buy Window Start]], NOW()<=tbl_MTG_Set[[#This Row],[Buy Window End]]) | O12: =_xlfn.xlookup(tbl_MTG_Set[[#This Row],[Type Name]], tbl_MTG_Set_Type[Set Type], tbl_MTG_Set_Type[Heavy Printing Window Month Start], "(Set Type not found)", 0, 1) | P12: =tbl_MTG_Set[[#This Row],[Released On]]+tbl_MTG_Set[[#This Row],[Heavy Printing Window Month Start]]*365.25/12 | Q12: =_xlfn.xlookup(tbl_MTG_Set[[#This Row],[Type Name]], tbl_MTG_Set_Type[Set Type], tbl_MTG_Set_Type[Heavy Printing Window Month End], "(Set Type not found)", 0, 1) | R12: =tbl_MTG_Set[[#This Row],[Released On]]+tbl_MTG_Set[[#This Row],[Heavy Printing Window Month End]]*365.25/12 | S12: =AND(NOW()>=tbl_MTG_Set[[#This Row],[Heavy Printing Window Start]], NOW()<=tbl_MTG_Set[[#This Row],[Heavy Printing Window End]]) | T12: =_xlfn.xlookup(tbl_MTG_Set[[#This Row],[Type Name]], tbl_MTG_Set_Type[Set Type], tbl_MTG_Set_Type[Sell Window Month Start], "(Set Type not found)", 0, 1) | U12: =tbl_MTG_Set[[#This Row],[Released On]]+tbl_MTG_Set[[#This Row],[Sell Window Month Start]]*365.25/12 | V12: =_xlfn.xlookup(tbl_MTG_Set[[#This Row],[Type Name]], tbl_MTG_Set_Type[Set Type], tbl_MTG_Set_Type[Sell Window Month End], "(Set Type not found)", 0, 1) | W12: =tbl_MTG_Set[[#This Row],[Released On]]+tbl_MTG_Set[[#This Row],[Sell Window Month End]]*365.25/12 | X12: =AND(NOW()>=tbl_MTG_Set[[#This Row],[Sell Window Start]], NOW()<=tbl_MTG_Set[[#This Row],[Sell Window End]]) | AJ12: {=IF(ISERROR(MIN(_xlfn._xlws.filter(tbl_Sourcing[Source Unit Cost], (tbl_Sourcing[Product Id]=tbl_MTG_Set[[#This Row],[Play Booster Box Product Id]])*(tbl_Sourcing[Active]=TRUE())))), "", MIN(_xlfn._xlws.filter(tbl_Sourcing[Source Unit Cost], (tbl_Sourcing[Product Id]=tbl_MTG_Set[[#This Row],[Play Booster Box Product Id]])*(tbl_Sourcing[Active]=TRUE()))))} | AK12: {=IF(ISERROR(INDEX(_xlfn._xlws.filter(tbl_Sourcing[Source Name], (tbl_Sourcing[Product Id]=tbl_MTG_Set[[#This Row],[Play Booster Box Product Id]])*(tbl_Sourcing[Active]=TRUE())*(tbl_Sourcing[Source Unit Cost]=tbl_MTG_Set[[#This Row],[Play Booster Box Cost]])), 1)), "", INDEX(_xlfn._xlws.filter(tbl_Sourcing[Source Name], (tbl_Sourcing[Product Id]=tbl_MTG_Set[[#This Row],[Play Booster Box Product Id]])*(tbl_Sourcing[Active]=TRUE())*(tbl_Sourcing[Source Unit Cost]=tbl_MTG_Set[[#This Row],[Play Booster Box Cost]])), 1))} | AL12: =_xlfn.xlookup(tbl_MTG_Set[[#This Row],[Play Booster Box Product Id]], tbl_Product[Product Id], tbl_Product[Pack Size]) | AM12: =(tbl_MTG_Set[[#This Row],[Play Booster Box Cost]]+v_Item_Shipping_Cost_In)/tbl_MTG_Set[[#This Row],[Play Booster Box Size]] | AT12: =tbl_MTG_Set[[#This Row],[Play Booster Sell Price CardMarket]]*tbl_MTG_Set[[#This Row],[Play Booster Expected Market Value]]/tbl_MTG_Set[[#This Row],[Play Boost Sealed Market Value]]
A13: 221 | B13: 30th Anniversary Celebration Tokyo P30T | C13: 2 | D13: 45170 | F13: en es fr de it pt ja ko ru 汉语 漢語 | G13: 388 | H13: =MONTH(NOW())+12*YEAR(NOW())-MONTH(tbl_MTG_Set[[#This Row],[Released On]])-12*YEAR(tbl_MTG_Set[[#This Row],[Released On]]) | I13: =_xlfn.xlookup(tbl_MTG_Set[[#This Row],[Type Name]], tbl_MTG_Set_Type[Set Type], tbl_MTG_Set_Type[Index], "(Set Type not found)") | J13: =_xlfn.xlookup(tbl_MTG_Set[[#This Row],[Type Name]], tbl_MTG_Set_Type[Set Type], tbl_MTG_Set_Type[Buy Window Month Start], "(Set Type not found)") | K13: =tbl_MTG_Set[[#This Row],[Released On]]+tbl_MTG_Set[[#This Row],[Buy Window Month Start]]*365.25/12 | L13: =_xlfn.xlookup(tbl_MTG_Set[[#This Row],[Type Name]], tbl_MTG_Set_Type[Set Type], tbl_MTG_Set_Type[Buy Window Month End], "(Set Type not found)", 0, 1) | M13: =tbl_MTG_Set[[#This Row],[Released On]]+tbl_MTG_Set[[#This Row],[Buy Window Month End]]*365.25/12 | N13: =AND(NOW()>=tbl_MTG_Set[[#This Row],[Buy Window Start]], NOW()<=tbl_MTG_Set[[#This Row],[Buy Window End]]) | O13: =_xlfn.xlookup(tbl_MTG_Set[[#This Row],[Type Name]], tbl_MTG_Set_Type[Set Type], tbl_MTG_Set_Type[Heavy Printing Window Month Start], "(Set Type not found)", 0, 1) | P13: =tbl_MTG_Set[[#This Row],[Released On]]+tbl_MTG_Set[[#This Row],[Heavy Printing Window Month Start]]*365.25/12 | Q13: =_xlfn.xlookup(tbl_MTG_Set[[#This Row],[Type Name]], tbl_MTG_Set_Type[Set Type], tbl_MTG_Set_Type[Heavy Printing Window Month End], "(Set Type not found)", 0, 1) | R13: =tbl_MTG_Set[[#This Row],[Released On]]+tbl_MTG_Set[[#This Row],[Heavy Printing Window Month End]]*365.25/12 | S13: =AND(NOW()>=tbl_MTG_Set[[#This Row],[Heavy Printing Window Start]], NOW()<=tbl_MTG_Set[[#This Row],[Heavy Printing Window End]]) | T13: =_xlfn.xlookup(tbl_MTG_Set[[#This Row],[Type Name]], tbl_MTG_Set_Type[Set Type], tbl_MTG_Set_Type[Sell Window Month Start], "(Set Type not found)", 0, 1) | U13: =tbl_MTG_Set[[#This Row],[Released On]]+tbl_MTG_Set[[#This Row],[Sell Window Month Start]]*365.25/12 | V13: =_xlfn.xlookup(tbl_MTG_Set[[#This Row],[Type Name]], tbl_MTG_Set_Type[Set Type], tbl_MTG_Set_Type[Sell Window Month End], "(Set Type not found)", 0, 1) | W13: =tbl_MTG_Set[[#This Row],[Released On]]+tbl_MTG_Set[[#This Row],[Sell Window Month End]]*365.25/12 | X13: =AND(NOW()>=tbl_MTG_Set[[#This Row],[Sell Window Start]], NOW()<=tbl_MTG_Set[[#This Row],[Sell Window End]]) | AJ13: {=IF(ISERROR(MIN(_xlfn._xlws.filter(tbl_Sourcing[Source Unit Cost], (tbl_Sourcing[Product Id]=tbl_MTG_Set[[#This Row],[Play Booster Box Product Id]])*(tbl_Sourcing[Active]=TRUE())))), "", MIN(_xlfn._xlws.filter(tbl_Sourcing[Source Unit Cost], (tbl_Sourcing[Product Id]=tbl_MTG_Set[[#This Row],[Play Booster Box Product Id]])*(tbl_Sourcing[Active]=TRUE()))))} | AK13: {=IF(ISERROR(INDEX(_xlfn._xlws.filter(tbl_Sourcing[Source Name], (tbl_Sourcing[Product Id]=tbl_MTG_Set[[#This Row],[Play Booster Box Product Id]])*(tbl_Sourcing[Active]=TRUE())*(tbl_Sourcing[Source Unit Cost]=tbl_MTG_Set[[#This Row],[Play Booster Box Cost]])), 1)), "", INDEX(_xlfn._xlws.filter(tbl_Sourcing[Source Name], (tbl_Sourcing[Product Id]=tbl_MTG_Set[[#This Row],[Play Booster Box Product Id]])*(tbl_Sourcing[Active]=TRUE())*(tbl_Sourcing[Source Unit Cost]=tbl_MTG_Set[[#This Row],[Play Booster Box Cost]])), 1))} | AL13: =_xlfn.xlookup(tbl_MTG_Set[[#This Row],[Play Booster Box Product Id]], tbl_Product[Product Id], tbl_Product[Pack Size]) | AM13: =(tbl_MTG_Set[[#This Row],[Play Booster Box Cost]]+v_Item_Shipping_Cost_In)/tbl_MTG_Set[[#This Row],[Play Booster Box Size]] | AT13: =tbl_MTG_Set[[#This Row],[Play Booster Sell Price CardMarket]]*tbl_MTG_Set[[#This Row],[Play Booster Expected Market Value]]/tbl_MTG_Set[[#This Row],[Play Boost Sealed Market Value]]
A14: 218 | B14: 30th Anniversary Edition 30A | C14: 594 | D14: 44893 | F14: en es fr de it pt ja ko ru 汉语 漢語 | G14: 382 | H14: =MONTH(NOW())+12*YEAR(NOW())-MONTH(tbl_MTG_Set[[#This Row],[Released On]])-12*YEAR(tbl_MTG_Set[[#This Row],[Released On]]) | I14: =_xlfn.xlookup(tbl_MTG_Set[[#This Row],[Type Name]], tbl_MTG_Set_Type[Set Type], tbl_MTG_Set_Type[Index], "(Set Type not found)") | J14: =_xlfn.xlookup(tbl_MTG_Set[[#This Row],[Type Name]], tbl_MTG_Set_Type[Set Type], tbl_MTG_Set_Type[Buy Window Month Start], "(Set Type not found)") | K14: =tbl_MTG_Set[[#This Row],[Released On]]+tbl_MTG_Set[[#This Row],[Buy Window Month Start]]*365.25/12 | L14: =_xlfn.xlookup(tbl_MTG_Set[[#This Row],[Type Name]], tbl_MTG_Set_Type[Set Type], tbl_MTG_Set_Type[Buy Window Month End], "(Set Type not found)", 0, 1) | M14: =tbl_MTG_Set[[#This Row],[Released On]]+tbl_MTG_Set[[#This Row],[Buy Window Month End]]*365.25/12 | N14: =AND(NOW()>=tbl_MTG_Set[[#This Row],[Buy Window Start]], NOW()<=tbl_MTG_Set[[#This Row],[Buy Window End]]) | O14: =_xlfn.xlookup(tbl_MTG_Set[[#This Row],[Type Name]], tbl_MTG_Set_Type[Set Type], tbl_MTG_Set_Type[Heavy Printing Window Month Start], "(Set Type not found)", 0, 1) | P14: =tbl_MTG_Set[[#This Row],[Released On]]+tbl_MTG_Set[[#This Row],[Heavy Printing Window Month Start]]*365.25/12 | Q14: =_xlfn.xlookup(tbl_MTG_Set[[#This Row],[Type Name]], tbl_MTG_Set_Type[Set Type], tbl_MTG_Set_Type[Heavy Printing Window Month End], "(Set Type not found)", 0, 1) | R14: =tbl_MTG_Set[[#This Row],[Released On]]+tbl_MTG_Set[[#This Row],[Heavy Printing Window Month End]]*365.25/12 | S14: =AND(NOW()>=tbl_MTG_Set[[#This Row],[Heavy Printing Window Start]], NOW()<=tbl_MTG_Set[[#This Row],[Heavy Printing Window End]]) | T14: =_xlfn.xlookup(tbl_MTG_Set[[#This Row],[Type Name]], tbl_MTG_Set_Type[Set Type], tbl_MTG_Set_Type[Sell Window Month Start], "(Set Type not found)", 0, 1) | U14: =tbl_MTG_Set[[#This Row],[Released On]]+tbl_MTG_Set[[#This Row],[Sell Window Month Start]]*365.25/12 | V14: =_xlfn.xlookup(tbl_MTG_Set[[#This Row],[Type Name]], tbl_MTG_Set_Type[Set Type], tbl_MTG_Set_Type[Sell Window Month End], "(Set Type not found)", 0, 1) | W14: =tbl_MTG_Set[[#This Row],[Released On]]+tbl_MTG_Set[[#This Row],[Sell Window Month End]]*365.25/12 | X14: =AND(NOW()>=tbl_MTG_Set[[#This Row],[Sell Window Start]], NOW()<=tbl_MTG_Set[[#This Row],[Sell Window End]]) | AJ14: {=IF(ISERROR(MIN(_xlfn._xlws.filter(tbl_Sourcing[Source Unit Cost], (tbl_Sourcing[Product Id]=tbl_MTG_Set[[#This Row],[Play Booster Box Product Id]])*(tbl_Sourcing[Active]=TRUE())))), "", MIN(_xlfn._xlws.filter(tbl_Sourcing[Source Unit Cost], (tbl_Sourcing[Product Id]=tbl_MTG_Set[[#This Row],[Play Booster Box Product Id]])*(tbl_Sourcing[Active]=TRUE()))))} | AK14: {=IF(ISERROR(INDEX(_xlfn._xlws.filter(tbl_Sourcing[Source Name], (tbl_Sourcing[Product Id]=tbl_MTG_Set[[#This Row],[Play Booster Box Product Id]])*(tbl_Sourcing[Active]=TRUE())*(tbl_Sourcing[Source Unit Cost]=tbl_MTG_Set[[#This Row],[Play Booster Box Cost]])), 1)), "", INDEX(_xlfn._xlws.filter(tbl_Sourcing[Source Name], (tbl_Sourcing[Product Id]=tbl_MTG_Set[[#This Row],[Play Booster Box Product Id]])*(tbl_Sourcing[Active]=TRUE())*(tbl_Sourcing[Source Unit Cost]=tbl_MTG_Set[[#This Row],[Play Booster Box Cost]])), 1))} | AL14: =_xlfn.xlookup(tbl_MTG_Set[[#This Row],[Play Booster Box Product Id]], tbl_Product[Product Id], tbl_Product[Pack Size]) | AM14: =(tbl_MTG_Set[[#This Row],[Play Booster Box Cost]]+v_Item_Shipping_Cost_In)/tbl_MTG_Set[[#This Row],[Play Booster Box Size]] | AT14: =tbl_MTG_Set[[#This Row],[Play Booster Sell Price CardMarket]]*tbl_MTG_Set[[#This Row],[Play Booster Expected Market Value]]/tbl_MTG_Set[[#This Row],[Play Boost Sealed Market Value]]
... A26: 545 | B26: Aether Revolt Tokens TAER | C26: 4 | D26: 42755 | F26: en es fr de it pt ja ko ru 汉语 漢語 | G26: 1036 | H26: =MONTH(NOW())+12*YEAR(NOW())-MONTH(tbl_MTG_Set[[#This Row],[Released On]])-12*YEAR(tbl_MTG_Set[[#This Row],[Released On]]) | I26: =_xlfn.xlookup(tbl_MTG_Set[[#This Row],[Type Name]], tbl_MTG_Set_Type[Set Type], tbl_MTG_Set_Type[Index], "(Set Type not found)") | J26: =_xlfn.xlookup(tbl_MTG_Set[[#This Row],[Type Name]], tbl_MTG_Set_Type[Set Type], tbl_MTG_Set_Type[Buy Window Month Start], "(Set Type not found)") | K26: =tbl_MTG_Set[[#This Row],[Released On]]+tbl_MTG_Set[[#This Row],[Buy Window Month Start]]*365.25/12 | L26: =_xlfn.xlookup(tbl_MTG_Set[[#This Row],[Type Name]], tbl_MTG_Set_Type[Set Type], tbl_MTG_Set_Type[Buy Window Month End], "(Set Type not found)", 0, 1) | M26: =tbl_MTG_Set[[#This Row],[Released On]]+tbl_MTG_Set[[#This Row],[Buy Window Month End]]*365.25/12 | N26: =AND(NOW()>=tbl_MTG_Set[[#This Row],[Buy Window Start]], NOW()<=tbl_MTG_Set[[#This Row],[Buy Window End]]) | O26: =_xlfn.xlookup(tbl_MTG_Set[[#This Row],[Type Name]], tbl_MTG_Set_Type[Set Type], tbl_MTG_Set_Type[Heavy Printing Window Month Start], "(Set Type not found)", 0, 1) | P26: =tbl_MTG_Set[[#This Row],[Released On]]+tbl_MTG_Set[[#This Row],[Heavy Printing Window Month Start]]*365.25/12 | Q26: =_xlfn.xlookup(tbl_MTG_Set[[#This Row],[Type Name]], tbl_MTG_Set_Type[Set Type], tbl_MTG_Set_Type[Heavy Printing Window Month End], "(Set Type not found)", 0, 1) | R26: =tbl_MTG_Set[[#This Row],[Released On]]+tbl_MTG_Set[[#This Row],[Heavy Printing Window Month End]]*365.25/12 | S26: =AND(NOW()>=tbl_MTG_Set[[#This Row],[Heavy Printing Window Start]], NOW()<=tbl_MTG_Set[[#This Row],[Heavy Printing Window End]]) | T26: =_xlfn.xlookup(tbl_MTG_Set[[#This Row],[Type Name]], tbl_MTG_Set_Type[Set Type], tbl_MTG_Set_Type[Sell Window Month Start], "(Set Type not found)", 0, 1) | U26: =tbl_MTG_Set[[#This Row],[Released On]]+tbl_MTG_Set[[#This Row],[Sell Window Month Start]]*365.25/12 | V26: =_xlfn.xlookup(tbl_MTG_Set[[#This Row],[Type Name]], tbl_MTG_Set_Type[Set Type], tbl_MTG_Set_Type[Sell Window Month End], "(Set Type not found)", 0, 1) | W26: =tbl_MTG_Set[[#This Row],[Released On]]+tbl_MTG_Set[[#This Row],[Sell Window Month End]]*365.25/12 | X26: =AND(NOW()>=tbl_MTG_Set[[#This Row],[Sell Window Start]], NOW()<=tbl_MTG_Set[[#This Row],[Sell Window End]]) | AJ26: {=IF(ISERROR(MIN(_xlfn._xlws.filter(tbl_Sourcing[Source Unit Cost], (tbl_Sourcing[Product Id]=tbl_MTG_Set[[#This Row],[Play Booster Box Product Id]])*(tbl_Sourcing[Active]=TRUE())))), "", MIN(_xlfn._xlws.filter(tbl_Sourcing[Source Unit Cost], (tbl_Sourcing[Product Id]=tbl_MTG_Set[[#This Row],[Play Booster Box Product Id]])*(tbl_Sourcing[Active]=TRUE()))))} | AK26: {=IF(ISERROR(INDEX(_xlfn._xlws.filter(tbl_Sourcing[Source Name], (tbl_Sourcing[Product Id]=tbl_MTG_Set[[#This Row],[Play Booster Box Product Id]])*(tbl_Sourcing[Active]=TRUE())*(tbl_Sourcing[Source Unit Cost]=tbl_MTG_Set[[#This Row],[Play Booster Box Cost]])), 1)), "", INDEX(_xlfn._xlws.filter(tbl_Sourcing[Source Name], (tbl_Sourcing[Product Id]=tbl_MTG_Set[[#This Row],[Play Booster Box Product Id]])*(tbl_Sourcing[Active]=TRUE())*(tbl_Sourcing[Source Unit Cost]=tbl_MTG_Set[[#This Row],[Play Booster Box Cost]])), 1))} | AL26: =_xlfn.xlookup(tbl_MTG_Set[[#This Row],[Play Booster Box Product Id]], tbl_Product[Product Id], tbl_Product[Pack Size]) | AM26: =(tbl_MTG_Set[[#This Row],[Play Booster Box Cost]]+v_Item_Shipping_Cost_In)/tbl_MTG_Set[[#This Row],[Play Booster Box Size]] | AT26: =tbl_MTG_Set[[#This Row],[Play Booster Sell Price CardMarket]]*tbl_MTG_Set[[#This Row],[Play Booster Expected Market Value]]/tbl_MTG_Set[[#This Row],[Play Boost Sealed Market Value]]
A27: 62 | B27: Aetherdrift Art Series ADFT | C27: 54 | D27: 45702 | E27: Standard Expansion | F27: en es fr de it pt ja ko ru 汉语 漢語 | G27: 70 | H27: =MONTH(NOW())+12*YEAR(NOW())-MONTH(tbl_MTG_Set[[#This Row],[Released On]])-12*YEAR(tbl_MTG_Set[[#This Row],[Released On]]) | I27: =_xlfn.xlookup(tbl_MTG_Set[[#This Row],[Type Name]], tbl_MTG_Set_Type[Set Type], tbl_MTG_Set_Type[Index], "(Set Type not found)") | J27: =_xlfn.xlookup(tbl_MTG_Set[[#This Row],[Type Name]], tbl_MTG_Set_Type[Set Type], tbl_MTG_Set_Type[Buy Window Month Start], "(Set Type not found)") | K27: =tbl_MTG_Set[[#This Row],[Released On]]+tbl_MTG_Set[[#This Row],[Buy Window Month Start]]*365.25/12 | L27: =_xlfn.xlookup(tbl_MTG_Set[[#This Row],[Type Name]], tbl_MTG_Set_Type[Set Type], tbl_MTG_Set_Type[Buy Window Month End], "(Set Type not found)", 0, 1) | M27: =tbl_MTG_Set[[#This Row],[Released On]]+tbl_MTG_Set[[#This Row],[Buy Window Month End]]*365.25/12 | N27: =AND(NOW()>=tbl_MTG_Set[[#This Row],[Buy Window Start]], NOW()<=tbl_MTG_Set[[#This Row],[Buy Window End]]) | O27: =_xlfn.xlookup(tbl_MTG_Set[[#This Row],[Type Name]], tbl_MTG_Set_Type[Set Type], tbl_MTG_Set_Type[Heavy Printing Window Month Start], "(Set Type not found)", 0, 1) | P27: =tbl_MTG_Set[[#This Row],[Released On]]+tbl_MTG_Set[[#This Row],[Heavy Printing Window Month Start]]*365.25/12 | Q27: =_xlfn.xlookup(tbl_MTG_Set[[#This Row],[Type Name]], tbl_MTG_Set_Type[Set Type], tbl_MTG_Set_Type[Heavy Printing Window Month End], "(Set Type not found)", 0, 1) | R27: =tbl_MTG_Set[[#This Row],[Released On]]+tbl_MTG_Set[[#This Row],[Heavy Printing Window Month End]]*365.25/12 | S27: =AND(NOW()>=tbl_MTG_Set[[#This Row],[Heavy Printing Window Start]], NOW()<=tbl_MTG_Set[[#This Row],[Heavy Printing Window End]]) | T27: =_xlfn.xlookup(tbl_MTG_Set[[#This Row],[Type Name]], tbl_MTG_Set_Type[Set Type], tbl_MTG_Set_Type[Sell Window Month Start], "(Set Type not found)", 0, 1) | U27: =tbl_MTG_Set[[#This Row],[Released On]]+tbl_MTG_Set[[#This Row],[Sell Window Month Start]]*365.25/12 | V27: =_xlfn.xlookup(tbl_MTG_Set[[#This Row],[Type Name]], tbl_MTG_Set_Type[Set Type], tbl_MTG_Set_Type[Sell Window Month End], "(Set Type not found)", 0, 1) | W27: =tbl_MTG_Set[[#This Row],[Released On]]+tbl_MTG_Set[[#This Row],[Sell Window Month End]]*365.25/12 | X27: =AND(NOW()>=tbl_MTG_Set[[#This Row],[Sell Window Start]], NOW()<=tbl_MTG_Set[[#This Row],[Sell Window End]]) | AJ27: {=IF(ISERROR(MIN(_xlfn._xlws.filter(tbl_Sourcing[Source Unit Cost], (tbl_Sourcing[Product Id]=tbl_MTG_Set[[#This Row],[Play Booster Box Product Id]])*(tbl_Sourcing[Active]=TRUE())))), "", MIN(_xlfn._xlws.filter(tbl_Sourcing[Source Unit Cost], (tbl_Sourcing[Product Id]=tbl_MTG_Set[[#This Row],[Play Booster Box Product Id]])*(tbl_Sourcing[Active]=TRUE()))))} | AK27: {=IF(ISERROR(INDEX(_xlfn._xlws.filter(tbl_Sourcing[Source Name], (tbl_Sourcing[Product Id]=tbl_MTG_Set[[#This Row],[Play Booster Box Product Id]])*(tbl_Sourcing[Active]=TRUE())*(tbl_Sourcing[Source Unit Cost]=tbl_MTG_Set[[#This Row],[Play Booster Box Cost]])), 1)), "", INDEX(_xlfn._xlws.filter(tbl_Sourcing[Source Name], (tbl_Sourcing[Product Id]=tbl_MTG_Set[[#This Row],[Play Booster Box Product Id]])*(tbl_Sourcing[Active]=TRUE())*(tbl_Sourcing[Source Unit Cost]=tbl_MTG_Set[[#This Row],[Play Booster Box Cost]])), 1))} | AL27: =_xlfn.xlookup(tbl_MTG_Set[[#This Row],[Play Booster Box Product Id]], tbl_Product[Product Id], tbl_Product[Pack Size]) | AM27: =(tbl_MTG_Set[[#This Row],[Play Booster Box Cost]]+v_Item_Shipping_Cost_In)/tbl_MTG_Set[[#This Row],[Play Booster Box Size]] | AT27: =tbl_MTG_Set[[#This Row],[Play Booster Sell Price CardMarket]]*tbl_MTG_Set[[#This Row],[Play Booster Expected Market Value]]/tbl_MTG_Set[[#This Row],[Play Boost Sealed Market Value]]
A28: 63 | B28: Aetherdrift Commander DRC | C28: 184 | D28: 45702 | E28: Commander | F28: en es fr de it pt ja ko ru 汉语 漢語 | G28: 72 | H28: =MONTH(NOW())+12*YEAR(NOW())-MONTH(tbl_MTG_Set[[#This Row],[Released On]])-12*YEAR(tbl_MTG_Set[[#This Row],[Released On]]) | I28: =_xlfn.xlookup(tbl_MTG_Set[[#This Row],[Type Name]], tbl_MTG_Set_Type[Set Type], tbl_MTG_Set_Type[Index], "(Set Type not found)") | J28: =_xlfn.xlookup(tbl_MTG_Set[[#This Row],[Type Name]], tbl_MTG_Set_Type[Set Type], tbl_MTG_Set_Type[Buy Window Month Start], "(Set Type not found)") | K28: =tbl_MTG_Set[[#This Row],[Released On]]+tbl_MTG_Set[[#This Row],[Buy Window Month Start]]*365.25/12 | L28: =_xlfn.xlookup(tbl_MTG_Set[[#This Row],[Type Name]], tbl_MTG_Set_Type[Set Type], tbl_MTG_Set_Type[Buy Window Month End], "(Set Type not found)", 0, 1) | M28: =tbl_MTG_Set[[#This Row],[Released On]]+tbl_MTG_Set[[#This Row],[Buy Window Month End]]*365.25/12 | N28: =AND(NOW()>=tbl_MTG_Set[[#This Row],[Buy Window Start]], NOW()<=tbl_MTG_Set[[#This Row],[Buy Window End]]) | O28: =_xlfn.xlookup(tbl_MTG_Set[[#This Row],[Type Name]], tbl_MTG_Set_Type[Set Type], tbl_MTG_Set_Type[Heavy Printing Window Month Start], "(Set Type not found)", 0, 1) | P28: =tbl_MTG_Set[[#This Row],[Released On]]+tbl_MTG_Set[[#This Row],[Heavy Printing Window Month Start]]*365.25/12 | Q28: =_xlfn.xlookup(tbl_MTG_Set[[#This Row],[Type Name]], tbl_MTG_Set_Type[Set Type], tbl_MTG_Set_Type[Heavy Printing Window Month End], "(Set Type not found)", 0, 1) | R28: =tbl_MTG_Set[[#This Row],[Released On]]+tbl_MTG_Set[[#This Row],[Heavy Printing Window Month End]]*365.25/12 | S28: =AND(NOW()>=tbl_MTG_Set[[#This Row],[Heavy Printing Window Start]], NOW()<=tbl_MTG_Set[[#This Row],[Heavy Printing Window End]]) | T28: =_xlfn.xlookup(tbl_MTG_Set[[#This Row],[Type Name]], tbl_MTG_Set_Type[Set Type], tbl_MTG_Set_Type[Sell Window Month Start], "(Set Type not found)", 0, 1) | U28: =tbl_MTG_Set[[#This Row],[Released On]]+tbl_MTG_Set[[#This Row],[Sell Window Month Start]]*365.25/12 | V28: =_xlfn.xlookup(tbl_MTG_Set[[#This Row],[Type Name]], tbl_MTG_Set_Type[Set Type], tbl_MTG_Set_Type[Sell Window Month End], "(Set Type not found)", 0, 1) | W28: =tbl_MTG_Set[[#This Row],[Released On]]+tbl_MTG_Set[[#This Row],[Sell Window Month End]]*365.25/12 | X28: =AND(NOW()>=tbl_MTG_Set[[#This Row],[Sell Window Start]], NOW()<=tbl_MTG_Set[[#This Row],[Sell Window End]]) | AJ28: {=IF(ISERROR(MIN(_xlfn._xlws.filter(tbl_Sourcing[Source Unit Cost], (tbl_Sourcing[Product Id]=tbl_MTG_Set[[#This Row],[Play Booster Box Product Id]])*(tbl_Sourcing[Active]=TRUE())))), "", MIN(_xlfn._xlws.filter(tbl_Sourcing[Source Unit Cost], (tbl_Sourcing[Product Id]=tbl_MTG_Set[[#This Row],[Play Booster Box Product Id]])*(tbl_Sourcing[Active]=TRUE()))))} | AK28: {=IF(ISERROR(INDEX(_xlfn._xlws.filter(tbl_Sourcing[Source Name], (tbl_Sourcing[Product Id]=tbl_MTG_Set[[#This Row],[Play Booster Box Product Id]])*(tbl_Sourcing[Active]=TRUE())*(tbl_Sourcing[Source Unit Cost]=tbl_MTG_Set[[#This Row],[Play Booster Box Cost]])), 1)), "", INDEX(_xlfn._xlws.filter(tbl_Sourcing[Source Name], (tbl_Sourcing[Product Id]=tbl_MTG_Set[[#This Row],[Play Booster Box Product Id]])*(tbl_Sourcing[Active]=TRUE())*(tbl_Sourcing[Source Unit Cost]=tbl_MTG_Set[[#This Row],[Play Booster Box Cost]])), 1))} | AL28: =_xlfn.xlookup(tbl_MTG_Set[[#This Row],[Play Booster Box Product Id]], tbl_Product[Product Id], tbl_Product[Pack Size]) | AM28: =(tbl_MTG_Set[[#This Row],[Play Booster Box Cost]]+v_Item_Shipping_Cost_In)/tbl_MTG_Set[[#This Row],[Play Booster Box Size]] | AT28: =tbl_MTG_Set[[#This Row],[Play Booster Sell Price CardMarket]]*tbl_MTG_Set[[#This Row],[Play Booster Expected Market Value]]/tbl_MTG_Set[[#This Row],[Play Boost Sealed Market Value]]
A29: 64 | B29: Aetherdrift Commander Tokens TDRC | C29: 17 | D29: 45702 | E29: Commander | F29: en es fr de it pt ja ko ru 汉语 漢語 | G29: 74 | H29: =MONTH(NOW())+12*YEAR(NOW())-MONTH(tbl_MTG_Set[[#This Row],[Released On]])-12*YEAR(tbl_MTG_Set[[#This Row],[Released On]]) | I29: =_xlfn.xlookup(tbl_MTG_Set[[#This Row],[Type Name]], tbl_MTG_Set_Type[Set Type], tbl_MTG_Set_Type[Index], "(Set Type not found)") | J29: =_xlfn.xlookup(tbl_MTG_Set[[#This Row],[Type Name]], tbl_MTG_Set_Type[Set Type], tbl_MTG_Set_Type[Buy Window Month Start], "(Set Type not found)") | K29: =tbl_MTG_Set[[#This Row],[Released On]]+tbl_MTG_Set[[#This Row],[Buy Window Month Start]]*365.25/12 | L29: =_xlfn.xlookup(tbl_MTG_Set[[#This Row],[Type Name]], tbl_MTG_Set_Type[Set Type], tbl_MTG_Set_Type[Buy Window Month End], "(Set Type not found)", 0, 1) | M29: =tbl_MTG_Set[[#This Row],[Released On]]+tbl_MTG_Set[[#This Row],[Buy Window Month End]]*365.25/12 | N29: =AND(NOW()>=tbl_MTG_Set[[#This Row],[Buy Window Start]], NOW()<=tbl_MTG_Set[[#This Row],[Buy Window End]]) | O29: =_xlfn.xlookup(tbl_MTG_Set[[#This Row],[Type Name]], tbl_MTG_Set_Type[Set Type], tbl_MTG_Set_Type[Heavy Printing Window Month Start], "(Set Type not found)", 0, 1) | P29: =tbl_MTG_Set[[#This Row],[Released On]]+tbl_MTG_Set[[#This Row],[Heavy Printing Window Month Start]]*365.25/12 | Q29: =_xlfn.xlookup(tbl_MTG_Set[[#This Row],[Type Name]], tbl_MTG_Set_Type[Set Type], tbl_MTG_Set_Type[Heavy Printing Window Month End], "(Set Type not found)", 0, 1) | R29: =tbl_MTG_Set[[#This Row],[Released On]]+tbl_MTG_Set[[#This Row],[Heavy Printing Window Month End]]*365.25/12 | S29: =AND(NOW()>=tbl_MTG_Set[[#This Row],[Heavy Printing Window Start]], NOW()<=tbl_MTG_Set[[#This Row],[Heavy Printing Window End]]) | T29: =_xlfn.xlookup(tbl_MTG_Set[[#This Row],[Type Name]], tbl_MTG_Set_Type[Set Type], tbl_MTG_Set_Type[Sell Window Month Start], "(Set Type not found)", 0, 1) | U29: =tbl_MTG_Set[[#This Row],[Released On]]+tbl_MTG_Set[[#This Row],[Sell Window Month Start]]*365.25/12 | V29: =_xlfn.xlookup(tbl_MTG_Set[[#This Row],[Type Name]], tbl_MTG_Set_Type[Set Type], tbl_MTG_Set_Type[Sell Window Month End], "(Set Type not found)", 0, 1) | W29: =tbl_MTG_Set[[#This Row],[Released On]]+tbl_MTG_Set[[#This Row],[Sell Window Month End]]*365.25/12 | X29: =AND(NOW()>=tbl_MTG_Set[[#This Row],[Sell Window Start]], NOW()<=tbl_MTG_Set[[#This Row],[Sell Window End]]) | AJ29: {=IF(ISERROR(MIN(_xlfn._xlws.filter(tbl_Sourcing[Source Unit Cost], (tbl_Sourcing[Product Id]=tbl_MTG_Set[[#This Row],[Play Booster Box Product Id]])*(tbl_Sourcing[Active]=TRUE())))), "", MIN(_xlfn._xlws.filter(tbl_Sourcing[Source Unit Cost], (tbl_Sourcing[Product Id]=tbl_MTG_Set[[#This Row],[Play Booster Box Product Id]])*(tbl_Sourcing[Active]=TRUE()))))} | AK29: {=IF(ISERROR(INDEX(_xlfn._xlws.filter(tbl_Sourcing[Source Name], (tbl_Sourcing[Product Id]=tbl_MTG_Set[[#This Row],[Play Booster Box Product Id]])*(tbl_Sourcing[Active]=TRUE())*(tbl_Sourcing[Source Unit Cost]=tbl_MTG_Set[[#This Row],[Play Booster Box Cost]])), 1)), "", INDEX(_xlfn._xlws.filter(tbl_Sourcing[Source Name], (tbl_Sourcing[Product Id]=tbl_MTG_Set[[#This Row],[Play Booster Box Product Id]])*(tbl_Sourcing[Active]=TRUE())*(tbl_Sourcing[Source Unit Cost]=tbl_MTG_Set[[#This Row],[Play Booster Box Cost]])), 1))} | AL29: =_xlfn.xlookup(tbl_MTG_Set[[#This Row],[Play Booster Box Product Id]], tbl_Product[Product Id], tbl_Product[Pack Size]) | AM29: =(tbl_MTG_Set[[#This Row],[Play Booster Box Cost]]+v_Item_Shipping_Cost_In)/tbl_MTG_Set[[#This Row],[Play Booster Box Size]] | AT29: =tbl_MTG_Set[[#This Row],[Play Booster Sell Price CardMarket]]*tbl_MTG_Set[[#This Row],[Play Booster Expected Market Value]]/tbl_MTG_Set[[#This Row],[Play Boost Sealed Market Value]]
A30: 334 | B30: Modern Horizons 2 MH2 | C30: 494 | D30: 44365 | F30: en es fr de it pt ja ko ru 汉语 漢語 | G30: 614 | H30: =MONTH(NOW())+12*YEAR(NOW())-MONTH(tbl_MTG_Set[[#This Row],[Released On]])-12*YEAR(tbl_MTG_Set[[#This Row],[Released On]]) | I30: =_xlfn.xlookup(tbl_MTG_Set[[#This Row],[Type Name]], tbl_MTG_Set_Type[Set Type], tbl_MTG_Set_Type[Index], "(Set Type not found)") | J30: =_xlfn.xlookup(tbl_MTG_Set[[#This Row],[Type Name]], tbl_MTG_Set_Type[Set Type], tbl_MTG_Set_Type[Buy Window Month Start], "(Set Type not found)") | K30: =tbl_MTG_Set[[#This Row],[Released On]]+tbl_MTG_Set[[#This Row],[Buy Window Month Start]]*365.25/12 | L30: =_xlfn.xlookup(tbl_MTG_Set[[#This Row],[Type Name]], tbl_MTG_Set_Type[Set Type], tbl_MTG_Set_Type[Buy Window Month End], "(Set Type not found)", 0, 1) | M30: =tbl_MTG_Set[[#This Row],[Released On]]+tbl_MTG_Set[[#This Row],[Buy Window Month End]]*365.25/12 | N30: =AND(NOW()>=tbl_MTG_Set[[#This Row],[Buy Window Start]], NOW()<=tbl_MTG_Set[[#This Row],[Buy Window End]]) | O30: =_xlfn.xlookup(tbl_MTG_Set[[#This Row],[Type Name]], tbl_MTG_Set_Type[Set Type], tbl_MTG_Set_Type[Heavy Printing Window Month Start], "(Set Type not found)", 0, 1) | P30: =tbl_MTG_Set[[#This Row],[Released On]]+tbl_MTG_Set[[#This Row],[Heavy Printing Window Month Start]]*365.25/12 | Q30: =_xlfn.xlookup(tbl_MTG_Set[[#This Row],[Type Name]], tbl_MTG_Set_Type[Set Type], tbl_MTG_Set_Type[Heavy Printing Window Month End], "(Set Type not found)", 0, 1) | R30: =tbl_MTG_Set[[#This Row],[Released On]]+tbl_MTG_Set[[#This Row],[Heavy Printing Window Month End]]*365.25/12 | S30: =AND(NOW()>=tbl_MTG_Set[[#This Row],[Heavy Printing Window Start]], NOW()<=tbl_MTG_Set[[#This Row],[Heavy Printing Window End]]) | T30: =_xlfn.xlookup(tbl_MTG_Set[[#This Row],[Type Name]], tbl_MTG_Set_Type[Set Type], tbl_MTG_Set_Type[Sell Window Month Start], "(Set Type not found)", 0, 1) | U30: =tbl_MTG_Set[[#This Row],[Released On]]+tbl_MTG_Set[[#This Row],[Sell Window Month Start]]*365.25/12 | V30: =_xlfn.xlookup(tbl_MTG_Set[[#This Row],[Type Name]], tbl_MTG_Set_Type[Set Type], tbl_MTG_Set_Type[Sell Window Month End], "(Set Type not found)", 0, 1) | W30: =tbl_MTG_Set[[#This Row],[Released On]]+tbl_MTG_Set[[#This Row],[Sell Window Month End]]*365.25/12 | X30: =AND(NOW()>=tbl_MTG_Set[[#This Row],[Sell Window Start]], NOW()<=tbl_MTG_Set[[#This Row],[Sell Window End]]) | Y30: 300 | Z30: 219 | AD30: =(Y30+96/10)/36 | AE30: =(Z30+96/20)/36 | AI30: 46 | AJ30: {=IF(ISERROR(MIN(_xlfn._xlws.filter(tbl_Sourcing[Source Unit Cost], (tbl_Sourcing[Product Id]=tbl_MTG_Set[[#This Row],[Play Booster Box Product Id]])*(tbl_Sourcing[Active]=TRUE())))), "", MIN(_xlfn._xlws.filter(tbl_Sourcing[Source Unit Cost], (tbl_Sourcing[Product Id]=tbl_MTG_Set[[#This Row],[Play Booster Box Product Id]])*(tbl_Sourcing[Active]=TRUE()))))} | AK30: {=IF(ISERROR(INDEX(_xlfn._xlws.filter(tbl_Sourcing[Source Name], (tbl_Sourcing[Product Id]=tbl_MTG_Set[[#This Row],[Play Booster Box Product Id]])*(tbl_Sourcing[Active]=TRUE())*(tbl_Sourcing[Source Unit Cost]=tbl_MTG_Set[[#This Row],[Play Booster Box Cost]])), 1)), "", INDEX(_xlfn._xlws.filter(tbl_Sourcing[Source Name], (tbl_Sourcing[Product Id]=tbl_MTG_Set[[#This Row],[Play Booster Box Product Id]])*(tbl_Sourcing[Active]=TRUE())*(tbl_Sourcing[Source Unit Cost]=tbl_MTG_Set[[#This Row],[Play Booster Box Cost]])), 1))} | AL30: =_xlfn.xlookup(tbl_MTG_Set[[#This Row],[Play Booster Box Product Id]], tbl_Product[Product Id], tbl_Product[Pack Size]) | AM30: =(tbl_MTG_Set[[#This Row],[Play Booster Box Cost]]+v_Item_Shipping_Cost_In)/tbl_MTG_Set[[#This Row],[Play Booster Box Size]] | AN30: 12 | AO30: 12 | AP30: =IF(ISERROR(tbl_MTG_Set[[#This Row],[Play Booster Sell Price CardMarket]]-tbl_MTG_Set[[#This Row],[Play Booster Cost]]-v_Item_Shipping_Cost_Out), -999, tbl_MTG_Set[[#This Row],[Play Booster Sell Price CardMarket]]-tbl_MTG_Set[[#This Row],[Play Booster Cost]]-v_Item_Shipping_Cost_Out) | AQ30: https://www.mtgstocks.com/sets/363-modern-horizons-2#ev | AT30: =tbl_MTG_Set[[#This Row],[Play Booster Sell Price CardMarket]]*tbl_MTG_Set[[#This Row],[Play Booster Expected Market Value]]/tbl_MTG_Set[[#This Row],[Play Boost Sealed Market Value]]
A31: 59 | B31: Aetherdrift Promos PDFT | C31: 160 | D31: 45702 | E31: Standard Expansion | F31: en es fr de it pt ja ko ru 汉语 漢語 | G31: 64 | H31: =MONTH(NOW())+12*YEAR(NOW())-MONTH(tbl_MTG_Set[[#This Row],[Released On]])-12*YEAR(tbl_MTG_Set[[#This Row],[Released On]]) | I31: =_xlfn.xlookup(tbl_MTG_Set[[#This Row],[Type Name]], tbl_MTG_Set_Type[Set Type], tbl_MTG_Set_Type[Index], "(Set Type not found)") | J31: =_xlfn.xlookup(tbl_MTG_Set[[#This Row],[Type Name]], tbl_MTG_Set_Type[Set Type], tbl_MTG_Set_Type[Buy Window Month Start], "(Set Type not found)") | K31: =tbl_MTG_Set[[#This Row],[Released On]]+tbl_MTG_Set[[#This Row],[Buy Window Month Start]]*365.25/12 | L31: =_xlfn.xlookup(tbl_MTG_Set[[#This Row],[Type Name]], tbl_MTG_Set_Type[Set Type], tbl_MTG_Set_Type[Buy Window Month End], "(Set Type not found)", 0, 1) | M31: =tbl_MTG_Set[[#This Row],[Released On]]+tbl_MTG_Set[[#This Row],[Buy Window Month End]]*365.25/12 | N31: =AND(NOW()>=tbl_MTG_Set[[#This Row],[Buy Window Start]], NOW()<=tbl_MTG_Set[[#This Row],[Buy Window End]]) | O31: =_xlfn.xlookup(tbl_MTG_Set[[#This Row],[Type Name]], tbl_MTG_Set_Type[Set Type], tbl_MTG_Set_Type[Heavy Printing Window Month Start], "(Set Type not found)", 0, 1) | P31: =tbl_MTG_Set[[#This Row],[Released On]]+tbl_MTG_Set[[#This Row],[Heavy Printing Window Month Start]]*365.25/12 | Q31: =_xlfn.xlookup(tbl_MTG_Set[[#This Row],[Type Name]], tbl_MTG_Set_Type[Set Type], tbl_MTG_Set_Type[Heavy Printing Window Month End], "(Set Type not found)", 0, 1) | R31: =tbl_MTG_Set[[#This Row],[Released On]]+tbl_MTG_Set[[#This Row],[Heavy Printing Window Month End]]*365.25/12 | S31: =AND(NOW()>=tbl_MTG_Set[[#This Row],[Heavy Printing Window Start]], NOW()<=tbl_MTG_Set[[#This Row],[Heavy Printing Window End]]) | T31: =_xlfn.xlookup(tbl_MTG_Set[[#This Row],[Type Name]], tbl_MTG_Set_Type[Set Type], tbl_MTG_Set_Type[Sell Window Month Start], "(Set Type not found)", 0, 1) | U31: =tbl_MTG_Set[[#This Row],[Released On]]+tbl_MTG_Set[[#This Row],[Sell Window Month Start]]*365.25/12 | V31: =_xlfn.xlookup(tbl_MTG_Set[[#This Row],[Type Name]], tbl_MTG_Set_Type[Set Type], tbl_MTG_Set_Type[Sell Window Month End], "(Set Type not found)", 0, 1) | W31: =tbl_MTG_Set[[#This Row],[Released On]]+tbl_MTG_Set[[#This Row],[Sell Window Month End]]*365.25/12 | X31: =AND(NOW()>=tbl_MTG_Set[[#This Row],[Sell Window Start]], NOW()<=tbl_MTG_Set[[#This Row],[Sell Window End]]) | AJ31: {=IF(ISERROR(MIN(_xlfn._xlws.filter(tbl_Sourcing[Source Unit Cost], (tbl_Sourcing[Product Id]=tbl_MTG_Set[[#This Row],[Play Booster Box Product Id]])*(tbl_Sourcing[Active]=TRUE())))), "", MIN(_xlfn._xlws.filter(tbl_Sourcing[Source Unit Cost], (tbl_Sourcing[Product Id]=tbl_MTG_Set[[#This Row],[Play Booster Box Product Id]])*(tbl_Sourcing[Active]=TRUE()))))} | AK31: {=IF(ISERROR(INDEX(_xlfn._xlws.filter(tbl_Sourcing[Source Name], (tbl_Sourcing[Product Id]=tbl_MTG_Set[[#This Row],[Play Booster Box Product Id]])*(tbl_Sourcing[Active]=TRUE())*(tbl_Sourcing[Source Unit Cost]=tbl_MTG_Set[[#This Row],[Play Booster Box Cost]])), 1)), "", INDEX(_xlfn._xlws.filter(tbl_Sourcing[Source Name], (tbl_Sourcing[Product Id]=tbl_MTG_Set[[#This Row],[Play Booster Box Product Id]])*(tbl_Sourcing[Active]=TRUE())*(tbl_Sourcing[Source Unit Cost]=tbl_MTG_Set[[#This Row],[Play Booster Box Cost]])), 1))} | AL31: =_xlfn.xlookup(tbl_MTG_Set[[#This Row],[Play Booster Box Product Id]], tbl_Product[Product Id], tbl_Product[Pack Size]) | AM31: =(tbl_MTG_Set[[#This Row],[Play Booster Box Cost]]+v_Item_Shipping_Cost_In)/tbl_MTG_Set[[#This Row],[Play Booster Box Size]] | AT31: =tbl_MTG_Set[[#This Row],[Play Booster Sell Price CardMarket]]*tbl_MTG_Set[[#This Row],[Play Booster Expected Market Value]]/tbl_MTG_Set[[#This Row],[Play Boost Sealed Market Value]]
A32: 60 | B32: Aetherdrift Tokens TDFT | C32: 14 | D32: 45702 | E32: Standard Expansion | F32: en es fr de it pt ja ko ru 汉语 漢語 | G32: 66 | H32: =MONTH(NOW())+12*YEAR(NOW())-MONTH(tbl_MTG_Set[[#This Row],[Released On]])-12*YEAR(tbl_MTG_Set[[#This Row],[Released On]]) | I32: =_xlfn.xlookup(tbl_MTG_Set[[#This Row],[Type Name]], tbl_MTG_Set_Type[Set Type], tbl_MTG_Set_Type[Index], "(Set Type not found)") | J32: =_xlfn.xlookup(tbl_MTG_Set[[#This Row],[Type Name]], tbl_MTG_Set_Type[Set Type], tbl_MTG_Set_Type[Buy Window Month Start], "(Set Type not found)") | K32: =tbl_MTG_Set[[#This Row],[Released On]]+tbl_MTG_Set[[#This Row],[Buy Window Month Start]]*365.25/12 | L32: =_xlfn.xlookup(tbl_MTG_Set[[#This Row],[Type Name]], tbl_MTG_Set_Type[Set Type], tbl_MTG_Set_Type[Buy Window Month End], "(Set Type not found)", 0, 1) | M32: =tbl_MTG_Set[[#This Row],[Released On]]+tbl_MTG_Set[[#This Row],[Buy Window Month End]]*365.25/12 | N32: =AND(NOW()>=tbl_MTG_Set[[#This Row],[Buy Window Start]], NOW()<=tbl_MTG_Set[[#This Row],[Buy Window End]]) | O32: =_xlfn.xlookup(tbl_MTG_Set[[#This Row],[Type Name]], tbl_MTG_Set_Type[Set Type], tbl_MTG_Set_Type[Heavy Printing Window Month Start], "(Set Type not found)", 0, 1) | P32: =tbl_MTG_Set[[#This Row],[Released On]]+tbl_MTG_Set[[#This Row],[Heavy Printing Window Month Start]]*365.25/12 | Q32: =_xlfn.xlookup(tbl_MTG_Set[[#This Row],[Type Name]], tbl_MTG_Set_Type[Set Type], tbl_MTG_Set_Type[Heavy Printing Window Month End], "(Set Type not found)", 0, 1) | R32: =tbl_MTG_Set[[#This Row],[Released On]]+tbl_MTG_Set[[#This Row],[Heavy Printing Window Month End]]*365.25/12 | S32: =AND(NOW()>=tbl_MTG_Set[[#This Row],[Heavy Printing Window Start]], NOW()<=tbl_MTG_Set[[#This Row],[Heavy Printing Window End]]) | T32: =_xlfn.xlookup(tbl_MTG_Set[[#This Row],[Type Name]], tbl_MTG_Set_Type[Set Type], tbl_MTG_Set_Type[Sell Window Month Start], "(Set Type not found)", 0, 1) | U32: =tbl_MTG_Set[[#This Row],[Released On]]+tbl_MTG_Set[[#This Row],[Sell Window Month Start]]*365.25/12 | V32: =_xlfn.xlookup(tbl_MTG_Set[[#This Row],[Type Name]], tbl_MTG_Set_Type[Set Type], tbl_MTG_Set_Type[Sell Window Month End], "(Set Type not found)", 0, 1) | W32: =tbl_MTG_Set[[#This Row],[Released On]]+tbl_MTG_Set[[#This Row],[Sell Window Month End]]*365.25/12 | X32: =AND(NOW()>=tbl_MTG_Set[[#This Row],[Sell Window Start]], NOW()<=tbl_MTG_Set[[#This Row],[Sell Window End]]) | AJ32: {=IF(ISERROR(MIN(_xlfn._xlws.filter(tbl_Sourcing[Source Unit Cost], (tbl_Sourcing[Product Id]=tbl_MTG_Set[[#This Row],[Play Booster Box Product Id]])*(tbl_Sourcing[Active]=TRUE())))), "", MIN(_xlfn._xlws.filter(tbl_Sourcing[Source Unit Cost], (tbl_Sourcing[Product Id]=tbl_MTG_Set[[#This Row],[Play Booster Box Product Id]])*(tbl_Sourcing[Active]=TRUE()))))} | AK32: {=IF(ISERROR(INDEX(_xlfn._xlws.filter(tbl_Sourcing[Source Name], (tbl_Sourcing[Product Id]=tbl_MTG_Set[[#This Row],[Play Booster Box Product Id]])*(tbl_Sourcing[Active]=TRUE())*(tbl_Sourcing[Source Unit Cost]=tbl_MTG_Set[[#This Row],[Play Booster Box Cost]])), 1)), "", INDEX(_xlfn._xlws.filter(tbl_Sourcing[Source Name], (tbl_Sourcing[Product Id]=tbl_MTG_Set[[#This Row],[Play Booster Box Product Id]])*(tbl_Sourcing[Active]=TRUE())*(tbl_Sourcing[Source Unit Cost]=tbl_MTG_Set[[#This Row],[Play Booster Box Cost]])), 1))} | AL32: =_xlfn.xlookup(tbl_MTG_Set[[#This Row],[Play Booster Box Product Id]], tbl_Product[Product Id], tbl_Product[Pack Size]) | AM32: =(tbl_MTG_Set[[#This Row],[Play Booster Box Cost]]+v_Item_Shipping_Cost_In)/tbl_MTG_Set[[#This Row],[Play Booster Box Size]] | AT32: =tbl_MTG_Set[[#This Row],[Play Booster Sell Price CardMarket]]*tbl_MTG_Set[[#This Row],[Play Booster Expected Market Value]]/tbl_MTG_Set[[#This Row],[Play Boost Sealed Market Value]]
A33: 787 | B33: Alara Reborn ARB | C33: 145 | D33: 39933 | F33: en es fr de it pt ja ko ru 汉语 漢語 | G33: 1520 | H33: =MONTH(NOW())+12*YEAR(NOW())-MONTH(tbl_MTG_Set[[#This Row],[Released On]])-12*YEAR(tbl_MTG_Set[[#This Row],[Released On]]) | I33: =_xlfn.xlookup(tbl_MTG_Set[[#This Row],[Type Name]], tbl_MTG_Set_Type[Set Type], tbl_MTG_Set_Type[Index], "(Set Type not found)") | J33: =_xlfn.xlookup(tbl_MTG_Set[[#This Row],[Type Name]], tbl_MTG_Set_Type[Set Type], tbl_MTG_Set_Type[Buy Window Month Start], "(Set Type not found)") | K33: =tbl_MTG_Set[[#This Row],[Released On]]+tbl_MTG_Set[[#This Row],[Buy Window Month Start]]*365.25/12 | L33: =_xlfn.xlookup(tbl_MTG_Set[[#This Row],[Type Name]], tbl_MTG_Set_Type[Set Type], tbl_MTG_Set_Type[Buy Window Month End], "(Set Type not found)", 0, 1) | M33: =tbl_MTG_Set[[#This Row],[Released On]]+tbl_MTG_Set[[#This Row],[Buy Window Month End]]*365.25/12 | N33: =AND(NOW()>=tbl_MTG_Set[[#This Row],[Buy Window Start]], NOW()<=tbl_MTG_Set[[#This Row],[Buy Window End]]) | O33: =_xlfn.xlookup(tbl_MTG_Set[[#This Row],[Type Name]], tbl_MTG_Set_Type[Set Type], tbl_MTG_Set_Type[Heavy Printing Window Month Start], "(Set Type not found)", 0, 1) | P33: =tbl_MTG_Set[[#This Row],[Released On]]+tbl_MTG_Set[[#This Row],[Heavy Printing Window Month Start]]*365.25/12 | Q33: =_xlfn.xlookup(tbl_MTG_Set[[#This Row],[Type Name]], tbl_MTG_Set_Type[Set Type], tbl_MTG_Set_Type[Heavy Printing Window Month End], "(Set Type not found)", 0, 1) | R33: =tbl_MTG_Set[[#This Row],[Released On]]+tbl_MTG_Set[[#This Row],[Heavy Printing Window Month End]]*365.25/12 | S33: =AND(NOW()>=tbl_MTG_Set[[#This Row],[Heavy Printing Window Start]], NOW()<=tbl_MTG_Set[[#This Row],[Heavy Printing Window End]]) | T33: =_xlfn.xlookup(tbl_MTG_Set[[#This Row],[Type Name]], tbl_MTG_Set_Type[Set Type], tbl_MTG_Set_Type[Sell Window Month Start], "(Set Type not found)", 0, 1) | U33: =tbl_MTG_Set[[#This Row],[Released On]]+tbl_MTG_Set[[#This Row],[Sell Window Month Start]]*365.25/12 | V33: =_xlfn.xlookup(tbl_MTG_Set[[#This Row],[Type Name]], tbl_MTG_Set_Type[Set Type], tbl_MTG_Set_Type[Sell Window Month End], "(Set Type not found)", 0, 1) | W33: =tbl_MTG_Set[[#This Row],[Released On]]+tbl_MTG_Set[[#This Row],[Sell Window Month End]]*365.25/12 | X33: =AND(NOW()>=tbl_MTG_Set[[#This Row],[Sell Window Start]], NOW()<=tbl_MTG_Set[[#This Row],[Sell Window End]]) | AJ33: {=IF(ISERROR(MIN(_xlfn._xlws.filter(tbl_Sourcing[Source Unit Cost], (tbl_Sourcing[Product Id]=tbl_MTG_Set[[#This Row],[Play Booster Box Product Id]])*(tbl_Sourcing[Active]=TRUE())))), "", MIN(_xlfn._xlws.filter(tbl_Sourcing[Source Unit Cost], (tbl_Sourcing[Product Id]=tbl_MTG_Set[[#This Row],[Play Booster Box Product Id]])*(tbl_Sourcing[Active]=TRUE()))))} | AK33: {=IF(ISERROR(INDEX(_xlfn._xlws.filter(tbl_Sourcing[Source Name], (tbl_Sourcing[Product Id]=tbl_MTG_Set[[#This Row],[Play Booster Box Product Id]])*(tbl_Sourcing[Active]=TRUE())*(tbl_Sourcing[Source Unit Cost]=tbl_MTG_Set[[#This Row],[Play Booster Box Cost]])), 1)), "", INDEX(_xlfn._xlws.filter(tbl_Sourcing[Source Name], (tbl_Sourcing[Product Id]=tbl_MTG_Set[[#This Row],[Play Booster Box Product Id]])*(tbl_Sourcing[Active]=TRUE())*(tbl_Sourcing[Source Unit Cost]=tbl_MTG_Set[[#This Row],[Play Booster Box Cost]])), 1))} | AL33: =_xlfn.xlookup(tbl_MTG_Set[[#This Row],[Play Booster Box Product Id]], tbl_Product[Product Id], tbl_Product[Pack Size]) | AM33: =(tbl_MTG_Set[[#This Row],[Play Booster Box Cost]]+v_Item_Shipping_Cost_In)/tbl_MTG_Set[[#This Row],[Play Booster Box Size]] | AT33: =tbl_MTG_Set[[#This Row],[Play Booster Sell Price CardMarket]]*tbl_MTG_Set[[#This Row],[Play Booster Expected Market Value]]/tbl_MTG_Set[[#This Row],[Play Boost Sealed Market Value]]
A34: 788 | B34: Alara Reborn Promos PARB | C34: 3 | D34: 39933 | F34: en es fr de it pt ja ko ru 汉语 漢語 | G34: 1522 | H34: =MONTH(NOW())+12*YEAR(NOW())-MONTH(tbl_MTG_Set[[#This Row],[Released On]])-12*YEAR(tbl_MTG_Set[[#This Row],[Released On]]) | I34: =_xlfn.xlookup(tbl_MTG_Set[[#This Row],[Type Name]], tbl_MTG_Set_Type[Set Type], tbl_MTG_Set_Type[Index], "(Set Type not found)") | J34: =_xlfn.xlookup(tbl_MTG_Set[[#This Row],[Type Name]], tbl_MTG_Set_Type[Set Type], tbl_MTG_Set_Type[Buy Window Month Start], "(Set Type not found)") | K34: =tbl_MTG_Set[[#This Row],[Released On]]+tbl_MTG_Set[[#This Row],[Buy Window Month Start]]*365.25/12 | L34: =_xlfn.xlookup(tbl_MTG_Set[[#This Row],[Type Name]], tbl_MTG_Set_Type[Set Type], tbl_MTG_Set_Type[Buy Window Month End], "(Set Type not found)", 0, 1) | M34: =tbl_MTG_Set[[#This Row],[Released On]]+tbl_MTG_Set[[#This Row],[Buy Window Month End]]*365.25/12 | N34: =AND(NOW()>=tbl_MTG_Set[[#This Row],[Buy Window Start]], NOW()<=tbl_MTG_Set[[#This Row],[Buy Window End]]) | O34: =_xlfn.xlookup(tbl_MTG_Set[[#This Row],[Type Name]], tbl_MTG_Set_Type[Set Type], tbl_MTG_Set_Type[Heavy Printing Window Month Start], "(Set Type not found)", 0, 1) | P34: =tbl_MTG_Set[[#This Row],[Released On]]+tbl_MTG_Set[[#This Row],[Heavy Printing Window Month Start]]*365.25/12 | Q34: =_xlfn.xlookup(tbl_MTG_Set[[#This Row],[Type Name]], tbl_MTG_Set_Type[Set Type], tbl_MTG_Set_Type[Heavy Printing Window Month End], "(Set Type not found)", 0, 1) | R34: =tbl_MTG_Set[[#This Row],[Released On]]+tbl_MTG_Set[[#This Row],[Heavy Printing Window Month End]]*365.25/12 | S34: =AND(NOW()>=tbl_MTG_Set[[#This Row],[Heavy Printing Window Start]], NOW()<=tbl_MTG_Set[[#This Row],[Heavy Printing Window End]]) | T34: =_xlfn.xlookup(tbl_MTG_Set[[#This Row],[Type Name]], tbl_MTG_Set_Type[Set Type], tbl_MTG_Set_Type[Sell Window Month Start], "(Set Type not found)", 0, 1) | U34: =tbl_MTG_Set[[#This Row],[Released On]]+tbl_MTG_Set[[#This Row],[Sell Window Month Start]]*365.25/12 | V34: =_xlfn.xlookup(tbl_MTG_Set[[#This Row],[Type Name]], tbl_MTG_Set_Type[Set Type], tbl_MTG_Set_Type[Sell Window Month End], "(Set Type not found)", 0, 1) | W34: =tbl_MTG_Set[[#This Row],[Released On]]+tbl_MTG_Set[[#This Row],[Sell Window Month End]]*365.25/12 | X34: =AND(NOW()>=tbl_MTG_Set[[#This Row],[Sell Window Start]], NOW()<=tbl_MTG_Set[[#This Row],[Sell Window End]]) | AJ34: {=IF(ISERROR(MIN(_xlfn._xlws.filter(tbl_Sourcing[Source Unit Cost], (tbl_Sourcing[Product Id]=tbl_MTG_Set[[#This Row],[Play Booster Box Product Id]])*(tbl_Sourcing[Active]=TRUE())))), "", MIN(_xlfn._xlws.filter(tbl_Sourcing[Source Unit Cost], (tbl_Sourcing[Product Id]=tbl_MTG_Set[[#This Row],[Play Booster Box Product Id]])*(tbl_Sourcing[Active]=TRUE()))))} | AK34: {=IF(ISERROR(INDEX(_xlfn._xlws.filter(tbl_Sourcing[Source Name], (tbl_Sourcing[Product Id]=tbl_MTG_Set[[#This Row],[Play Booster Box Product Id]])*(tbl_Sourcing[Active]=TRUE())*(tbl_Sourcing[Source Unit Cost]=tbl_MTG_Set[[#This Row],[Play Booster Box Cost]])), 1)), "", INDEX(_xlfn._xlws.filter(tbl_Sourcing[Source Name], (tbl_Sourcing[Product Id]=tbl_MTG_Set[[#This Row],[Play Booster Box Product Id]])*(tbl_Sourcing[Active]=TRUE())*(tbl_Sourcing[Source Unit Cost]=tbl_MTG_Set[[#This Row],[Play Booster Box Cost]])), 1))} | AL34: =_xlfn.xlookup(tbl_MTG_Set[[#This Row],[Play Booster Box Product Id]], tbl_Product[Product Id], tbl_Product[Pack Size]) | AM34: =(tbl_MTG_Set[[#This Row],[Play Booster Box Cost]]+v_Item_Shipping_Cost_In)/tbl_MTG_Set[[#This Row],[Play Booster Box Size]] | AT34: =tbl_MTG_Set[[#This Row],[Play Booster Sell Price CardMarket]]*tbl_MTG_Set[[#This Row],[Play Booster Expected Market Value]]/tbl_MTG_Set[[#This Row],[Play Boost Sealed Market Value]]
A35: 789 | B35: Alara Reborn Tokens TARB | C35: 4 | D35: 39933 | F35: en es fr de it pt ja ko ru 汉语 漢語 | G35: 1524 | H35: =MONTH(NOW())+12*YEAR(NOW())-MONTH(tbl_MTG_Set[[#This Row],[Released On]])-12*YEAR(tbl_MTG_Set[[#This Row],[Released On]]) | I35: =_xlfn.xlookup(tbl_MTG_Set[[#This Row],[Type Name]], tbl_MTG_Set_Type[Set Type], tbl_MTG_Set_Type[Index], "(Set Type not found)") | J35: =_xlfn.xlookup(tbl_MTG_Set[[#This Row],[Type Name]], tbl_MTG_Set_Type[Set Type], tbl_MTG_Set_Type[Buy Window Month Start], "(Set Type not found)") | K35: =tbl_MTG_Set[[#This Row],[Released On]]+tbl_MTG_Set[[#This Row],[Buy Window Month Start]]*365.25/12 | L35: =_xlfn.xlookup(tbl_MTG_Set[[#This Row],[Type Name]], tbl_MTG_Set_Type[Set Type], tbl_MTG_Set_Type[Buy Window Month End], "(Set Type not found)", 0, 1) | M35: =tbl_MTG_Set[[#This Row],[Released On]]+tbl_MTG_Set[[#This Row],[Buy Window Month End]]*365.25/12 | N35: =AND(NOW()>=tbl_MTG_Set[[#This Row],[Buy Window Start]], NOW()<=tbl_MTG_Set[[#This Row],[Buy Window End]]) | O35: =_xlfn.xlookup(tbl_MTG_Set[[#This Row],[Type Name]], tbl_MTG_Set_Type[Set Type], tbl_MTG_Set_Type[Heavy Printing Window Month Start], "(Set Type not found)", 0, 1) | P35: =tbl_MTG_Set[[#This Row],[Released On]]+tbl_MTG_Set[[#This Row],[Heavy Printing Window Month Start]]*365.25/12 | Q35: =_xlfn.xlookup(tbl_MTG_Set[[#This Row],[Type Name]], tbl_MTG_Set_Type[Set Type], tbl_MTG_Set_Type[Heavy Printing Window Month End], "(Set Type not found)", 0, 1) | R35: =tbl_MTG_Set[[#This Row],[Released On]]+tbl_MTG_Set[[#This Row],[Heavy Printing Window Month End]]*365.25/12 | S35: =AND(NOW()>=tbl_MTG_Set[[#This Row],[Heavy Printing Window Start]], NOW()<=tbl_MTG_Set[[#This Row],[Heavy Printing Window End]]) | T35: =_xlfn.xlookup(tbl_MTG_Set[[#This Row],[Type Name]], tbl_MTG_Set_Type[Set Type], tbl_MTG_Set_Type[Sell Window Month Start], "(Set Type not found)", 0, 1) | U35: =tbl_MTG_Set[[#This Row],[Released On]]+tbl_MTG_Set[[#This Row],[Sell Window Month Start]]*365.25/12 | V35: =_xlfn.xlookup(tbl_MTG_Set[[#This Row],[Type Name]], tbl_MTG_Set_Type[Set Type], tbl_MTG_Set_Type[Sell Window Month End], "(Set Type not found)", 0, 1) | W35: =tbl_MTG_Set[[#This Row],[Released On]]+tbl_MTG_Set[[#This Row],[Sell Window Month End]]*365.25/12 | X35: =AND(NOW()>=tbl_MTG_Set[[#This Row],[Sell Window Start]], NOW()<=tbl_MTG_Set[[#This Row],[Sell Window End]]) | AJ35: {=IF(ISERROR(MIN(_xlfn._xlws.filter(tbl_Sourcing[Source Unit Cost], (tbl_Sourcing[Product Id]=tbl_MTG_Set[[#This Row],[Play Booster Box Product Id]])*(tbl_Sourcing[Active]=TRUE())))), "", MIN(_xlfn._xlws.filter(tbl_Sourcing[Source Unit Cost], (tbl_Sourcing[Product Id]=tbl_MTG_Set[[#This Row],[Play Booster Box Product Id]])*(tbl_Sourcing[Active]=TRUE()))))} | AK35: {=IF(ISERROR(INDEX(_xlfn._xlws.filter(tbl_Sourcing[Source Name], (tbl_Sourcing[Product Id]=tbl_MTG_Set[[#This Row],[Play Booster Box Product Id]])*(tbl_Sourcing[Active]=TRUE())*(tbl_Sourcing[Source Unit Cost]=tbl_MTG_Set[[#This Row],[Play Booster Box Cost]])), 1)), "", INDEX(_xlfn._xlws.filter(tbl_Sourcing[Source Name], (tbl_Sourcing[Product Id]=tbl_MTG_Set[[#This Row],[Play Booster Box Product Id]])*(tbl_Sourcing[Active]=TRUE())*(tbl_Sourcing[Source Unit Cost]=tbl_MTG_Set[[#This Row],[Play Booster Box Cost]])), 1))} | AL35: =_xlfn.xlookup(tbl_MTG_Set[[#This Row],[Play Booster Box Product Id]], tbl_Product[Product Id], tbl_Product[Pack Size]) | AM35: =(tbl_MTG_Set[[#This Row],[Play Booster Box Cost]]+v_Item_Shipping_Cost_In)/tbl_MTG_Set[[#This Row],[Play Booster Box Size]] | AT35: =tbl_MTG_Set[[#This Row],[Play Booster Sell Price CardMarket]]*tbl_MTG_Set[[#This Row],[Play Booster Expected Market Value]]/tbl_MTG_Set[[#This Row],[Play Boost Sealed Market Value]]
A36: 265 | B36: Alchemy Horizons: Baldur's Gate HBG | C36: 436 | D36: 44749 | F36: en es fr de it pt ja ko ru 汉语 漢語 | G36: 476 | H36: =MONTH(NOW())+12*YEAR(NOW())-MONTH(tbl_MTG_Set[[#This Row],[Released On]])-12*YEAR(tbl_MTG_Set[[#This Row],[Released On]]) | I36: =_xlfn.xlookup(tbl_MTG_Set[[#This Row],[Type Name]], tbl_MTG_Set_Type[Set Type], tbl_MTG_Set_Type[Index], "(Set Type not found)") | J36: =_xlfn.xlookup(tbl_MTG_Set[[#This Row],[Type Name]], tbl_MTG_Set_Type[Set Type], tbl_MTG_Set_Type[Buy Window Month Start], "(Set Type not found)") | K36: =tbl_MTG_Set[[#This Row],[Released On]]+tbl_MTG_Set[[#This Row],[Buy Window Month Start]]*365.25/12 | L36: =_xlfn.xlookup(tbl_MTG_Set[[#This Row],[Type Name]], tbl_MTG_Set_Type[Set Type], tbl_MTG_Set_Type[Buy Window Month End], "(Set Type not found)", 0, 1) | M36: =tbl_MTG_Set[[#This Row],[Released On]]+tbl_MTG_Set[[#This Row],[Buy Window Month End]]*365.25/12 | N36: =AND(NOW()>=tbl_MTG_Set[[#This Row],[Buy Window Start]], NOW()<=tbl_MTG_Set[[#This Row],[Buy Window End]]) | O36: =_xlfn.xlookup(tbl_MTG_Set[[#This Row],[Type Name]], tbl_MTG_Set_Type[Set Type], tbl_MTG_Set_Type[Heavy Printing Window Month Start], "(Set Type not found)", 0, 1) | P36: =tbl_MTG_Set[[#This Row],[Released On]]+tbl_MTG_Set[[#This Row],[Heavy Printing Window Month Start]]*365.25/12 | Q36: =_xlfn.xlookup(tbl_MTG_Set[[#This Row],[Type Name]], tbl_MTG_Set_Type[Set Type], tbl_MTG_Set_Type[Heavy Printing Window Month End], "(Set Type not found)", 0, 1) | R36: =tbl_MTG_Set[[#This Row],[Released On]]+tbl_MTG_Set[[#This Row],[Heavy Printing Window Month End]]*365.25/12 | S36: =AND(NOW()>=tbl_MTG_Set[[#This Row],[Heavy Printing Window Start]], NOW()<=tbl_MTG_Set[[#This Row],[Heavy Printing Window End]]) | T36: =_xlfn.xlookup(tbl_MTG_Set[[#This Row],[Type Name]], tbl_MTG_Set_Type[Set Type], tbl_MTG_Set_Type[Sell Window Month Start], "(Set Type not found)", 0, 1) | U36: =tbl_MTG_Set[[#This Row],[Released On]]+tbl_MTG_Set[[#This Row],[Sell Window Month Start]]*365.25/12 | V36: =_xlfn.xlookup(tbl_MTG_Set[[#This Row],[Type Name]], tbl_MTG_Set_Type[Set Type], tbl_MTG_Set_Type[Sell Window Month End], "(Set Type not found)", 0, 1) | W36: =tbl_MTG_Set[[#This Row],[Released On]]+tbl_MTG_Set[[#This Row],[Sell Window Month End]]*365.25/12 | X36: =AND(NOW()>=tbl_MTG_Set[[#This Row],[Sell Window Start]], NOW()<=tbl_MTG_Set[[#This Row],[Sell Window End]]) | AJ36: {=IF(ISERROR(MIN(_xlfn._xlws.filter(tbl_Sourcing[Source Unit Cost], (tbl_Sourcing[Product Id]=tbl_MTG_Set[[#This Row],[Play Booster Box Product Id]])*(tbl_Sourcing[Active]=TRUE())))), "", MIN(_xlfn._xlws.filter(tbl_Sourcing[Source Unit Cost], (tbl_Sourcing[Product Id]=tbl_MTG_Set[[#This Row],[Play Booster Box Product Id]])*(tbl_Sourcing[Active]=TRUE()))))} | AK36: {=IF(ISERROR(INDEX(_xlfn._xlws.filter(tbl_Sourcing[Source Name], (tbl_Sourcing[Product Id]=tbl_MTG_Set[[#This Row],[Play Booster Box Product Id]])*(tbl_Sourcing[Active]=TRUE())*(tbl_Sourcing[Source Unit Cost]=tbl_MTG_Set[[#This Row],[Play Booster Box Cost]])), 1)), "", INDEX(_xlfn._xlws.filter(tbl_Sourcing[Source Name], (tbl_Sourcing[Product Id]=tbl_MTG_Set[[#This Row],[Play Booster Box Product Id]])*(tbl_Sourcing[Active]=TRUE())*(tbl_Sourcing[Source Unit Cost]=tbl_MTG_Set[[#This Row],[Play Booster Box Cost]])), 1))} | AL36: =_xlfn.xlookup(tbl_MTG_Set[[#This Row],[Play Booster Box Product Id]], tbl_Product[Product Id], tbl_Product[Pack Size]) | AM36: =(tbl_MTG_Set[[#This Row],[Play Booster Box Cost]]+v_Item_Shipping_Cost_In)/tbl_MTG_Set[[#This Row],[Play Booster Box Size]] | AT36: =tbl_MTG_Set[[#This Row],[Play Booster Sell Price CardMarket]]*tbl_MTG_Set[[#This Row],[Play Booster Expected Market Value]]/tbl_MTG_Set[[#This Row],[Play Boost Sealed Market Value]]
A37: 61 | B37: Alchemy: Aetherdrift YDFT | C37: 30 | D37: 45720 | E37: Standard Expansion | F37: en es fr de it pt ja ko ru 汉语 漢語 | G37: 68 | H37: =MONTH(NOW())+12*YEAR(NOW())-MONTH(tbl_MTG_Set[[#This Row],[Released On]])-12*YEAR(tbl_MTG_Set[[#This Row],[Released On]]) | I37: =_xlfn.xlookup(tbl_MTG_Set[[#This Row],[Type Name]], tbl_MTG_Set_Type[Set Type], tbl_MTG_Set_Type[Index], "(Set Type not found)") | J37: =_xlfn.xlookup(tbl_MTG_Set[[#This Row],[Type Name]], tbl_MTG_Set_Type[Set Type], tbl_MTG_Set_Type[Buy Window Month Start], "(Set Type not found)") | K37: =tbl_MTG_Set[[#This Row],[Released On]]+tbl_MTG_Set[[#This Row],[Buy Window Month Start]]*365.25/12 | L37: =_xlfn.xlookup(tbl_MTG_Set[[#This Row],[Type Name]], tbl_MTG_Set_Type[Set Type], tbl_MTG_Set_Type[Buy Window Month End], "(Set Type not found)", 0, 1) | M37: =tbl_MTG_Set[[#This Row],[Released On]]+tbl_MTG_Set[[#This Row],[Buy Window Month End]]*365.25/12 | N37: =AND(NOW()>=tbl_MTG_Set[[#This Row],[Buy Window Start]], NOW()<=tbl_MTG_Set[[#This Row],[Buy Window End]]) | O37: =_xlfn.xlookup(tbl_MTG_Set[[#This Row],[Type Name]], tbl_MTG_Set_Type[Set Type], tbl_MTG_Set_Type[Heavy Printing Window Month Start], "(Set Type not found)", 0, 1) | P37: =tbl_MTG_Set[[#This Row],[Released On]]+tbl_MTG_Set[[#This Row],[Heavy Printing Window Month Start]]*365.25/12 | Q37: =_xlfn.xlookup(tbl_MTG_Set[[#This Row],[Type Name]], tbl_MTG_Set_Type[Set Type], tbl_MTG_Set_Type[Heavy Printing Window Month End], "(Set Type not found)", 0, 1) | R37: =tbl_MTG_Set[[#This Row],[Released On]]+tbl_MTG_Set[[#This Row],[Heavy Printing Window Month End]]*365.25/12 | S37: =AND(NOW()>=tbl_MTG_Set[[#This Row],[Heavy Printing Window Start]], NOW()<=tbl_MTG_Set[[#This Row],[Heavy Printing Window End]]) | T37: =_xlfn.xlookup(tbl_MTG_Set[[#This Row],[Type Name]], tbl_MTG_Set_Type[Set Type], tbl_MTG_Set_Type[Sell Window Month Start], "(Set Type not found)", 0, 1) | U37: =tbl_MTG_Set[[#This Row],[Released On]]+tbl_MTG_Set[[#This Row],[Sell Window Month Start]]*365.25/12 | V37: =_xlfn.xlookup(tbl_MTG_Set[[#This Row],[Type Name]], tbl_MTG_Set_Type[Set Type], tbl_MTG_Set_Type[Sell Window Month End], "(Set Type not found)", 0, 1) | W37: =tbl_MTG_Set[[#This Row],[Released On]]+tbl_MTG_Set[[#This Row],[Sell Window Month End]]*365.25/12 | X37: =AND(NOW()>=tbl_MTG_Set[[#This Row],[Sell Window Start]], NOW()<=tbl_MTG_Set[[#This Row],[Sell Window End]]) | AJ37: {=IF(ISERROR(MIN(_xlfn._xlws.filter(tbl_Sourcing[Source Unit Cost], (tbl_Sourcing[Product Id]=tbl_MTG_Set[[#This Row],[Play Booster Box Product Id]])*(tbl_Sourcing[Active]=TRUE())))), "", MIN(_xlfn._xlws.filter(tbl_Sourcing[Source Unit Cost], (tbl_Sourcing[Product Id]=tbl_MTG_Set[[#This Row],[Play Booster Box Product Id]])*(tbl_Sourcing[Active]=TRUE()))))} | AK37: {=IF(ISERROR(INDEX(_xlfn._xlws.filter(tbl_Sourcing[Source Name], (tbl_Sourcing[Product Id]=tbl_MTG_Set[[#This Row],[Play Booster Box Product Id]])*(tbl_Sourcing[Active]=TRUE())*(tbl_Sourcing[Source Unit Cost]=tbl_MTG_Set[[#This Row],[Play Booster Box Cost]])), 1)), "", INDEX(_xlfn._xlws.filter(tbl_Sourcing[Source Name], (tbl_Sourcing[Product Id]=tbl_MTG_Set[[#This Row],[Play Booster Box Product Id]])*(tbl_Sourcing[Active]=TRUE())*(tbl_Sourcing[Source Unit Cost]=tbl_MTG_Set[[#This Row],[Play Booster Box Cost]])), 1))} | AL37: =_xlfn.xlookup(tbl_MTG_Set[[#This Row],[Play Booster Box Product Id]], tbl_Product[Product Id], tbl_Product[Pack Size]) | AM37: =(tbl_MTG_Set[[#This Row],[Play Booster Box Cost]]+v_Item_Shipping_Cost_In)/tbl_MTG_Set[[#This Row],[Play Booster Box Size]] | AT37: =tbl_MTG_Set[[#This Row],[Play Booster Sell Price CardMarket]]*tbl_MTG_Set[[#This Row],[Play Booster Expected Market Value]]/tbl_MTG_Set[[#This Row],[Play Boost Sealed Market Value]]
A38: 93 | B38: Alchemy: Bloomburrow YBLB | C38: 30 | D38: 45524 | E38: Standard Expansion | F38: en es fr de it pt ja ko ru 汉语 漢語 | G38: 132 | H38: =MONTH(NOW())+12*YEAR(NOW())-MONTH(tbl_MTG_Set[[#This Row],[Released On]])-12*YEAR(tbl_MTG_Set[[#This Row],[Released On]]) | I38: =_xlfn.xlookup(tbl_MTG_Set[[#This Row],[Type Name]], tbl_MTG_Set_Type[Set Type], tbl_MTG_Set_Type[Index], "(Set Type not found)") | J38: =_xlfn.xlookup(tbl_MTG_Set[[#This Row],[Type Name]], tbl_MTG_Set_Type[Set Type], tbl_MTG_Set_Type[Buy Window Month Start], "(Set Type not found)") | K38: =tbl_MTG_Set[[#This Row],[Released On]]+tbl_MTG_Set[[#This Row],[Buy Window Month Start]]*365.25/12 | L38: =_xlfn.xlookup(tbl_MTG_Set[[#This Row],[Type Name]], tbl_MTG_Set_Type[Set Type], tbl_MTG_Set_Type[Buy Window Month End], "(Set Type not found)", 0, 1) | M38: =tbl_MTG_Set[[#This Row],[Released On]]+tbl_MTG_Set[[#This Row],[Buy Window Month End]]*365.25/12 | N38: =AND(NOW()>=tbl_MTG_Set[[#This Row],[Buy Window Start]], NOW()<=tbl_MTG_Set[[#This Row],[Buy Window End]]) | O38: =_xlfn.xlookup(tbl_MTG_Set[[#This Row],[Type Name]], tbl_MTG_Set_Type[Set Type], tbl_MTG_Set_Type[Heavy Printing Window Month Start], "(Set Type not found)", 0, 1) | P38: =tbl_MTG_Set[[#This Row],[Released On]]+tbl_MTG_Set[[#This Row],[Heavy Printing Window Month Start]]*365.25/12 | Q38: =_xlfn.xlookup(tbl_MTG_Set[[#This Row],[Type Name]], tbl_MTG_Set_Type[Set Type], tbl_MTG_Set_Type[Heavy Printing Window Month End], "(Set Type not found)", 0, 1) | R38: =tbl_MTG_Set[[#This Row],[Released On]]+tbl_MTG_Set[[#This Row],[Heavy Printing Window Month End]]*365.25/12 | S38: =AND(NOW()>=tbl_MTG_Set[[#This Row],[Heavy Printing Window Start]], NOW()<=tbl_MTG_Set[[#This Row],[Heavy Printing Window End]]) | T38: =_xlfn.xlookup(tbl_MTG_Set[[#This Row],[Type Name]], tbl_MTG_Set_Type[Set Type], tbl_MTG_Set_Type[Sell Window Month Start], "(Set Type not found)", 0, 1) | U38: =tbl_MTG_Set[[#This Row],[Released On]]+tbl_MTG_Set[[#This Row],[Sell Window Month Start]]*365.25/12 | V38: =_xlfn.xlookup(tbl_MTG_Set[[#This Row],[Type Name]], tbl_MTG_Set_Type[Set Type], tbl_MTG_Set_Type[Sell Window Month End], "(Set Type not found)", 0, 1) | W38: =tbl_MTG_Set[[#This Row],[Released On]]+tbl_MTG_Set[[#This Row],[Sell Window Month End]]*365.25/12 | X38: =AND(NOW()>=tbl_MTG_Set[[#This Row],[Sell Window Start]], NOW()<=tbl_MTG_Set[[#This Row],[Sell Window End]]) | AJ38: {=IF(ISERROR(MIN(_xlfn._xlws.filter(tbl_Sourcing[Source Unit Cost], (tbl_Sourcing[Product Id]=tbl_MTG_Set[[#This Row],[Play Booster Box Product Id]])*(tbl_Sourcing[Active]=TRUE())))), "", MIN(_xlfn._xlws.filter(tbl_Sourcing[Source Unit Cost], (tbl_Sourcing[Product Id]=tbl_MTG_Set[[#This Row],[Play Booster Box Product Id]])*(tbl_Sourcing[Active]=TRUE()))))} | AK38: {=IF(ISERROR(INDEX(_xlfn._xlws.filter(tbl_Sourcing[Source Name], (tbl_Sourcing[Product Id]=tbl_MTG_Set[[#This Row],[Play Booster Box Product Id]])*(tbl_Sourcing[Active]=TRUE())*(tbl_Sourcing[Source Unit Cost]=tbl_MTG_Set[[#This Row],[Play Booster Box Cost]])), 1)), "", INDEX(_xlfn._xlws.filter(tbl_Sourcing[Source Name], (tbl_Sourcing[Product Id]=tbl_MTG_Set[[#This Row],[Play Booster Box Product Id]])*(tbl_Sourcing[Active]=TRUE())*(tbl_Sourcing[Source Unit Cost]=tbl_MTG_Set[[#This Row],[Play Booster Box Cost]])), 1))} | AL38: =_xlfn.xlookup(tbl_MTG_Set[[#This Row],[Play Booster Box Product Id]], tbl_Product[Product Id], tbl_Product[Pack Size]) | AM38: =(tbl_MTG_Set[[#This Row],[Play Booster Box Cost]]+v_Item_Shipping_Cost_In)/tbl_MTG_Set[[#This Row],[Play Booster Box Size]] | AT38: =tbl_MTG_Set[[#This Row],[Play Booster Sell Price CardMarket]]*tbl_MTG_Set[[#This Row],[Play Booster Expected Market Value]]/tbl_MTG_Set[[#This Row],[Play Boost Sealed Market Value]]
A39: 250 | B39: Alchemy: Dominaria YDMU | C39: 39 | D39: 44839 | F39: en es fr de it pt ja ko ru 汉语 漢語 | G39: 446 | H39: =MONTH(NOW())+12*YEAR(NOW())-MONTH(tbl_MTG_Set[[#This Row],[Released On]])-12*YEAR(tbl_MTG_Set[[#This Row],[Released On]]) | I39: =_xlfn.xlookup(tbl_MTG_Set[[#This Row],[Type Name]], tbl_MTG_Set_Type[Set Type], tbl_MTG_Set_Type[Index], "(Set Type not found)") | J39: =_xlfn.xlookup(tbl_MTG_Set[[#This Row],[Type Name]], tbl_MTG_Set_Type[Set Type], tbl_MTG_Set_Type[Buy Window Month Start], "(Set Type not found)") | K39: =tbl_MTG_Set[[#This Row],[Released On]]+tbl_MTG_Set[[#This Row],[Buy Window Month Start]]*365.25/12 | L39: =_xlfn.xlookup(tbl_MTG_Set[[#This Row],[Type Name]], tbl_MTG_Set_Type[Set Type], tbl_MTG_Set_Type[Buy Window Month End], "(Set Type not found)", 0, 1) | M39: =tbl_MTG_Set[[#This Row],[Released On]]+tbl_MTG_Set[[#This Row],[Buy Window Month End]]*365.25/12 | N39: =AND(NOW()>=tbl_MTG_Set[[#This Row],[Buy Window Start]], NOW()<=tbl_MTG_Set[[#This Row],[Buy Window End]]) | O39: =_xlfn.xlookup(tbl_MTG_Set[[#This Row],[Type Name]], tbl_MTG_Set_Type[Set Type], tbl_MTG_Set_Type[Heavy Printing Window Month Start], "(Set Type not found)", 0, 1) | P39: =tbl_MTG_Set[[#This Row],[Released On]]+tbl_MTG_Set[[#This Row],[Heavy Printing Window Month Start]]*365.25/12 | Q39: =_xlfn.xlookup(tbl_MTG_Set[[#This Row],[Type Name]], tbl_MTG_Set_Type[Set Type], tbl_MTG_Set_Type[Heavy Printing Window Month End], "(Set Type not found)", 0, 1) | R39: =tbl_MTG_Set[[#This Row],[Released On]]+tbl_MTG_Set[[#This Row],[Heavy Printing Window Month End]]*365.25/12 | S39: =AND(NOW()>=tbl_MTG_Set[[#This Row],[Heavy Printing Window Start]], NOW()<=tbl_MTG_Set[[#This Row],[Heavy Printing Window End]]) | T39: =_xlfn.xlookup(tbl_MTG_Set[[#This Row],[Type Name]], tbl_MTG_Set_Type[Set Type], tbl_MTG_Set_Type[Sell Window Month Start], "(Set Type not found)", 0, 1) | U39: =tbl_MTG_Set[[#This Row],[Released On]]+tbl_MTG_Set[[#This Row],[Sell Window Month Start]]*365.25/12 | V39: =_xlfn.xlookup(tbl_MTG_Set[[#This Row],[Type Name]], tbl_MTG_Set_Type[Set Type], tbl_MTG_Set_Type[Sell Window Month End], "(Set Type not found)", 0, 1) | W39: =tbl_MTG_Set[[#This Row],[Released On]]+tbl_MTG_Set[[#This Row],[Sell Window Month End]]*365.25/12 | X39: =AND(NOW()>=tbl_MTG_Set[[#This Row],[Sell Window Start]], NOW()<=tbl_MTG_Set[[#This Row],[Sell Window End]]) | AJ39: {=IF(ISERROR(MIN(_xlfn._xlws.filter(tbl_Sourcing[Source Unit Cost], (tbl_Sourcing[Product Id]=tbl_MTG_Set[[#This Row],[Play Booster Box Product Id]])*(tbl_Sourcing[Active]=TRUE())))), "", MIN(_xlfn._xlws.filter(tbl_Sourcing[Source Unit Cost], (tbl_Sourcing[Product Id]=tbl_MTG_Set[[#This Row],[Play Booster Box Product Id]])*(tbl_Sourcing[Active]=TRUE()))))} | AK39: {=IF(ISERROR(INDEX(_xlfn._xlws.filter(tbl_Sourcing[Source Name], (tbl_Sourcing[Product Id]=tbl_MTG_Set[[#This Row],[Play Booster Box Product Id]])*(tbl_Sourcing[Active]=TRUE())*(tbl_Sourcing[Source Unit Cost]=tbl_MTG_Set[[#This Row],[Play Booster Box Cost]])), 1)), "", INDEX(_xlfn._xlws.filter(tbl_Sourcing[Source Name], (tbl_Sourcing[Product Id]=tbl_MTG_Set[[#This Row],[Play Booster Box Product Id]])*(tbl_Sourcing[Active]=TRUE())*(tbl_Sourcing[Source Unit Cost]=tbl_MTG_Set[[#This Row],[Play Booster Box Cost]])), 1))} | AL39: =_xlfn.xlookup(tbl_MTG_Set[[#This Row],[Play Booster Box Product Id]], tbl_Product[Product Id], tbl_Product[Pack Size]) | AM39: =(tbl_MTG_Set[[#This Row],[Play Booster Box Cost]]+v_Item_Shipping_Cost_In)/tbl_MTG_Set[[#This Row],[Play Booster Box Size]] | AT39: =tbl_MTG_Set[[#This Row],[Play Booster Sell Price CardMarket]]*tbl_MTG_Set[[#This Row],[Play Booster Expected Market Value]]/tbl_MTG_Set[[#This Row],[Play Boost Sealed Market Value]]
A40: 84 | B40: Alchemy: Duskmourn YDSK | C40: 30 | D40: 45580 | E40: Standard Expansion | F40: en es fr de it pt ja ko ru 汉语 漢語 | G40: 114 | H40: =MONTH(NOW())+12*YEAR(NOW())-MONTH(tbl_MTG_Set[[#This Row],[Released On]])-12*YEAR(tbl_MTG_Set[[#This Row],[Released On]]) | I40: =_xlfn.xlookup(tbl_MTG_Set[[#This Row],[Type Name]], tbl_MTG_Set_Type[Set Type], tbl_MTG_Set_Type[Index], "(Set Type not found)") | J40: =_xlfn.xlookup(tbl_MTG_Set[[#This Row],[Type Name]], tbl_MTG_Set_Type[Set Type], tbl_MTG_Set_Type[Buy Window Month Start], "(Set Type not found)") | K40: =tbl_MTG_Set[[#This Row],[Released On]]+tbl_MTG_Set[[#This Row],[Buy Window Month Start]]*365.25/12 | L40: =_xlfn.xlookup(tbl_MTG_Set[[#This Row],[Type Name]], tbl_MTG_Set_Type[Set Type], tbl_MTG_Set_Type[Buy Window Month End], "(Set Type not found)", 0, 1) | M40: =tbl_MTG_Set[[#This Row],[Released On]]+tbl_MTG_Set[[#This Row],[Buy Window Month End]]*365.25/12 | N40: =AND(NOW()>=tbl_MTG_Set[[#This Row],[Buy Window Start]], NOW()<=tbl_MTG_Set[[#This Row],[Buy Window End]]) | O40: =_xlfn.xlookup(tbl_MTG_Set[[#This Row],[Type Name]], tbl_MTG_Set_Type[Set Type], tbl_MTG_Set_Type[Heavy Printing Window Month Start], "(Set Type not found)", 0, 1) | P40: =tbl_MTG_Set[[#This Row],[Released On]]+tbl_MTG_Set[[#This Row],[Heavy Printing Window Month Start]]*365.25/12 | Q40: =_xlfn.xlookup(tbl_MTG_Set[[#This Row],[Type Name]], tbl_MTG_Set_Type[Set Type], tbl_MTG_Set_Type[Heavy Printing Window Month End], "(Set Type not found)", 0, 1) | R40: =tbl_MTG_Set[[#This Row],[Released On]]+tbl_MTG_Set[[#This Row],[Heavy Printing Window Month End]]*365.25/12 | S40: =AND(NOW()>=tbl_MTG_Set[[#This Row],[Heavy Printing Window Start]], NOW()<=tbl_MTG_Set[[#This Row],[Heavy Printing Window End]]) | T40: =_xlfn.xlookup(tbl_MTG_Set[[#This Row],[Type Name]], tbl_MTG_Set_Type[Set Type], tbl_MTG_Set_Type[Sell Window Month Start], "(Set Type not found)", 0, 1) | U40: =tbl_MTG_Set[[#This Row],[Released On]]+tbl_MTG_Set[[#This Row],[Sell Window Month Start]]*365.25/12 | V40: =_xlfn.xlookup(tbl_MTG_Set[[#This Row],[Type Name]], tbl_MTG_Set_Type[Set Type], tbl_MTG_Set_Type[Sell Window Month End], "(Set Type not found)", 0, 1) | W40: =tbl_MTG_Set[[#This Row],[Released On]]+tbl_MTG_Set[[#This Row],[Sell Window Month End]]*365.25/12 | X40: =AND(NOW()>=tbl_MTG_Set[[#This Row],[Sell Window Start]], NOW()<=tbl_MTG_Set[[#This Row],[Sell Window End]]) | AJ40: {=IF(ISERROR(MIN(_xlfn._xlws.filter(tbl_Sourcing[Source Unit Cost], (tbl_Sourcing[Product Id]=tbl_MTG_Set[[#This Row],[Play Booster Box Product Id]])*(tbl_Sourcing[Active]=TRUE())))), "", MIN(_xlfn._xlws.filter(tbl_Sourcing[Source Unit Cost], (tbl_Sourcing[Product Id]=tbl_MTG_Set[[#This Row],[Play Booster Box Product Id]])*(tbl_Sourcing[Active]=TRUE()))))} | AK40: {=IF(ISERROR(INDEX(_xlfn._xlws.filter(tbl_Sourcing[Source Name], (tbl_Sourcing[Product Id]=tbl_MTG_Set[[#This Row],[Play Booster Box Product Id]])*(tbl_Sourcing[Active]=TRUE())*(tbl_Sourcing[Source Unit Cost]=tbl_MTG_Set[[#This Row],[Play Booster Box Cost]])), 1)), "", INDEX(_xlfn._xlws.filter(tbl_Sourcing[Source Name], (tbl_Sourcing[Product Id]=tbl_MTG_Set[[#This Row],[Play Booster Box Product Id]])*(tbl_Sourcing[Active]=TRUE())*(tbl_Sourcing[Source Unit Cost]=tbl_MTG_Set[[#This Row],[Play Booster Box Cost]])), 1))} | AL40: =_xlfn.xlookup(tbl_MTG_Set[[#This Row],[Play Booster Box Product Id]], tbl_Product[Product Id], tbl_Product[Pack Size]) | AM40: =(tbl_MTG_Set[[#This Row],[Play Booster Box Cost]]+v_Item_Shipping_Cost_In)/tbl_MTG_Set[[#This Row],[Play Booster Box Size]] | AT40: =tbl_MTG_Set[[#This Row],[Play Booster Sell Price CardMarket]]*tbl_MTG_Set[[#This Row],[Play Booster Expected Market Value]]/tbl_MTG_Set[[#This Row],[Play Boost Sealed Market Value]]
A41: 34 | B41: Alchemy: Edge of Eternities YEOE | C41: 40 | D41: 45888 | E41: Standard Expansion | F41: en es fr de it pt ja ko ru 汉语 漢語 | G41: 35 | H41: =MONTH(NOW())+12*YEAR(NOW())-MONTH(tbl_MTG_Set[[#This Row],[Released On]])-12*YEAR(tbl_MTG_Set[[#This Row],[Released On]]) | I41: =_xlfn.xlookup(tbl_MTG_Set[[#This Row],[Type Name]], tbl_MTG_Set_Type[Set Type], tbl_MTG_Set_Type[Index], "(Set Type not found)") | J41: =_xlfn.xlookup(tbl_MTG_Set[[#This Row],[Type Name]], tbl_MTG_Set_Type[Set Type], tbl_MTG_Set_Type[Buy Window Month Start], "(Set Type not found)") | K41: =tbl_MTG_Set[[#This Row],[Released On]]+tbl_MTG_Set[[#This Row],[Buy Window Month Start]]*365.25/12 | L41: =_xlfn.xlookup(tbl_MTG_Set[[#This Row],[Type Name]], tbl_MTG_Set_Type[Set Type], tbl_MTG_Set_Type[Buy Window Month End], "(Set Type not found)", 0, 1) | M41: =tbl_MTG_Set[[#This Row],[Released On]]+tbl_MTG_Set[[#This Row],[Buy Window Month End]]*365.25/12 | N41: =AND(NOW()>=tbl_MTG_Set[[#This Row],[Buy Window Start]], NOW()<=tbl_MTG_Set[[#This Row],[Buy Window End]]) | O41: =_xlfn.xlookup(tbl_MTG_Set[[#This Row],[Type Name]], tbl_MTG_Set_Type[Set Type], tbl_MTG_Set_Type[Heavy Printing Window Month Start], "(Set Type not found)", 0, 1) | P41: =tbl_MTG_Set[[#This Row],[Released On]]+tbl_MTG_Set[[#This Row],[Heavy Printing Window Month Start]]*365.25/12 | Q41: =_xlfn.xlookup(tbl_MTG_Set[[#This Row],[Type Name]], tbl_MTG_Set_Type[Set Type], tbl_MTG_Set_Type[Heavy Printing Window Month End], "(Set Type not found)", 0, 1) | R41: =tbl_MTG_Set[[#This Row],[Released On]]+tbl_MTG_Set[[#This Row],[Heavy Printing Window Month End]]*365.25/12 | S41: =AND(NOW()>=tbl_MTG_Set[[#This Row],[Heavy Printing Window Start]], NOW()<=tbl_MTG_Set[[#This Row],[Heavy Printing Window End]]) | T41: =_xlfn.xlookup(tbl_MTG_Set[[#This Row],[Type Name]], tbl_MTG_Set_Type[Set Type], tbl_MTG_Set_Type[Sell Window Month Start], "(Set Type not found)", 0, 1) | U41: =tbl_MTG_Set[[#This Row],[Released On]]+tbl_MTG_Set[[#This Row],[Sell Window Month Start]]*365.25/12 | V41: =_xlfn.xlookup(tbl_MTG_Set[[#This Row],[Type Name]], tbl_MTG_Set_Type[Set Type], tbl_MTG_Set_Type[Sell Window Month End], "(Set Type not found)", 0, 1) | W41: =tbl_MTG_Set[[#This Row],[Released On]]+tbl_MTG_Set[[#This Row],[Sell Window Month End]]*365.25/12 | X41: =AND(NOW()>=tbl_MTG_Set[[#This Row],[Sell Window Start]], NOW()<=tbl_MTG_Set[[#This Row],[Sell Window End]]) | AJ41: {=IF(ISERROR(MIN(_xlfn._xlws.filter(tbl_Sourcing[Source Unit Cost], (tbl_Sourcing[Product Id]=tbl_MTG_Set[[#This Row],[Play Booster Box Product Id]])*(tbl_Sourcing[Active]=TRUE())))), "", MIN(_xlfn._xlws.filter(tbl_Sourcing[Source Unit Cost], (tbl_Sourcing[Product Id]=tbl_MTG_Set[[#This Row],[Play Booster Box Product Id]])*(tbl_Sourcing[Active]=TRUE()))))} | AK41: {=IF(ISERROR(INDEX(_xlfn._xlws.filter(tbl_Sourcing[Source Name], (tbl_Sourcing[Product Id]=tbl_MTG_Set[[#This Row],[Play Booster Box Product Id]])*(tbl_Sourcing[Active]=TRUE())*(tbl_Sourcing[Source Unit Cost]=tbl_MTG_Set[[#This Row],[Play Booster Box Cost]])), 1)), "", INDEX(_xlfn._xlws.filter(tbl_Sourcing[Source Name], (tbl_Sourcing[Product Id]=tbl_MTG_Set[[#This Row],[Play Booster Box Product Id]])*(tbl_Sourcing[Active]=TRUE())*(tbl_Sourcing[Source Unit Cost]=tbl_MTG_Set[[#This Row],[Play Booster Box Cost]])), 1))} | AL41: =_xlfn.xlookup(tbl_MTG_Set[[#This Row],[Play Booster Box Product Id]], tbl_Product[Product Id], tbl_Product[Pack Size]) | AM41: =(tbl_MTG_Set[[#This Row],[Play Booster Box Cost]]+v_Item_Shipping_Cost_In)/tbl_MTG_Set[[#This Row],[Play Booster Box Size]] | AT41: =tbl_MTG_Set[[#This Row],[Play Booster Sell Price CardMarket]]*tbl_MTG_Set[[#This Row],[Play Booster Expected Market Value]]/tbl_MTG_Set[[#This Row],[Play Boost Sealed Market Value]]
A42: 299 | B42: Alchemy: Innistrad YMID | C42: 63 | D42: 44539 | F42: en es fr de it pt ja ko ru 汉语 漢語 | G42: 544 | H42: =MONTH(NOW())+12*YEAR(NOW())-MONTH(tbl_MTG_Set[[#This Row],[Released On]])-12*YEAR(tbl_MTG_Set[[#This Row],[Released On]]) | I42: =_xlfn.xlookup(tbl_MTG_Set[[#This Row],[Type Name]], tbl_MTG_Set_Type[Set Type], tbl_MTG_Set_Type[Index], "(Set Type not found)") | J42: =_xlfn.xlookup(tbl_MTG_Set[[#This Row],[Type Name]], tbl_MTG_Set_Type[Set Type], tbl_MTG_Set_Type[Buy Window Month Start], "(Set Type not found)") | K42: =tbl_MTG_Set[[#This Row],[Released On]]+tbl_MTG_Set[[#This Row],[Buy Window Month Start]]*365.25/12 | L42: =_xlfn.xlookup(tbl_MTG_Set[[#This Row],[Type Name]], tbl_MTG_Set_Type[Set Type], tbl_MTG_Set_Type[Buy Window Month End], "(Set Type not found)", 0, 1) | M42: =tbl_MTG_Set[[#This Row],[Released On]]+tbl_MTG_Set[[#This Row],[Buy Window Month End]]*365.25/12 | N42: =AND(NOW()>=tbl_MTG_Set[[#This Row],[Buy Window Start]], NOW()<=tbl_MTG_Set[[#This Row],[Buy Window End]]) | O42: =_xlfn.xlookup(tbl_MTG_Set[[#This Row],[Type Name]], tbl_MTG_Set_Type[Set Type], tbl_MTG_Set_Type[Heavy Printing Window Month Start], "(Set Type not found)", 0, 1) | P42: =tbl_MTG_Set[[#This Row],[Released On]]+tbl_MTG_Set[[#This Row],[Heavy Printing Window Month Start]]*365.25/12 | Q42: =_xlfn.xlookup(tbl_MTG_Set[[#This Row],[Type Name]], tbl_MTG_Set_Type[Set Type], tbl_MTG_Set_Type[Heavy Printing Window Month End], "(Set Type not found)", 0, 1) | R42: =tbl_MTG_Set[[#This Row],[Released On]]+tbl_MTG_Set[[#This Row],[Heavy Printing Window Month End]]*365.25/12 | S42: =AND(NOW()>=tbl_MTG_Set[[#This Row],[Heavy Printing Window Start]], NOW()<=tbl_MTG_Set[[#This Row],[Heavy Printing Window End]]) | T42: =_xlfn.xlookup(tbl_MTG_Set[[#This Row],[Type Name]], tbl_MTG_Set_Type[Set Type], tbl_MTG_Set_Type[Sell Window Month Start], "(Set Type not found)", 0, 1) | U42: =tbl_MTG_Set[[#This Row],[Released On]]+tbl_MTG_Set[[#This Row],[Sell Window Month Start]]*365.25/12 | V42: =_xlfn.xlookup(tbl_MTG_Set[[#This Row],[Type Name]], tbl_MTG_Set_Type[Set Type], tbl_MTG_Set_Type[Sell Window Month End], "(Set Type not found)", 0, 1) | W42: =tbl_MTG_Set[[#This Row],[Released On]]+tbl_MTG_Set[[#This Row],[Sell Window Month End]]*365.25/12 | X42: =AND(NOW()>=tbl_MTG_Set[[#This Row],[Sell Window Start]], NOW()<=tbl_MTG_Set[[#This Row],[Sell Window End]]) | AJ42: {=IF(ISERROR(MIN(_xlfn._xlws.filter(tbl_Sourcing[Source Unit Cost], (tbl_Sourcing[Product Id]=tbl_MTG_Set[[#This Row],[Play Booster Box Product Id]])*(tbl_Sourcing[Active]=TRUE())))), "", MIN(_xlfn._xlws.filter(tbl_Sourcing[Source Unit Cost], (tbl_Sourcing[Product Id]=tbl_MTG_Set[[#This Row],[Play Booster Box Product Id]])*(tbl_Sourcing[Active]=TRUE()))))} | AK42: {=IF(ISERROR(INDEX(_xlfn._xlws.filter(tbl_Sourcing[Source Name], (tbl_Sourcing[Product Id]=tbl_MTG_Set[[#This Row],[Play Booster Box Product Id]])*(tbl_Sourcing[Active]=TRUE())*(tbl_Sourcing[Source Unit Cost]=tbl_MTG_Set[[#This Row],[Play Booster Box Cost]])), 1)), "", INDEX(_xlfn._xlws.filter(tbl_Sourcing[Source Name], (tbl_Sourcing[Product Id]=tbl_MTG_Set[[#This Row],[Play Booster Box Product Id]])*(tbl_Sourcing[Active]=TRUE())*(tbl_Sourcing[Source Unit Cost]=tbl_MTG_Set[[#This Row],[Play Booster Box Cost]])), 1))} | AL42: =_xlfn.xlookup(tbl_MTG_Set[[#This Row],[Play Booster Box Product Id]], tbl_Product[Product Id], tbl_Product[Pack Size]) | AM42: =(tbl_MTG_Set[[#This Row],[Play Booster Box Cost]]+v_Item_Shipping_Cost_In)/tbl_MTG_Set[[#This Row],[Play Booster Box Size]] | AT42: =tbl_MTG_Set[[#This Row],[Play Booster Sell Price CardMarket]]*tbl_MTG_Set[[#This Row],[Play Booster Expected Market Value]]/tbl_MTG_Set[[#This Row],[Play Boost Sealed Market Value]]
A43: 144 | B43: Alchemy: Ixalan YLCI | C43: 30 | D43: 45265 | F43: en es fr de it pt ja ko ru 汉语 漢語 | G43: 234 | H43: =MONTH(NOW())+12*YEAR(NOW())-MONTH(tbl_MTG_Set[[#This Row],[Released On]])-12*YEAR(tbl_MTG_Set[[#This Row],[Released On]]) | I43: =_xlfn.xlookup(tbl_MTG_Set[[#This Row],[Type Name]], tbl_MTG_Set_Type[Set Type], tbl_MTG_Set_Type[Index], "(Set Type not found)") | J43: =_xlfn.xlookup(tbl_MTG_Set[[#This Row],[Type Name]], tbl_MTG_Set_Type[Set Type], tbl_MTG_Set_Type[Buy Window Month Start], "(Set Type not found)") | K43: =tbl_MTG_Set[[#This Row],[Released On]]+tbl_MTG_Set[[#This Row],[Buy Window Month Start]]*365.25/12 | L43: =_xlfn.xlookup(tbl_MTG_Set[[#This Row],[Type Name]], tbl_MTG_Set_Type[Set Type], tbl_MTG_Set_Type[Buy Window Month End], "(Set Type not found)", 0, 1) | M43: =tbl_MTG_Set[[#This Row],[Released On]]+tbl_MTG_Set[[#This Row],[Buy Window Month End]]*365.25/12 | N43: =AND(NOW()>=tbl_MTG_Set[[#This Row],[Buy Window Start]], NOW()<=tbl_MTG_Set[[#This Row],[Buy Window End]]) | O43: =_xlfn.xlookup(tbl_MTG_Set[[#This Row],[Type Name]], tbl_MTG_Set_Type[Set Type], tbl_MTG_Set_Type[Heavy Printing Window Month Start], "(Set Type not found)", 0, 1) | P43: =tbl_MTG_Set[[#This Row],[Released On]]+tbl_MTG_Set[[#This Row],[Heavy Printing Window Month Start]]*365.25/12 | Q43: =_xlfn.xlookup(tbl_MTG_Set[[#This Row],[Type Name]], tbl_MTG_Set_Type[Set Type], tbl_MTG_Set_Type[Heavy Printing Window Month End], "(Set Type not found)", 0, 1) | R43: =tbl_MTG_Set[[#This Row],[Released On]]+tbl_MTG_Set[[#This Row],[Heavy Printing Window Month End]]*365.25/12 | S43: =AND(NOW()>=tbl_MTG_Set[[#This Row],[Heavy Printing Window Start]], NOW()<=tbl_MTG_Set[[#This Row],[Heavy Printing Window End]]) | T43: =_xlfn.xlookup(tbl_MTG_Set[[#This Row],[Type Name]], tbl_MTG_Set_Type[Set Type], tbl_MTG_Set_Type[Sell Window Month Start], "(Set Type not found)", 0, 1) | U43: =tbl_MTG_Set[[#This Row],[Released On]]+tbl_MTG_Set[[#This Row],[Sell Window Month Start]]*365.25/12 | V43: =_xlfn.xlookup(tbl_MTG_Set[[#This Row],[Type Name]], tbl_MTG_Set_Type[Set Type], tbl_MTG_Set_Type[Sell Window Month End], "(Set Type not found)", 0, 1) | W43: =tbl_MTG_Set[[#This Row],[Released On]]+tbl_MTG_Set[[#This Row],[Sell Window Month End]]*365.25/12 | X43: =AND(NOW()>=tbl_MTG_Set[[#This Row],[Sell Window Start]], NOW()<=tbl_MTG_Set[[#This Row],[Sell Window End]]) | AJ43: {=IF(ISERROR(MIN(_xlfn._xlws.filter(tbl_Sourcing[Source Unit Cost], (tbl_Sourcing[Product Id]=tbl_MTG_Set[[#This Row],[Play Booster Box Product Id]])*(tbl_Sourcing[Active]=TRUE())))), "", MIN(_xlfn._xlws.filter(tbl_Sourcing[Source Unit Cost], (tbl_Sourcing[Product Id]=tbl_MTG_Set[[#This Row],[Play Booster Box Product Id]])*(tbl_Sourcing[Active]=TRUE()))))} | AK43: {=IF(ISERROR(INDEX(_xlfn._xlws.filter(tbl_Sourcing[Source Name], (tbl_Sourcing[Product Id]=tbl_MTG_Set[[#This Row],[Play Booster Box Product Id]])*(tbl_Sourcing[Active]=TRUE())*(tbl_Sourcing[Source Unit Cost]=tbl_MTG_Set[[#This Row],[Play Booster Box Cost]])), 1)), "", INDEX(_xlfn._xlws.filter(tbl_Sourcing[Source Name], (tbl_Sourcing[Product Id]=tbl_MTG_Set[[#This Row],[Play Booster Box Product Id]])*(tbl_Sourcing[Active]=TRUE())*(tbl_Sourcing[Source Unit Cost]=tbl_MTG_Set[[#This Row],[Play Booster Box Cost]])), 1))} | AL43: =_xlfn.xlookup(tbl_MTG_Set[[#This Row],[Play Booster Box Product Id]], tbl_Product[Product Id], tbl_Product[Pack Size]) | AM43: =(tbl_MTG_Set[[#This Row],[Play Booster Box Cost]]+v_Item_Shipping_Cost_In)/tbl_MTG_Set[[#This Row],[Play Booster Box Size]] | AT43: =tbl_MTG_Set[[#This Row],[Play Booster Sell Price CardMarket]]*tbl_MTG_Set[[#This Row],[Play Booster Expected Market Value]]/tbl_MTG_Set[[#This Row],[Play Boost Sealed Market Value]]
A44: 290 | B44: Alchemy: Kamigawa YNEO | C44: 30 | D44: 44637 | F44: en es fr de it pt ja ko ru 汉语 漢語 | G44: 526 | H44: =MONTH(NOW())+12*YEAR(NOW())-MONTH(tbl_MTG_Set[[#This Row],[Released On]])-12*YEAR(tbl_MTG_Set[[#This Row],[Released On]]) | I44: =_xlfn.xlookup(tbl_MTG_Set[[#This Row],[Type Name]], tbl_MTG_Set_Type[Set Type], tbl_MTG_Set_Type[Index], "(Set Type not found)") | J44: =_xlfn.xlookup(tbl_MTG_Set[[#This Row],[Type Name]], tbl_MTG_Set_Type[Set Type], tbl_MTG_Set_Type[Buy Window Month Start], "(Set Type not found)") | K44: =tbl_MTG_Set[[#This Row],[Released On]]+tbl_MTG_Set[[#This Row],[Buy Window Month Start]]*365.25/12 | L44: =_xlfn.xlookup(tbl_MTG_Set[[#This Row],[Type Name]], tbl_MTG_Set_Type[Set Type], tbl_MTG_Set_Type[Buy Window Month End], "(Set Type not found)", 0, 1) | M44: =tbl_MTG_Set[[#This Row],[Released On]]+tbl_MTG_Set[[#This Row],[Buy Window Month End]]*365.25/12 | N44: =AND(NOW()>=tbl_MTG_Set[[#This Row],[Buy Window Start]], NOW()<=tbl_MTG_Set[[#This Row],[Buy Window End]]) | O44: =_xlfn.xlookup(tbl_MTG_Set[[#This Row],[Type Name]], tbl_MTG_Set_Type[Set Type], tbl_MTG_Set_Type[Heavy Printing Window Month Start], "(Set Type not found)", 0, 1) | P44: =tbl_MTG_Set[[#This Row],[Released On]]+tbl_MTG_Set[[#This Row],[Heavy Printing Window Month Start]]*365.25/12 | Q44: =_xlfn.xlookup(tbl_MTG_Set[[#This Row],[Type Name]], tbl_MTG_Set_Type[Set Type], tbl_MTG_Set_Type[Heavy Printing Window Month End], "(Set Type not found)", 0, 1) | R44: =tbl_MTG_Set[[#This Row],[Released On]]+tbl_MTG_Set[[#This Row],[Heavy Printing Window Month End]]*365.25/12 | S44: =AND(NOW()>=tbl_MTG_Set[[#This Row],[Heavy Printing Window Start]], NOW()<=tbl_MTG_Set[[#This Row],[Heavy Printing Window End]]) | T44: =_xlfn.xlookup(tbl_MTG_Set[[#This Row],[Type Name]], tbl_MTG_Set_Type[Set Type], tbl_MTG_Set_Type[Sell Window Month Start], "(Set Type not found)", 0, 1) | U44: =tbl_MTG_Set[[#This Row],[Released On]]+tbl_MTG_Set[[#This Row],[Sell Window Month Start]]*365.25/12 | V44: =_xlfn.xlookup(tbl_MTG_Set[[#This Row],[Type Name]], tbl_MTG_Set_Type[Set Type], tbl_MTG_Set_Type[Sell Window Month End], "(Set Type not found)", 0, 1) | W44: =tbl_MTG_Set[[#This Row],[Released On]]+tbl_MTG_Set[[#This Row],[Sell Window Month End]]*365.25/12 | X44: =AND(NOW()>=tbl_MTG_Set[[#This Row],[Sell Window Start]], NOW()<=tbl_MTG_Set[[#This Row],[Sell Window End]]) | AJ44: {=IF(ISERROR(MIN(_xlfn._xlws.filter(tbl_Sourcing[Source Unit Cost], (tbl_Sourcing[Product Id]=tbl_MTG_Set[[#This Row],[Play Booster Box Product Id]])*(tbl_Sourcing[Active]=TRUE())))), "", MIN(_xlfn._xlws.filter(tbl_Sourcing[Source Unit Cost], (tbl_Sourcing[Product Id]=tbl_MTG_Set[[#This Row],[Play Booster Box Product Id]])*(tbl_Sourcing[Active]=TRUE()))))} | AK44: {=IF(ISERROR(INDEX(_xlfn._xlws.filter(tbl_Sourcing[Source Name], (tbl_Sourcing[Product Id]=tbl_MTG_Set[[#This Row],[Play Booster Box Product Id]])*(tbl_Sourcing[Active]=TRUE())*(tbl_Sourcing[Source Unit Cost]=tbl_MTG_Set[[#This Row],[Play Booster Box Cost]])), 1)), "", INDEX(_xlfn._xlws.filter(tbl_Sourcing[Source Name], (tbl_Sourcing[Product Id]=tbl_MTG_Set[[#This Row],[Play Booster Box Product Id]])*(tbl_Sourcing[Active]=TRUE())*(tbl_Sourcing[Source Unit Cost]=tbl_MTG_Set[[#This Row],[Play Booster Box Cost]])), 1))} | AL44: =_xlfn.xlookup(tbl_MTG_Set[[#This Row],[Play Booster Box Product Id]], tbl_Product[Product Id], tbl_Product[Pack Size]) | AM44: =(tbl_MTG_Set[[#This Row],[Play Booster Box Cost]]+v_Item_Shipping_Cost_In)/tbl_MTG_Set[[#This Row],[Play Booster Box Size]] | AT44: =tbl_MTG_Set[[#This Row],[Play Booster Sell Price CardMarket]]*tbl_MTG_Set[[#This Row],[Play Booster Expected Market Value]]/tbl_MTG_Set[[#This Row],[Play Boost Sealed Market Value]]
A45: 127 | B45: Alchemy: Murders at Karlov Manor YMKM | C45: 30 | D45: 45356 | E45: Standard Expansion | F45: en es fr de it pt ja ko ru 汉语 漢語 | G45: 200 | H45: =MONTH(NOW())+12*YEAR(NOW())-MONTH(tbl_MTG_Set[[#This Row],[Released On]])-12*YEAR(tbl_MTG_Set[[#This Row],[Released On]]) | I45: =_xlfn.xlookup(tbl_MTG_Set[[#This Row],[Type Name]], tbl_MTG_Set_Type[Set Type], tbl_MTG_Set_Type[Index], "(Set Type not found)") | J45: =_xlfn.xlookup(tbl_MTG_Set[[#This Row],[Type Name]], tbl_MTG_Set_Type[Set Type], tbl_MTG_Set_Type[Buy Window Month Start], "(Set Type not found)") | K45: =tbl_MTG_Set[[#This Row],[Released On]]+tbl_MTG_Set[[#This Row],[Buy Window Month Start]]*365.25/12 | L45: =_xlfn.xlookup(tbl_MTG_Set[[#This Row],[Type Name]], tbl_MTG_Set_Type[Set Type], tbl_MTG_Set_Type[Buy Window Month End], "(Set Type not found)", 0, 1) | M45: =tbl_MTG_Set[[#This Row],[Released On]]+tbl_MTG_Set[[#This Row],[Buy Window Month End]]*365.25/12 | N45: =AND(NOW()>=tbl_MTG_Set[[#This Row],[Buy Window Start]], NOW()<=tbl_MTG_Set[[#This Row],[Buy Window End]]) | O45: =_xlfn.xlookup(tbl_MTG_Set[[#This Row],[Type Name]], tbl_MTG_Set_Type[Set Type], tbl_MTG_Set_Type[Heavy Printing Window Month Start], "(Set Type not found)", 0, 1) | P45: =tbl_MTG_Set[[#This Row],[Released On]]+tbl_MTG_Set[[#This Row],[Heavy Printing Window Month Start]]*365.25/12 | Q45: =_xlfn.xlookup(tbl_MTG_Set[[#This Row],[Type Name]], tbl_MTG_Set_Type[Set Type], tbl_MTG_Set_Type[Heavy Printing Window Month End], "(Set Type not found)", 0, 1) | R45: =tbl_MTG_Set[[#This Row],[Released On]]+tbl_MTG_Set[[#This Row],[Heavy Printing Window Month End]]*365.25/12 | S45: =AND(NOW()>=tbl_MTG_Set[[#This Row],[Heavy Printing Window Start]], NOW()<=tbl_MTG_Set[[#This Row],[Heavy Printing Window End]]) | T45: =_xlfn.xlookup(tbl_MTG_Set[[#This Row],[Type Name]], tbl_MTG_Set_Type[Set Type], tbl_MTG_Set_Type[Sell Window Month Start], "(Set Type not found)", 0, 1) | U45: =tbl_MTG_Set[[#This Row],[Released On]]+tbl_MTG_Set[[#This Row],[Sell Window Month Start]]*365.25/12 | V45: =_xlfn.xlookup(tbl_MTG_Set[[#This Row],[Type Name]], tbl_MTG_Set_Type[Set Type], tbl_MTG_Set_Type[Sell Window Month End], "(Set Type not found)", 0, 1) | W45: =tbl_MTG_Set[[#This Row],[Released On]]+tbl_MTG_Set[[#This Row],[Sell Window Month End]]*365.25/12 | X45: =AND(NOW()>=tbl_MTG_Set[[#This Row],[Sell Window Start]], NOW()<=tbl_MTG_Set[[#This Row],[Sell Window End]]) | AJ45: {=IF(ISERROR(MIN(_xlfn._xlws.filter(tbl_Sourcing[Source Unit Cost], (tbl_Sourcing[Product Id]=tbl_MTG_Set[[#This Row],[Play Booster Box Product Id]])*(tbl_Sourcing[Active]=TRUE())))), "", MIN(_xlfn._xlws.filter(tbl_Sourcing[Source Unit Cost], (tbl_Sourcing[Product Id]=tbl_MTG_Set[[#This Row],[Play Booster Box Product Id]])*(tbl_Sourcing[Active]=TRUE()))))} | AK45: {=IF(ISERROR(INDEX(_xlfn._xlws.filter(tbl_Sourcing[Source Name], (tbl_Sourcing[Product Id]=tbl_MTG_Set[[#This Row],[Play Booster Box Product Id]])*(tbl_Sourcing[Active]=TRUE())*(tbl_Sourcing[Source Unit Cost]=tbl_MTG_Set[[#This Row],[Play Booster Box Cost]])), 1)), "", INDEX(_xlfn._xlws.filter(tbl_Sourcing[Source Name], (tbl_Sourcing[Product Id]=tbl_MTG_Set[[#This Row],[Play Booster Box Product Id]])*(tbl_Sourcing[Active]=TRUE())*(tbl_Sourcing[Source Unit Cost]=tbl_MTG_Set[[#This Row],[Play Booster Box Cost]])), 1))} | AL45: =_xlfn.xlookup(tbl_MTG_Set[[#This Row],[Play Booster Box Product Id]], tbl_Product[Product Id], tbl_Product[Pack Size]) | AM45: =(tbl_MTG_Set[[#This Row],[Play Booster Box Cost]]+v_Item_Shipping_Cost_In)/tbl_MTG_Set[[#This Row],[Play Booster Box Size]] | AT45: =tbl_MTG_Set[[#This Row],[Play Booster Sell Price CardMarket]]*tbl_MTG_Set[[#This Row],[Play Booster Expected Market Value]]/tbl_MTG_Set[[#This Row],[Play Boost Sealed Market Value]]
A46: 277 | B46: Alchemy: New Capenna YSNC | C46: 30 | D46: 44714 | F46: en es fr de it pt ja ko ru 汉语 漢語 | G46: 500 | H46: =MONTH(NOW())+12*YEAR(NOW())-MONTH(tbl_MTG_Set[[#This Row],[Released On]])-12*YEAR(tbl_MTG_Set[[#This Row],[Released On]]) | I46: =_xlfn.xlookup(tbl_MTG_Set[[#This Row],[Type Name]], tbl_MTG_Set_Type[Set Type], tbl_MTG_Set_Type[Index], "(Set Type not found)") | J46: =_xlfn.xlookup(tbl_MTG_Set[[#This Row],[Type Name]], tbl_MTG_Set_Type[Set Type], tbl_MTG_Set_Type[Buy Window Month Start], "(Set Type not found)") | K46: =tbl_MTG_Set[[#This Row],[Released On]]+tbl_MTG_Set[[#This Row],[Buy Window Month Start]]*365.25/12 | L46: =_xlfn.xlookup(tbl_MTG_Set[[#This Row],[Type Name]], tbl_MTG_Set_Type[Set Type], tbl_MTG_Set_Type[Buy Window Month End], "(Set Type not found)", 0, 1) | M46: =tbl_MTG_Set[[#This Row],[Released On]]+tbl_MTG_Set[[#This Row],[Buy Window Month End]]*365.25/12 | N46: =AND(NOW()>=tbl_MTG_Set[[#This Row],[Buy Window Start]], NOW()<=tbl_MTG_Set[[#This Row],[Buy Window End]]) | O46: =_xlfn.xlookup(tbl_MTG_Set[[#This Row],[Type Name]], tbl_MTG_Set_Type[Set Type], tbl_MTG_Set_Type[Heavy Printing Window Month Start], "(Set Type not found)", 0, 1) | P46: =tbl_MTG_Set[[#This Row],[Released On]]+tbl_MTG_Set[[#This Row],[Heavy Printing Window Month Start]]*365.25/12 | Q46: =_xlfn.xlookup(tbl_MTG_Set[[#This Row],[Type Name]], tbl_MTG_Set_Type[Set Type], tbl_MTG_Set_Type[Heavy Printing Window Month End], "(Set Type not found)", 0, 1) | R46: =tbl_MTG_Set[[#This Row],[Released On]]+tbl_MTG_Set[[#This Row],[Heavy Printing Window Month End]]*365.25/12 | S46: =AND(NOW()>=tbl_MTG_Set[[#This Row],[Heavy Printing Window Start]], NOW()<=tbl_MTG_Set[[#This Row],[Heavy Printing Window End]]) | T46: =_xlfn.xlookup(tbl_MTG_Set[[#This Row],[Type Name]], tbl_MTG_Set_Type[Set Type], tbl_MTG_Set_Type[Sell Window Month Start], "(Set Type not found)", 0, 1) | U46: =tbl_MTG_Set[[#This Row],[Released On]]+tbl_MTG_Set[[#This Row],[Sell Window Month Start]]*365.25/12 | V46: =_xlfn.xlookup(tbl_MTG_Set[[#This Row],[Type Name]], tbl_MTG_Set_Type[Set Type], tbl_MTG_Set_Type[Sell Window Month End], "(Set Type not found)", 0, 1) | W46: =tbl_MTG_Set[[#This Row],[Released On]]+tbl_MTG_Set[[#This Row],[Sell Window Month End]]*365.25/12 | X46: =AND(NOW()>=tbl_MTG_Set[[#This Row],[Sell Window Start]], NOW()<=tbl_MTG_Set[[#This Row],[Sell Window End]]) | AJ46: {=IF(ISERROR(MIN(_xlfn._xlws.filter(tbl_Sourcing[Source Unit Cost], (tbl_Sourcing[Product Id]=tbl_MTG_Set[[#This Row],[Play Booster Box Product Id]])*(tbl_Sourcing[Active]=TRUE())))), "", MIN(_xlfn._xlws.filter(tbl_Sourcing[Source Unit Cost], (tbl_Sourcing[Product Id]=tbl_MTG_Set[[#This Row],[Play Booster Box Product Id]])*(tbl_Sourcing[Active]=TRUE()))))} | AK46: {=IF(ISERROR(INDEX(_xlfn._xlws.filter(tbl_Sourcing[Source Name], (tbl_Sourcing[Product Id]=tbl_MTG_Set[[#This Row],[Play Booster Box Product Id]])*(tbl_Sourcing[Active]=TRUE())*(tbl_Sourcing[Source Unit Cost]=tbl_MTG_Set[[#This Row],[Play Booster Box Cost]])), 1)), "", INDEX(_xlfn._xlws.filter(tbl_Sourcing[Source Name], (tbl_Sourcing[Product Id]=tbl_MTG_Set[[#This Row],[Play Booster Box Product Id]])*(tbl_Sourcing[Active]=TRUE())*(tbl_Sourcing[Source Unit Cost]=tbl_MTG_Set[[#This Row],[Play Booster Box Cost]])), 1))} | AL46: =_xlfn.xlookup(tbl_MTG_Set[[#This Row],[Play Booster Box Product Id]], tbl_Product[Product Id], tbl_Product[Pack Size]) | AM46: =(tbl_MTG_Set[[#This Row],[Play Booster Box Cost]]+v_Item_Shipping_Cost_In)/tbl_MTG_Set[[#This Row],[Play Booster Box Size]] | AT46: =tbl_MTG_Set[[#This Row],[Play Booster Sell Price CardMarket]]*tbl_MTG_Set[[#This Row],[Play Booster Expected Market Value]]/tbl_MTG_Set[[#This Row],[Play Boost Sealed Market Value]]
A47: 115 | B47: Alchemy: Outlaws of Thunder Junction YOTJ | C47: 30 | D47: 45419 | E47: Standard Expansion | F47: en es fr de it pt ja ko ru 汉语 漢語 | G47: 176 | H47: =MONTH(NOW())+12*YEAR(NOW())-MONTH(tbl_MTG_Set[[#This Row],[Released On]])-12*YEAR(tbl_MTG_Set[[#This Row],[Released On]]) | I47: =_xlfn.xlookup(tbl_MTG_Set[[#This Row],[Type Name]], tbl_MTG_Set_Type[Set Type], tbl_MTG_Set_Type[Index], "(Set Type not found)") | J47: =_xlfn.xlookup(tbl_MTG_Set[[#This Row],[Type Name]], tbl_MTG_Set_Type[Set Type], tbl_MTG_Set_Type[Buy Window Month Start], "(Set Type not found)") | K47: =tbl_MTG_Set[[#This Row],[Released On]]+tbl_MTG_Set[[#This Row],[Buy Window Month Start]]*365.25/12 | L47: =_xlfn.xlookup(tbl_MTG_Set[[#This Row],[Type Name]], tbl_MTG_Set_Type[Set Type], tbl_MTG_Set_Type[Buy Window Month End], "(Set Type not found)", 0, 1) | M47: =tbl_MTG_Set[[#This Row],[Released On]]+tbl_MTG_Set[[#This Row],[Buy Window Month End]]*365.25/12 | N47: =AND(NOW()>=tbl_MTG_Set[[#This Row],[Buy Window Start]], NOW()<=tbl_MTG_Set[[#This Row],[Buy Window End]]) | O47: =_xlfn.xlookup(tbl_MTG_Set[[#This Row],[Type Name]], tbl_MTG_Set_Type[Set Type], tbl_MTG_Set_Type[Heavy Printing Window Month Start], "(Set Type not found)", 0, 1) | P47: =tbl_MTG_Set[[#This Row],[Released On]]+tbl_MTG_Set[[#This Row],[Heavy Printing Window Month Start]]*365.25/12 | Q47: =_xlfn.xlookup(tbl_MTG_Set[[#This Row],[Type Name]], tbl_MTG_Set_Type[Set Type], tbl_MTG_Set_Type[Heavy Printing Window Month End], "(Set Type not found)", 0, 1) | R47: =tbl_MTG_Set[[#This Row],[Released On]]+tbl_MTG_Set[[#This Row],[Heavy Printing Window Month End]]*365.25/12 | S47: =AND(NOW()>=tbl_MTG_Set[[#This Row],[Heavy Printing Window Start]], NOW()<=tbl_MTG_Set[[#This Row],[Heavy Printing Window End]]) | T47: =_xlfn.xlookup(tbl_MTG_Set[[#This Row],[Type Name]], tbl_MTG_Set_Type[Set Type], tbl_MTG_Set_Type[Sell Window Month Start], "(Set Type not found)", 0, 1) | U47: =tbl_MTG_Set[[#This Row],[Released On]]+tbl_MTG_Set[[#This Row],[Sell Window Month Start]]*365.25/12 | V47: =_xlfn.xlookup(tbl_MTG_Set[[#This Row],[Type Name]], tbl_MTG_Set_Type[Set Type], tbl_MTG_Set_Type[Sell Window Month End], "(Set Type not found)", 0, 1) | W47: =tbl_MTG_Set[[#This Row],[Released On]]+tbl_MTG_Set[[#This Row],[Sell Window Month End]]*365.25/12 | X47: =AND(NOW()>=tbl_MTG_Set[[#This Row],[Sell Window Start]], NOW()<=tbl_MTG_Set[[#This Row],[Sell Window End]]) | AJ47: {=IF(ISERROR(MIN(_xlfn._xlws.filter(tbl_Sourcing[Source Unit Cost], (tbl_Sourcing[Product Id]=tbl_MTG_Set[[#This Row],[Play Booster Box Product Id]])*(tbl_Sourcing[Active]=TRUE())))), "", MIN(_xlfn._xlws.filter(tbl_Sourcing[Source Unit Cost], (tbl_Sourcing[Product Id]=tbl_MTG_Set[[#This Row],[Play Booster Box Product Id]])*(tbl_Sourcing[Active]=TRUE()))))} | AK47: {=IF(ISERROR(INDEX(_xlfn._xlws.filter(tbl_Sourcing[Source Name], (tbl_Sourcing[Product Id]=tbl_MTG_Set[[#This Row],[Play Booster Box Product Id]])*(tbl_Sourcing[Active]=TRUE())*(tbl_Sourcing[Source Unit Cost]=tbl_MTG_Set[[#This Row],[Play Booster Box Cost]])), 1)), "", INDEX(_xlfn._xlws.filter(tbl_Sourcing[Source Name], (tbl_Sourcing[Product Id]=tbl_MTG_Set[[#This Row],[Play Booster Box Product Id]])*(tbl_Sourcing[Active]=TRUE())*(tbl_Sourcing[Source Unit Cost]=tbl_MTG_Set[[#This Row],[Play Booster Box Cost]])), 1))} | AL47: =_xlfn.xlookup(tbl_MTG_Set[[#This Row],[Play Booster Box Product Id]], tbl_Product[Product Id], tbl_Product[Pack Size]) | AM47: =(tbl_MTG_Set[[#This Row],[Play Booster Box Cost]]+v_Item_Shipping_Cost_In)/tbl_MTG_Set[[#This Row],[Play Booster Box Size]] | AT47: =tbl_MTG_Set[[#This Row],[Play Booster Sell Price CardMarket]]*tbl_MTG_Set[[#This Row],[Play Booster Expected Market Value]]/tbl_MTG_Set[[#This Row],[Play Boost Sealed Market Value]]
A48: 201 | B48: Alchemy: Phyrexia YONE | C48: 30 | D48: 44985 | F48: en es fr de it pt ja ko ru 汉语 漢語 | G48: 348 | H48: =MONTH(NOW())+12*YEAR(NOW())-MONTH(tbl_MTG_Set[[#This Row],[Released On]])-12*YEAR(tbl_MTG_Set[[#This Row],[Released On]]) | I48: =_xlfn.xlookup(tbl_MTG_Set[[#This Row],[Type Name]], tbl_MTG_Set_Type[Set Type], tbl_MTG_Set_Type[Index], "(Set Type not found)") | J48: =_xlfn.xlookup(tbl_MTG_Set[[#This Row],[Type Name]], tbl_MTG_Set_Type[Set Type], tbl_MTG_Set_Type[Buy Window Month Start], "(Set Type not found)") | K48: =tbl_MTG_Set[[#This Row],[Released On]]+tbl_MTG_Set[[#This Row],[Buy Window Month Start]]*365.25/12 | L48: =_xlfn.xlookup(tbl_MTG_Set[[#This Row],[Type Name]], tbl_MTG_Set_Type[Set Type], tbl_MTG_Set_Type[Buy Window Month End], "(Set Type not found)", 0, 1) | M48: =tbl_MTG_Set[[#This Row],[Released On]]+tbl_MTG_Set[[#This Row],[Buy Window Month End]]*365.25/12 | N48: =AND(NOW()>=tbl_MTG_Set[[#This Row],[Buy Window Start]], NOW()<=tbl_MTG_Set[[#This Row],[Buy Window End]]) | O48: =_xlfn.xlookup(tbl_MTG_Set[[#This Row],[Type Name]], tbl_MTG_Set_Type[Set Type], tbl_MTG_Set_Type[Heavy Printing Window Month Start], "(Set Type not found)", 0, 1) | P48: =tbl_MTG_Set[[#This Row],[Released On]]+tbl_MTG_Set[[#This Row],[Heavy Printing Window Month Start]]*365.25/12 | Q48: =_xlfn.xlookup(tbl_MTG_Set[[#This Row],[Type Name]], tbl_MTG_Set_Type[Set Type], tbl_MTG_Set_Type[Heavy Printing Window Month End], "(Set Type not found)", 0, 1) | R48: =tbl_MTG_Set[[#This Row],[Released On]]+tbl_MTG_Set[[#This Row],[Heavy Printing Window Month End]]*365.25/12 | S48: =AND(NOW()>=tbl_MTG_Set[[#This Row],[Heavy Printing Window Start]], NOW()<=tbl_MTG_Set[[#This Row],[Heavy Printing Window End]]) | T48: =_xlfn.xlookup(tbl_MTG_Set[[#This Row],[Type Name]], tbl_MTG_Set_Type[Set Type], tbl_MTG_Set_Type[Sell Window Month Start], "(Set Type not found)", 0, 1) | U48: =tbl_MTG_Set[[#This Row],[Released On]]+tbl_MTG_Set[[#This Row],[Sell Window Month Start]]*365.25/12 | V48: =_xlfn.xlookup(tbl_MTG_Set[[#This Row],[Type Name]], tbl_MTG_Set_Type[Set Type], tbl_MTG_Set_Type[Sell Window Month End], "(Set Type not found)", 0, 1) | W48: =tbl_MTG_Set[[#This Row],[Released On]]+tbl_MTG_Set[[#This Row],[Sell Window Month End]]*365.25/12 | X48: =AND(NOW()>=tbl_MTG_Set[[#This Row],[Sell Window Start]], NOW()<=tbl_MTG_Set[[#This Row],[Sell Window End]]) | AJ48: {=IF(ISERROR(MIN(_xlfn._xlws.filter(tbl_Sourcing[Source Unit Cost], (tbl_Sourcing[Product Id]=tbl_MTG_Set[[#This Row],[Play Booster Box Product Id]])*(tbl_Sourcing[Active]=TRUE())))), "", MIN(_xlfn._xlws.filter(tbl_Sourcing[Source Unit Cost], (tbl_Sourcing[Product Id]=tbl_MTG_Set[[#This Row],[Play Booster Box Product Id]])*(tbl_Sourcing[Active]=TRUE()))))} | AK48: {=IF(ISERROR(INDEX(_xlfn._xlws.filter(tbl_Sourcing[Source Name], (tbl_Sourcing[Product Id]=tbl_MTG_Set[[#This Row],[Play Booster Box Product Id]])*(tbl_Sourcing[Active]=TRUE())*(tbl_Sourcing[Source Unit Cost]=tbl_MTG_Set[[#This Row],[Play Booster Box Cost]])), 1)), "", INDEX(_xlfn._xlws.filter(tbl_Sourcing[Source Name], (tbl_Sourcing[Product Id]=tbl_MTG_Set[[#This Row],[Play Booster Box Product Id]])*(tbl_Sourcing[Active]=TRUE())*(tbl_Sourcing[Source Unit Cost]=tbl_MTG_Set[[#This Row],[Play Booster Box Cost]])), 1))} | AL48: =_xlfn.xlookup(tbl_MTG_Set[[#This Row],[Play Booster Box Product Id]], tbl_Product[Product Id], tbl_Product[Pack Size]) | AM48: =(tbl_MTG_Set[[#This Row],[Play Booster Box Cost]]+v_Item_Shipping_Cost_In)/tbl_MTG_Set[[#This Row],[Play Booster Box Size]] | AT48: =tbl_MTG_Set[[#This Row],[Play Booster Sell Price CardMarket]]*tbl_MTG_Set[[#This Row],[Play Booster Expected Market Value]]/tbl_MTG_Set[[#This Row],[Play Boost Sealed Market Value]]
A49: 52 | B49: Alchemy: Tarkir YTDM | C49: 30 | D49: 45776 | E49: Standard Expansion | F49: en es fr de it pt ja ko ru 汉语 漢語 | G49: 53 | H49: =MONTH(NOW())+12*YEAR(NOW())-MONTH(tbl_MTG_Set[[#This Row],[Released On]])-12*YEAR(tbl_MTG_Set[[#This Row],[Released On]]) | I49: =_xlfn.xlookup(tbl_MTG_Set[[#This Row],[Type Name]], tbl_MTG_Set_Type[Set Type], tbl_MTG_Set_Type[Index], "(Set Type not found)") | J49: =_xlfn.xlookup(tbl_MTG_Set[[#This Row],[Type Name]], tbl_MTG_Set_Type[Set Type], tbl_MTG_Set_Type[Buy Window Month Start], "(Set Type not found)") | K49: =tbl_MTG_Set[[#This Row],[Released On]]+tbl_MTG_Set[[#This Row],[Buy Window Month Start]]*365.25/12 | L49: =_xlfn.xlookup(tbl_MTG_Set[[#This Row],[Type Name]], tbl_MTG_Set_Type[Set Type], tbl_MTG_Set_Type[Buy Window Month End], "(Set Type not found)", 0, 1) | M49: =tbl_MTG_Set[[#This Row],[Released On]]+tbl_MTG_Set[[#This Row],[Buy Window Month End]]*365.25/12 | N49: =AND(NOW()>=tbl_MTG_Set[[#This Row],[Buy Window Start]], NOW()<=tbl_MTG_Set[[#This Row],[Buy Window End]]) | O49: =_xlfn.xlookup(tbl_MTG_Set[[#This Row],[Type Name]], tbl_MTG_Set_Type[Set Type], tbl_MTG_Set_Type[Heavy Printing Window Month Start], "(Set Type not found)", 0, 1) | P49: =tbl_MTG_Set[[#This Row],[Released On]]+tbl_MTG_Set[[#This Row],[Heavy Printing Window Month Start]]*365.25/12 | Q49: =_xlfn.xlookup(tbl_MTG_Set[[#This Row],[Type Name]], tbl_MTG_Set_Type[Set Type], tbl_MTG_Set_Type[Heavy Printing Window Month End], "(Set Type not found)", 0, 1) | R49: =tbl_MTG_Set[[#This Row],[Released On]]+tbl_MTG_Set[[#This Row],[Heavy Printing Window Month End]]*365.25/12 | S49: =AND(NOW()>=tbl_MTG_Set[[#This Row],[Heavy Printing Window Start]], NOW()<=tbl_MTG_Set[[#This Row],[Heavy Printing Window End]]) | T49: =_xlfn.xlookup(tbl_MTG_Set[[#This Row],[Type Name]], tbl_MTG_Set_Type[Set Type], tbl_MTG_Set_Type[Sell Window Month Start], "(Set Type not found)", 0, 1) | U49: =tbl_MTG_Set[[#This Row],[Released On]]+tbl_MTG_Set[[#This Row],[Sell Window Month Start]]*365.25/12 | V49: =_xlfn.xlookup(tbl_MTG_Set[[#This Row],[Type Name]], tbl_MTG_Set_Type[Set Type], tbl_MTG_Set_Type[Sell Window Month End], "(Set Type not found)", 0, 1) | W49: =tbl_MTG_Set[[#This Row],[Released On]]+tbl_MTG_Set[[#This Row],[Sell Window Month End]]*365.25/12 | X49: =AND(NOW()>=tbl_MTG_Set[[#This Row],[Sell Window Start]], NOW()<=tbl_MTG_Set[[#This Row],[Sell Window End]]) | AJ49: {=IF(ISERROR(MIN(_xlfn._xlws.filter(tbl_Sourcing[Source Unit Cost], (tbl_Sourcing[Product Id]=tbl_MTG_Set[[#This Row],[Play Booster Box Product Id]])*(tbl_Sourcing[Active]=TRUE())))), "", MIN(_xlfn._xlws.filter(tbl_Sourcing[Source Unit Cost], (tbl_Sourcing[Product Id]=tbl_MTG_Set[[#This Row],[Play Booster Box Product Id]])*(tbl_Sourcing[Active]=TRUE()))))} | AK49: {=IF(ISERROR(INDEX(_xlfn._xlws.filter(tbl_Sourcing[Source Name], (tbl_Sourcing[Product Id]=tbl_MTG_Set[[#This Row],[Play Booster Box Product Id]])*(tbl_Sourcing[Active]=TRUE())*(tbl_Sourcing[Source Unit Cost]=tbl_MTG_Set[[#This Row],[Play Booster Box Cost]])), 1)), "", INDEX(_xlfn._xlws.filter(tbl_Sourcing[Source Name], (tbl_Sourcing[Product Id]=tbl_MTG_Set[[#This Row],[Play Booster Box Product Id]])*(tbl_Sourcing[Active]=TRUE())*(tbl_Sourcing[Source Unit Cost]=tbl_MTG_Set[[#This Row],[Play Booster Box Cost]])), 1))} | AL49: =_xlfn.xlookup(tbl_MTG_Set[[#This Row],[Play Booster Box Product Id]], tbl_Product[Product Id], tbl_Product[Pack Size]) | AM49: =(tbl_MTG_Set[[#This Row],[Play Booster Box Cost]]+v_Item_Shipping_Cost_In)/tbl_MTG_Set[[#This Row],[Play Booster Box Size]] | AT49: =tbl_MTG_Set[[#This Row],[Play Booster Sell Price CardMarket]]*tbl_MTG_Set[[#This Row],[Play Booster Expected Market Value]]/tbl_MTG_Set[[#This Row],[Play Boost Sealed Market Value]]
A50: 229 | B50: Alchemy: The Brothers' War YBRO | C50: 31 | D50: 44908 | F50: en es fr de it pt ja ko ru 汉语 漢語 | G50: 404 | H50: =MONTH(NOW())+12*YEAR(NOW())-MONTH(tbl_MTG_Set[[#This Row],[Released On]])-12*YEAR(tbl_MTG_Set[[#This Row],[Released On]]) | I50: =_xlfn.xlookup(tbl_MTG_Set[[#This Row],[Type Name]], tbl_MTG_Set_Type[Set Type], tbl_MTG_Set_Type[Index], "(Set Type not found)") | J50: =_xlfn.xlookup(tbl_MTG_Set[[#This Row],[Type Name]], tbl_MTG_Set_Type[Set Type], tbl_MTG_Set_Type[Buy Window Month Start], "(Set Type not found)") | K50: =tbl_MTG_Set[[#This Row],[Released On]]+tbl_MTG_Set[[#This Row],[Buy Window Month Start]]*365.25/12 | L50: =_xlfn.xlookup(tbl_MTG_Set[[#This Row],[Type Name]], tbl_MTG_Set_Type[Set Type], tbl_MTG_Set_Type[Buy Window Month End], "(Set Type not found)", 0, 1) | M50: =tbl_MTG_Set[[#This Row],[Released On]]+tbl_MTG_Set[[#This Row],[Buy Window Month End]]*365.25/12 | N50: =AND(NOW()>=tbl_MTG_Set[[#This Row],[Buy Window Start]], NOW()<=tbl_MTG_Set[[#This Row],[Buy Window End]]) | O50: =_xlfn.xlookup(tbl_MTG_Set[[#This Row],[Type Name]], tbl_MTG_Set_Type[Set Type], tbl_MTG_Set_Type[Heavy Printing Window Month Start], "(Set Type not found)", 0, 1) | P50: =tbl_MTG_Set[[#This Row],[Released On]]+tbl_MTG_Set[[#This Row],[Heavy Printing Window Month Start]]*365.25/12 | Q50: =_xlfn.xlookup(tbl_MTG_Set[[#This Row],[Type Name]], tbl_MTG_Set_Type[Set Type], tbl_MTG_Set_Type[Heavy Printing Window Month End], "(Set Type not found)", 0, 1) | R50: =tbl_MTG_Set[[#This Row],[Released On]]+tbl_MTG_Set[[#This Row],[Heavy Printing Window Month End]]*365.25/12 | S50: =AND(NOW()>=tbl_MTG_Set[[#This Row],[Heavy Printing Window Start]], NOW()<=tbl_MTG_Set[[#This Row],[Heavy Printing Window End]]) | T50: =_xlfn.xlookup(tbl_MTG_Set[[#This Row],[Type Name]], tbl_MTG_Set_Type[Set Type], tbl_MTG_Set_Type[Sell Window Month Start], "(Set Type not found)", 0, 1) | U50: =tbl_MTG_Set[[#This Row],[Released On]]+tbl_MTG_Set[[#This Row],[Sell Window Month Start]]*365.25/12 | V50: =_xlfn.xlookup(tbl_MTG_Set[[#This Row],[Type Name]], tbl_MTG_Set_Type[Set Type], tbl_MTG_Set_Type[Sell Window Month End], "(Set Type not found)", 0, 1) | W50: =tbl_MTG_Set[[#This Row],[Released On]]+tbl_MTG_Set[[#This Row],[Sell Window Month End]]*365.25/12 | X50: =AND(NOW()>=tbl_MTG_Set[[#This Row],[Sell Window Start]], NOW()<=tbl_MTG_Set[[#This Row],[Sell Window End]]) | AJ50: {=IF(ISERROR(MIN(_xlfn._xlws.filter(tbl_Sourcing[Source Unit Cost], (tbl_Sourcing[Product Id]=tbl_MTG_Set[[#This Row],[Play Booster Box Product Id]])*(tbl_Sourcing[Active]=TRUE())))), "", MIN(_xlfn._xlws.filter(tbl_Sourcing[Source Unit Cost], (tbl_Sourcing[Product Id]=tbl_MTG_Set[[#This Row],[Play Booster Box Product Id]])*(tbl_Sourcing[Active]=TRUE()))))} | AK50: {=IF(ISERROR(INDEX(_xlfn._xlws.filter(tbl_Sourcing[Source Name], (tbl_Sourcing[Product Id]=tbl_MTG_Set[[#This Row],[Play Booster Box Product Id]])*(tbl_Sourcing[Active]=TRUE())*(tbl_Sourcing[Source Unit Cost]=tbl_MTG_Set[[#This Row],[Play Booster Box Cost]])), 1)), "", INDEX(_xlfn._xlws.filter(tbl_Sourcing[Source Name], (tbl_Sourcing[Product Id]=tbl_MTG_Set[[#This Row],[Play Booster Box Product Id]])*(tbl_Sourcing[Active]=TRUE())*(tbl_Sourcing[Source Unit Cost]=tbl_MTG_Set[[#This Row],[Play Booster Box Cost]])), 1))} | AL50: =_xlfn.xlookup(tbl_MTG_Set[[#This Row],[Play Booster Box Product Id]], tbl_Product[Product Id], tbl_Product[Pack Size]) | AM50: =(tbl_MTG_Set[[#This Row],[Play Booster Box Cost]]+v_Item_Shipping_Cost_In)/tbl_MTG_Set[[#This Row],[Play Booster Box Size]] | AT50: =tbl_MTG_Set[[#This Row],[Play Booster Sell Price CardMarket]]*tbl_MTG_Set[[#This Row],[Play Booster Expected Market Value]]/tbl_MTG_Set[[#This Row],[Play Boost Sealed Market Value]]
A51: 158 | B51: Alchemy: Wilds of Eldraine YWOE | C51: 30 | D51: 45209 | F51: en es fr de it pt ja ko ru 汉语 漢語 | G51: 262 | H51: =MONTH(NOW())+12*YEAR(NOW())-MONTH(tbl_MTG_Set[[#This Row],[Released On]])-12*YEAR(tbl_MTG_Set[[#This Row],[Released On]]) | I51: =_xlfn.xlookup(tbl_MTG_Set[[#This Row],[Type Name]], tbl_MTG_Set_Type[Set Type], tbl_MTG_Set_Type[Index], "(Set Type not found)") | J51: =_xlfn.xlookup(tbl_MTG_Set[[#This Row],[Type Name]], tbl_MTG_Set_Type[Set Type], tbl_MTG_Set_Type[Buy Window Month Start], "(Set Type not found)") | K51: =tbl_MTG_Set[[#This Row],[Released On]]+tbl_MTG_Set[[#This Row],[Buy Window Month Start]]*365.25/12 | L51: =_xlfn.xlookup(tbl_MTG_Set[[#This Row],[Type Name]], tbl_MTG_Set_Type[Set Type], tbl_MTG_Set_Type[Buy Window Month End], "(Set Type not found)", 0, 1) | M51: =tbl_MTG_Set[[#This Row],[Released On]]+tbl_MTG_Set[[#This Row],[Buy Window Month End]]*365.25/12 | N51: =AND(NOW()>=tbl_MTG_Set[[#This Row],[Buy Window Start]], NOW()<=tbl_MTG_Set[[#This Row],[Buy Window End]]) | O51: =_xlfn.xlookup(tbl_MTG_Set[[#This Row],[Type Name]], tbl_MTG_Set_Type[Set Type], tbl_MTG_Set_Type[Heavy Printing Window Month Start], "(Set Type not found)", 0, 1) | P51: =tbl_MTG_Set[[#This Row],[Released On]]+tbl_MTG_Set[[#This Row],[Heavy Printing Window Month Start]]*365.25/12 | Q51: =_xlfn.xlookup(tbl_MTG_Set[[#This Row],[Type Name]], tbl_MTG_Set_Type[Set Type], tbl_MTG_Set_Type[Heavy Printing Window Month End], "(Set Type not found)", 0, 1) | R51: =tbl_MTG_Set[[#This Row],[Released On]]+tbl_MTG_Set[[#This Row],[Heavy Printing Window Month End]]*365.25/12 | S51: =AND(NOW()>=tbl_MTG_Set[[#This Row],[Heavy Printing Window Start]], NOW()<=tbl_MTG_Set[[#This Row],[Heavy Printing Window End]]) | T51: =_xlfn.xlookup(tbl_MTG_Set[[#This Row],[Type Name]], tbl_MTG_Set_Type[Set Type], tbl_MTG_Set_Type[Sell Window Month Start], "(Set Type not found)", 0, 1) | U51: =tbl_MTG_Set[[#This Row],[Released On]]+tbl_MTG_Set[[#This Row],[Sell Window Month Start]]*365.25/12 | V51: =_xlfn.xlookup(tbl_MTG_Set[[#This Row],[Type Name]], tbl_MTG_Set_Type[Set Type], tbl_MTG_Set_Type[Sell Window Month End], "(Set Type not found)", 0, 1) | W51: =tbl_MTG_Set[[#This Row],[Released On]]+tbl_MTG_Set[[#This Row],[Sell Window Month End]]*365.25/12 | X51: =AND(NOW()>=tbl_MTG_Set[[#This Row],[Sell Window Start]], NOW()<=tbl_MTG_Set[[#This Row],[Sell Window End]]) | AJ51: {=IF(ISERROR(MIN(_xlfn._xlws.filter(tbl_Sourcing[Source Unit Cost], (tbl_Sourcing[Product Id]=tbl_MTG_Set[[#This Row],[Play Booster Box Product Id]])*(tbl_Sourcing[Active]=TRUE())))), "", MIN(_xlfn._xlws.filter(tbl_Sourcing[Source Unit Cost], (tbl_Sourcing[Product Id]=tbl_MTG_Set[[#This Row],[Play Booster Box Product Id]])*(tbl_Sourcing[Active]=TRUE()))))} | AK51: {=IF(ISERROR(INDEX(_xlfn._xlws.filter(tbl_Sourcing[Source Name], (tbl_Sourcing[Product Id]=tbl_MTG_Set[[#This Row],[Play Booster Box Product Id]])*(tbl_Sourcing[Active]=TRUE())*(tbl_Sourcing[Source Unit Cost]=tbl_MTG_Set[[#This Row],[Play Booster Box Cost]])), 1)), "", INDEX(_xlfn._xlws.filter(tbl_Sourcing[Source Name], (tbl_Sourcing[Product Id]=tbl_MTG_Set[[#This Row],[Play Booster Box Product Id]])*(tbl_Sourcing[Active]=TRUE())*(tbl_Sourcing[Source Unit Cost]=tbl_MTG_Set[[#This Row],[Play Booster Box Cost]])), 1))} | AL51: =_xlfn.xlookup(tbl_MTG_Set[[#This Row],[Play Booster Box Product Id]], tbl_Product[Product Id], tbl_Product[Pack Size]) | AM51: =(tbl_MTG_Set[[#This Row],[Play Booster Box Cost]]+v_Item_Shipping_Cost_In)/tbl_MTG_Set[[#This Row],[Play Booster Box Size]] | AT51: =tbl_MTG_Set[[#This Row],[Play Booster Sell Price CardMarket]]*tbl_MTG_Set[[#This Row],[Play Booster Expected Market Value]]/tbl_MTG_Set[[#This Row],[Play Boost Sealed Market Value]]
A52: 996 | B52: Alliances ALL | C52: 199 | D52: 35226 | F52: en es fr de it pt ja ko ru 汉语 漢語 | G52: 1938 | H52: =MONTH(NOW())+12*YEAR(NOW())-MONTH(tbl_MTG_Set[[#This Row],[Released On]])-12*YEAR(tbl_MTG_Set[[#This Row],[Released On]]) | I52: =_xlfn.xlookup(tbl_MTG_Set[[#This Row],[Type Name]], tbl_MTG_Set_Type[Set Type], tbl_MTG_Set_Type[Index], "(Set Type not found)") | J52: =_xlfn.xlookup(tbl_MTG_Set[[#This Row],[Type Name]], tbl_MTG_Set_Type[Set Type], tbl_MTG_Set_Type[Buy Window Month Start], "(Set Type not found)") | K52: =tbl_MTG_Set[[#This Row],[Released On]]+tbl_MTG_Set[[#This Row],[Buy Window Month Start]]*365.25/12 | L52: =_xlfn.xlookup(tbl_MTG_Set[[#This Row],[Type Name]], tbl_MTG_Set_Type[Set Type], tbl_MTG_Set_Type[Buy Window Month End], "(Set Type not found)", 0, 1) | M52: =tbl_MTG_Set[[#This Row],[Released On]]+tbl_MTG_Set[[#This Row],[Buy Window Month End]]*365.25/12 | N52: =AND(NOW()>=tbl_MTG_Set[[#This Row],[Buy Window Start]], NOW()<=tbl_MTG_Set[[#This Row],[Buy Window End]]) | O52: =_xlfn.xlookup(tbl_MTG_Set[[#This Row],[Type Name]], tbl_MTG_Set_Type[Set Type], tbl_MTG_Set_Type[Heavy Printing Window Month Start], "(Set Type not found)", 0, 1) | P52: =tbl_MTG_Set[[#This Row],[Released On]]+tbl_MTG_Set[[#This Row],[Heavy Printing Window Month Start]]*365.25/12 | Q52: =_xlfn.xlookup(tbl_MTG_Set[[#This Row],[Type Name]], tbl_MTG_Set_Type[Set Type], tbl_MTG_Set_Type[Heavy Printing Window Month End], "(Set Type not found)", 0, 1) | R52: =tbl_MTG_Set[[#This Row],[Released On]]+tbl_MTG_Set[[#This Row],[Heavy Printing Window Month End]]*365.25/12 | S52: =AND(NOW()>=tbl_MTG_Set[[#This Row],[Heavy Printing Window Start]], NOW()<=tbl_MTG_Set[[#This Row],[Heavy Printing Window End]]) | T52: =_xlfn.xlookup(tbl_MTG_Set[[#This Row],[Type Name]], tbl_MTG_Set_Type[Set Type], tbl_MTG_Set_Type[Sell Window Month Start], "(Set Type not found)", 0, 1) | U52: =tbl_MTG_Set[[#This Row],[Released On]]+tbl_MTG_Set[[#This Row],[Sell Window Month Start]]*365.25/12 | V52: =_xlfn.xlookup(tbl_MTG_Set[[#This Row],[Type Name]], tbl_MTG_Set_Type[Set Type], tbl_MTG_Set_Type[Sell Window Month End], "(Set Type not found)", 0, 1) | W52: =tbl_MTG_Set[[#This Row],[Released On]]+tbl_MTG_Set[[#This Row],[Sell Window Month End]]*365.25/12 | X52: =AND(NOW()>=tbl_MTG_Set[[#This Row],[Sell Window Start]], NOW()<=tbl_MTG_Set[[#This Row],[Sell Window End]]) | AJ52: {=IF(ISERROR(MIN(_xlfn._xlws.filter(tbl_Sourcing[Source Unit Cost], (tbl_Sourcing[Product Id]=tbl_MTG_Set[[#This Row],[Play Booster Box Product Id]])*(tbl_Sourcing[Active]=TRUE())))), "", MIN(_xlfn._xlws.filter(tbl_Sourcing[Source Unit Cost], (tbl_Sourcing[Product Id]=tbl_MTG_Set[[#This Row],[Play Booster Box Product Id]])*(tbl_Sourcing[Active]=TRUE()))))} | AK52: {=IF(ISERROR(INDEX(_xlfn._xlws.filter(tbl_Sourcing[Source Name], (tbl_Sourcing[Product Id]=tbl_MTG_Set[[#This Row],[Play Booster Box Product Id]])*(tbl_Sourcing[Active]=TRUE())*(tbl_Sourcing[Source Unit Cost]=tbl_MTG_Set[[#This Row],[Play Booster Box Cost]])), 1)), "", INDEX(_xlfn._xlws.filter(tbl_Sourcing[Source Name], (tbl_Sourcing[Product Id]=tbl_MTG_Set[[#This Row],[Play Booster Box Product Id]])*(tbl_Sourcing[Active]=TRUE())*(tbl_Sourcing[Source Unit Cost]=tbl_MTG_Set[[#This Row],[Play Booster Box Cost]])), 1))} | AL52: =_xlfn.xlookup(tbl_MTG_Set[[#This Row],[Play Booster Box Product Id]], tbl_Product[Product Id], tbl_Product[Pack Size]) | AM52: =(tbl_MTG_Set[[#This Row],[Play Booster Box Cost]]+v_Item_Shipping_Cost_In)/tbl_MTG_Set[[#This Row],[Play Booster Box Size]] | AT52: =tbl_MTG_Set[[#This Row],[Play Booster Sell Price CardMarket]]*tbl_MTG_Set[[#This Row],[Play Booster Expected Market Value]]/tbl_MTG_Set[[#This Row],[Play Boost Sealed Market Value]]
A53: 533 | B53: Amonkhet AKH | C53: 287 | D53: 42853 | F53: en es fr de it pt ja ko ru 汉语 漢語 | G53: 1012 | H53: =MONTH(NOW())+12*YEAR(NOW())-MONTH(tbl_MTG_Set[[#This Row],[Released On]])-12*YEAR(tbl_MTG_Set[[#This Row],[Released On]]) | I53: =_xlfn.xlookup(tbl_MTG_Set[[#This Row],[Type Name]], tbl_MTG_Set_Type[Set Type], tbl_MTG_Set_Type[Index], "(Set Type not found)") | J53: =_xlfn.xlookup(tbl_MTG_Set[[#This Row],[Type Name]], tbl_MTG_Set_Type[Set Type], tbl_MTG_Set_Type[Buy Window Month Start], "(Set Type not found)") | K53: =tbl_MTG_Set[[#This Row],[Released On]]+tbl_MTG_Set[[#This Row],[Buy Window Month Start]]*365.25/12 | L53: =_xlfn.xlookup(tbl_MTG_Set[[#This Row],[Type Name]], tbl_MTG_Set_Type[Set Type], tbl_MTG_Set_Type[Buy Window Month End], "(Set Type not found)", 0, 1) | M53: =tbl_MTG_Set[[#This Row],[Released On]]+tbl_MTG_Set[[#This Row],[Buy Window Month End]]*365.25/12 | N53: =AND(NOW()>=tbl_MTG_Set[[#This Row],[Buy Window Start]], NOW()<=tbl_MTG_Set[[#This Row],[Buy Window End]]) | O53: =_xlfn.xlookup(tbl_MTG_Set[[#This Row],[Type Name]], tbl_MTG_Set_Type[Set Type], tbl_MTG_Set_Type[Heavy Printing Window Month Start], "(Set Type not found)", 0, 1) | P53: =tbl_MTG_Set[[#This Row],[Released On]]+tbl_MTG_Set[[#This Row],[Heavy Printing Window Month Start]]*365.25/12 | Q53: =_xlfn.xlookup(tbl_MTG_Set[[#This Row],[Type Name]], tbl_MTG_Set_Type[Set Type], tbl_MTG_Set_Type[Heavy Printing Window Month End], "(Set Type not found)", 0, 1) | R53: =tbl_MTG_Set[[#This Row],[Released On]]+tbl_MTG_Set[[#This Row],[Heavy Printing Window Month End]]*365.25/12 | S53: =AND(NOW()>=tbl_MTG_Set[[#This Row],[Heavy Printing Window Start]], NOW()<=tbl_MTG_Set[[#This Row],[Heavy Printing Window End]]) | T53: =_xlfn.xlookup(tbl_MTG_Set[[#This Row],[Type Name]], tbl_MTG_Set_Type[Set Type], tbl_MTG_Set_Type[Sell Window Month Start], "(Set Type not found)", 0, 1) | U53: =tbl_MTG_Set[[#This Row],[Released On]]+tbl_MTG_Set[[#This Row],[Sell Window Month Start]]*365.25/12 | V53: =_xlfn.xlookup(tbl_MTG_Set[[#This Row],[Type Name]], tbl_MTG_Set_Type[Set Type], tbl_MTG_Set_Type[Sell Window Month End], "(Set Type not found)", 0, 1) | W53: =tbl_MTG_Set[[#This Row],[Released On]]+tbl_MTG_Set[[#This Row],[Sell Window Month End]]*365.25/12 | X53: =AND(NOW()>=tbl_MTG_Set[[#This Row],[Sell Window Start]], NOW()<=tbl_MTG_Set[[#This Row],[Sell Window End]]) | AJ53: {=IF(ISERROR(MIN(_xlfn._xlws.filter(tbl_Sourcing[Source Unit Cost], (tbl_Sourcing[Product Id]=tbl_MTG_Set[[#This Row],[Play Booster Box Product Id]])*(tbl_Sourcing[Active]=TRUE())))), "", MIN(_xlfn._xlws.filter(tbl_Sourcing[Source Unit Cost], (tbl_Sourcing[Product Id]=tbl_MTG_Set[[#This Row],[Play Booster Box Product Id]])*(tbl_Sourcing[Active]=TRUE()))))} | AK53: {=IF(ISERROR(INDEX(_xlfn._xlws.filter(tbl_Sourcing[Source Name], (tbl_Sourcing[Product Id]=tbl_MTG_Set[[#This Row],[Play Booster Box Product Id]])*(tbl_Sourcing[Active]=TRUE())*(tbl_Sourcing[Source Unit Cost]=tbl_MTG_Set[[#This Row],[Play Booster Box Cost]])), 1)), "", INDEX(_xlfn._xlws.filter(tbl_Sourcing[Source Name], (tbl_Sourcing[Product Id]=tbl_MTG_Set[[#This Row],[Play Booster Box Product Id]])*(tbl_Sourcing[Active]=TRUE())*(tbl_Sourcing[Source Unit Cost]=tbl_MTG_Set[[#This Row],[Play Booster Box Cost]])), 1))} | AL53: =_xlfn.xlookup(tbl_MTG_Set[[#This Row],[Play Booster Box Product Id]], tbl_Product[Product Id], tbl_Product[Pack Size]) | AM53: =(tbl_MTG_Set[[#This Row],[Play Booster Box Cost]]+v_Item_Shipping_Cost_In)/tbl_MTG_Set[[#This Row],[Play Booster Box Size]] | AT53: =tbl_MTG_Set[[#This Row],[Play Booster Sell Price CardMarket]]*tbl_MTG_Set[[#This Row],[Play Booster Expected Market Value]]/tbl_MTG_Set[[#This Row],[Play Boost Sealed Market Value]]
A54: 534 | B54: Amonkhet Invocations MP2 | C54: 54 | D54: 42853 | F54: en es fr de it pt ja ko ru 汉语 漢語 | G54: 1014 | H54: =MONTH(NOW())+12*YEAR(NOW())-MONTH(tbl_MTG_Set[[#This Row],[Released On]])-12*YEAR(tbl_MTG_Set[[#This Row],[Released On]]) | I54: =_xlfn.xlookup(tbl_MTG_Set[[#This Row],[Type Name]], tbl_MTG_Set_Type[Set Type], tbl_MTG_Set_Type[Index], "(Set Type not found)") | J54: =_xlfn.xlookup(tbl_MTG_Set[[#This Row],[Type Name]], tbl_MTG_Set_Type[Set Type], tbl_MTG_Set_Type[Buy Window Month Start], "(Set Type not found)") | K54: =tbl_MTG_Set[[#This Row],[Released On]]+tbl_MTG_Set[[#This Row],[Buy Window Month Start]]*365.25/12 | L54: =_xlfn.xlookup(tbl_MTG_Set[[#This Row],[Type Name]], tbl_MTG_Set_Type[Set Type], tbl_MTG_Set_Type[Buy Window Month End], "(Set Type not found)", 0, 1) | M54: =tbl_MTG_Set[[#This Row],[Released On]]+tbl_MTG_Set[[#This Row],[Buy Window Month End]]*365.25/12 | N54: =AND(NOW()>=tbl_MTG_Set[[#This Row],[Buy Window Start]], NOW()<=tbl_MTG_Set[[#This Row],[Buy Window End]]) | O54: =_xlfn.xlookup(tbl_MTG_Set[[#This Row],[Type Name]], tbl_MTG_Set_Type[Set Type], tbl_MTG_Set_Type[Heavy Printing Window Month Start], "(Set Type not found)", 0, 1) | P54: =tbl_MTG_Set[[#This Row],[Released On]]+tbl_MTG_Set[[#This Row],[Heavy Printing Window Month Start]]*365.25/12 | Q54: =_xlfn.xlookup(tbl_MTG_Set[[#This Row],[Type Name]], tbl_MTG_Set_Type[Set Type], tbl_MTG_Set_Type[Heavy Printing Window Month End], "(Set Type not found)", 0, 1) | R54: =tbl_MTG_Set[[#This Row],[Released On]]+tbl_MTG_Set[[#This Row],[Heavy Printing Window Month End]]*365.25/12 | S54: =AND(NOW()>=tbl_MTG_Set[[#This Row],[Heavy Printing Window Start]], NOW()<=tbl_MTG_Set[[#This Row],[Heavy Printing Window End]]) | T54: =_xlfn.xlookup(tbl_MTG_Set[[#This Row],[Type Name]], tbl_MTG_Set_Type[Set Type], tbl_MTG_Set_Type[Sell Window Month Start], "(Set Type not found)", 0, 1) | U54: =tbl_MTG_Set[[#This Row],[Released On]]+tbl_MTG_Set[[#This Row],[Sell Window Month Start]]*365.25/12 | V54: =_xlfn.xlookup(tbl_MTG_Set[[#This Row],[Type Name]], tbl_MTG_Set_Type[Set Type], tbl_MTG_Set_Type[Sell Window Month End], "(Set Type not found)", 0, 1) | W54: =tbl_MTG_Set[[#This Row],[Released On]]+tbl_MTG_Set[[#This Row],[Sell Window Month End]]*365.25/12 | X54: =AND(NOW()>=tbl_MTG_Set[[#This Row],[Sell Window Start]], NOW()<=tbl_MTG_Set[[#This Row],[Sell Window End]]) | AJ54: {=IF(ISERROR(MIN(_xlfn._xlws.filter(tbl_Sourcing[Source Unit Cost], (tbl_Sourcing[Product Id]=tbl_MTG_Set[[#This Row],[Play Booster Box Product Id]])*(tbl_Sourcing[Active]=TRUE())))), "", MIN(_xlfn._xlws.filter(tbl_Sourcing[Source Unit Cost], (tbl_Sourcing[Product Id]=tbl_MTG_Set[[#This Row],[Play Booster Box Product Id]])*(tbl_Sourcing[Active]=TRUE()))))} | AK54: {=IF(ISERROR(INDEX(_xlfn._xlws.filter(tbl_Sourcing[Source Name], (tbl_Sourcing[Product Id]=tbl_MTG_Set[[#This Row],[Play Booster Box Product Id]])*(tbl_Sourcing[Active]=TRUE())*(tbl_Sourcing[Source Unit Cost]=tbl_MTG_Set[[#This Row],[Play Booster Box Cost]])), 1)), "", INDEX(_xlfn._xlws.filter(tbl_Sourcing[Source Name], (tbl_Sourcing[Product Id]=tbl_MTG_Set[[#This Row],[Play Booster Box Product Id]])*(tbl_Sourcing[Active]=TRUE())*(tbl_Sourcing[Source Unit Cost]=tbl_MTG_Set[[#This Row],[Play Booster Box Cost]])), 1))} | AL54: =_xlfn.xlookup(tbl_MTG_Set[[#This Row],[Play Booster Box Product Id]], tbl_Product[Product Id], tbl_Product[Pack Size]) | AM54: =(tbl_MTG_Set[[#This Row],[Play Booster Box Cost]]+v_Item_Shipping_Cost_In)/tbl_MTG_Set[[#This Row],[Play Booster Box Size]] | AT54: =tbl_MTG_Set[[#This Row],[Play Booster Sell Price CardMarket]]*tbl_MTG_Set[[#This Row],[Play Booster Expected Market Value]]/tbl_MTG_Set[[#This Row],[Play Boost Sealed Market Value]]
A55: 535 | B55: Amonkhet Promos PAKH | C55: 77 | D55: 42853 | F55: en es fr de it pt ja ko ru 汉语 漢語 | G55: 1016 | H55: =MONTH(NOW())+12*YEAR(NOW())-MONTH(tbl_MTG_Set[[#This Row],[Released On]])-12*YEAR(tbl_MTG_Set[[#This Row],[Released On]]) | I55: =_xlfn.xlookup(tbl_MTG_Set[[#This Row],[Type Name]], tbl_MTG_Set_Type[Set Type], tbl_MTG_Set_Type[Index], "(Set Type not found)") | J55: =_xlfn.xlookup(tbl_MTG_Set[[#This Row],[Type Name]], tbl_MTG_Set_Type[Set Type], tbl_MTG_Set_Type[Buy Window Month Start], "(Set Type not found)") | K55: =tbl_MTG_Set[[#This Row],[Released On]]+tbl_MTG_Set[[#This Row],[Buy Window Month Start]]*365.25/12 | L55: =_xlfn.xlookup(tbl_MTG_Set[[#This Row],[Type Name]], tbl_MTG_Set_Type[Set Type], tbl_MTG_Set_Type[Buy Window Month End], "(Set Type not found)", 0, 1) | M55: =tbl_MTG_Set[[#This Row],[Released On]]+tbl_MTG_Set[[#This Row],[Buy Window Month End]]*365.25/12 | N55: =AND(NOW()>=tbl_MTG_Set[[#This Row],[Buy Window Start]], NOW()<=tbl_MTG_Set[[#This Row],[Buy Window End]]) | O55: =_xlfn.xlookup(tbl_MTG_Set[[#This Row],[Type Name]], tbl_MTG_Set_Type[Set Type], tbl_MTG_Set_Type[Heavy Printing Window Month Start], "(Set Type not found)", 0, 1) | P55: =tbl_MTG_Set[[#This Row],[Released On]]+tbl_MTG_Set[[#This Row],[Heavy Printing Window Month Start]]*365.25/12 | Q55: =_xlfn.xlookup(tbl_MTG_Set[[#This Row],[Type Name]], tbl_MTG_Set_Type[Set Type], tbl_MTG_Set_Type[Heavy Printing Window Month End], "(Set Type not found)", 0, 1) | R55: =tbl_MTG_Set[[#This Row],[Released On]]+tbl_MTG_Set[[#This Row],[Heavy Printing Window Month End]]*365.25/12 | S55: =AND(NOW()>=tbl_MTG_Set[[#This Row],[Heavy Printing Window Start]], NOW()<=tbl_MTG_Set[[#This Row],[Heavy Printing Window End]]) | T55: =_xlfn.xlookup(tbl_MTG_Set[[#This Row],[Type Name]], tbl_MTG_Set_Type[Set Type], tbl_MTG_Set_Type[Sell Window Month Start], "(Set Type not found)", 0, 1) | U55: =tbl_MTG_Set[[#This Row],[Released On]]+tbl_MTG_Set[[#This Row],[Sell Window Month Start]]*365.25/12 | V55: =_xlfn.xlookup(tbl_MTG_Set[[#This Row],[Type Name]], tbl_MTG_Set_Type[Set Type], tbl_MTG_Set_Type[Sell Window Month End], "(Set Type not found)", 0, 1) | W55: =tbl_MTG_Set[[#This Row],[Released On]]+tbl_MTG_Set[[#This Row],[Sell Window Month End]]*365.25/12 | X55: =AND(NOW()>=tbl_MTG_Set[[#This Row],[Sell Window Start]], NOW()<=tbl_MTG_Set[[#This Row],[Sell Window End]]) | AJ55: {=IF(ISERROR(MIN(_xlfn._xlws.filter(tbl_Sourcing[Source Unit Cost], (tbl_Sourcing[Product Id]=tbl_MTG_Set[[#This Row],[Play Booster Box Product Id]])*(tbl_Sourcing[Active]=TRUE())))), "", MIN(_xlfn._xlws.filter(tbl_Sourcing[Source Unit Cost], (tbl_Sourcing[Product Id]=tbl_MTG_Set[[#This Row],[Play Booster Box Product Id]])*(tbl_Sourcing[Active]=TRUE()))))} | AK55: {=IF(ISERROR(INDEX(_xlfn._xlws.filter(tbl_Sourcing[Source Name], (tbl_Sourcing[Product Id]=tbl_MTG_Set[[#This Row],[Play Booster Box Product Id]])*(tbl_Sourcing[Active]=TRUE())*(tbl_Sourcing[Source Unit Cost]=tbl_MTG_Set[[#This Row],[Play Booster Box Cost]])), 1)), "", INDEX(_xlfn._xlws.filter(tbl_Sourcing[Source Name], (tbl_Sourcing[Product Id]=tbl_MTG_Set[[#This Row],[Play Booster Box Product Id]])*(tbl_Sourcing[Active]=TRUE())*(tbl_Sourcing[Source Unit Cost]=tbl_MTG_Set[[#This Row],[Play Booster Box Cost]])), 1))} | AL55: =_xlfn.xlookup(tbl_MTG_Set[[#This Row],[Play Booster Box Product Id]], tbl_Product[Product Id], tbl_Product[Pack Size]) | AM55: =(tbl_MTG_Set[[#This Row],[Play Booster Box Cost]]+v_Item_Shipping_Cost_In)/tbl_MTG_Set[[#This Row],[Play Booster Box Size]] | AT55: =tbl_MTG_Set[[#This Row],[Play Booster Sell Price CardMarket]]*tbl_MTG_Set[[#This Row],[Play Booster Expected Market Value]]/tbl_MTG_Set[[#This Row],[Play Boost Sealed Market Value]]
A56: 383 | B56: Amonkhet Remastered AKR | C56: 339 | D56: 44056 | F56: en es fr de it pt ja ko ru 汉语 漢語 | G56: 712 | H56: =MONTH(NOW())+12*YEAR(NOW())-MONTH(tbl_MTG_Set[[#This Row],[Released On]])-12*YEAR(tbl_MTG_Set[[#This Row],[Released On]]) | I56: =_xlfn.xlookup(tbl_MTG_Set[[#This Row],[Type Name]], tbl_MTG_Set_Type[Set Type], tbl_MTG_Set_Type[Index], "(Set Type not found)") | J56: =_xlfn.xlookup(tbl_MTG_Set[[#This Row],[Type Name]], tbl_MTG_Set_Type[Set Type], tbl_MTG_Set_Type[Buy Window Month Start], "(Set Type not found)") | K56: =tbl_MTG_Set[[#This Row],[Released On]]+tbl_MTG_Set[[#This Row],[Buy Window Month Start]]*365.25/12 | L56: =_xlfn.xlookup(tbl_MTG_Set[[#This Row],[Type Name]], tbl_MTG_Set_Type[Set Type], tbl_MTG_Set_Type[Buy Window Month End], "(Set Type not found)", 0, 1) | M56: =tbl_MTG_Set[[#This Row],[Released On]]+tbl_MTG_Set[[#This Row],[Buy Window Month End]]*365.25/12 | N56: =AND(NOW()>=tbl_MTG_Set[[#This Row],[Buy Window Start]], NOW()<=tbl_MTG_Set[[#This Row],[Buy Window End]]) | O56: =_xlfn.xlookup(tbl_MTG_Set[[#This Row],[Type Name]], tbl_MTG_Set_Type[Set Type], tbl_MTG_Set_Type[Heavy Printing Window Month Start], "(Set Type not found)", 0, 1) | P56: =tbl_MTG_Set[[#This Row],[Released On]]+tbl_MTG_Set[[#This Row],[Heavy Printing Window Month Start]]*365.25/12 | Q56: =_xlfn.xlookup(tbl_MTG_Set[[#This Row],[Type Name]], tbl_MTG_Set_Type[Set Type], tbl_MTG_Set_Type[Heavy Printing Window Month End], "(Set Type not found)", 0, 1) | R56: =tbl_MTG_Set[[#This Row],[Released On]]+tbl_MTG_Set[[#This Row],[Heavy Printing Window Month End]]*365.25/12 | S56: =AND(NOW()>=tbl_MTG_Set[[#This Row],[Heavy Printing Window Start]], NOW()<=tbl_MTG_Set[[#This Row],[Heavy Printing Window End]]) | T56: =_xlfn.xlookup(tbl_MTG_Set[[#This Row],[Type Name]], tbl_MTG_Set_Type[Set Type], tbl_MTG_Set_Type[Sell Window Month Start], "(Set Type not found)", 0, 1) | U56: =tbl_MTG_Set[[#This Row],[Released On]]+tbl_MTG_Set[[#This Row],[Sell Window Month Start]]*365.25/12 | V56: =_xlfn.xlookup(tbl_MTG_Set[[#This Row],[Type Name]], tbl_MTG_Set_Type[Set Type], tbl_MTG_Set_Type[Sell Window Month End], "(Set Type not found)", 0, 1) | W56: =tbl_MTG_Set[[#This Row],[Released On]]+tbl_MTG_Set[[#This Row],[Sell Window Month End]]*365.25/12 | X56: =AND(NOW()>=tbl_MTG_Set[[#This Row],[Sell Window Start]], NOW()<=tbl_MTG_Set[[#This Row],[Sell Window End]]) | AJ56: {=IF(ISERROR(MIN(_xlfn._xlws.filter(tbl_Sourcing[Source Unit Cost], (tbl_Sourcing[Product Id]=tbl_MTG_Set[[#This Row],[Play Booster Box Product Id]])*(tbl_Sourcing[Active]=TRUE())))), "", MIN(_xlfn._xlws.filter(tbl_Sourcing[Source Unit Cost], (tbl_Sourcing[Product Id]=tbl_MTG_Set[[#This Row],[Play Booster Box Product Id]])*(tbl_Sourcing[Active]=TRUE()))))} | AK56: {=IF(ISERROR(INDEX(_xlfn._xlws.filter(tbl_Sourcing[Source Name], (tbl_Sourcing[Product Id]=tbl_MTG_Set[[#This Row],[Play Booster Box Product Id]])*(tbl_Sourcing[Active]=TRUE())*(tbl_Sourcing[Source Unit Cost]=tbl_MTG_Set[[#This Row],[Play Booster Box Cost]])), 1)), "", INDEX(_xlfn._xlws.filter(tbl_Sourcing[Source Name], (tbl_Sourcing[Product Id]=tbl_MTG_Set[[#This Row],[Play Booster Box Product Id]])*(tbl_Sourcing[Active]=TRUE())*(tbl_Sourcing[Source Unit Cost]=tbl_MTG_Set[[#This Row],[Play Booster Box Cost]])), 1))} | AL56: =_xlfn.xlookup(tbl_MTG_Set[[#This Row],[Play Booster Box Product Id]], tbl_Product[Product Id], tbl_Product[Pack Size]) | AM56: =(tbl_MTG_Set[[#This Row],[Play Booster Box Cost]]+v_Item_Shipping_Cost_In)/tbl_MTG_Set[[#This Row],[Play Booster Box Size]] | AT56: =tbl_MTG_Set[[#This Row],[Play Booster Sell Price CardMarket]]*tbl_MTG_Set[[#This Row],[Play Booster Expected Market Value]]/tbl_MTG_Set[[#This Row],[Play Boost Sealed Market Value]]
A57: 536 | B57: Amonkhet Tokens TAKH | C57: 26 | D57: 42853 | F57: en es fr de it pt ja ko ru 汉语 漢語 | G57: 1018 | H57: =MONTH(NOW())+12*YEAR(NOW())-MONTH(tbl_MTG_Set[[#This Row],[Released On]])-12*YEAR(tbl_MTG_Set[[#This Row],[Released On]]) | I57: =_xlfn.xlookup(tbl_MTG_Set[[#This Row],[Type Name]], tbl_MTG_Set_Type[Set Type], tbl_MTG_Set_Type[Index], "(Set Type not found)") | J57: =_xlfn.xlookup(tbl_MTG_Set[[#This Row],[Type Name]], tbl_MTG_Set_Type[Set Type], tbl_MTG_Set_Type[Buy Window Month Start], "(Set Type not found)") | K57: =tbl_MTG_Set[[#This Row],[Released On]]+tbl_MTG_Set[[#This Row],[Buy Window Month Start]]*365.25/12 | L57: =_xlfn.xlookup(tbl_MTG_Set[[#This Row],[Type Name]], tbl_MTG_Set_Type[Set Type], tbl_MTG_Set_Type[Buy Window Month End], "(Set Type not found)", 0, 1) | M57: =tbl_MTG_Set[[#This Row],[Released On]]+tbl_MTG_Set[[#This Row],[Buy Window Month End]]*365.25/12 | N57: =AND(NOW()>=tbl_MTG_Set[[#This Row],[Buy Window Start]], NOW()<=tbl_MTG_Set[[#This Row],[Buy Window End]]) | O57: =_xlfn.xlookup(tbl_MTG_Set[[#This Row],[Type Name]], tbl_MTG_Set_Type[Set Type], tbl_MTG_Set_Type[Heavy Printing Window Month Start], "(Set Type not found)", 0, 1) | P57: =tbl_MTG_Set[[#This Row],[Released On]]+tbl_MTG_Set[[#This Row],[Heavy Printing Window Month Start]]*365.25/12 | Q57: =_xlfn.xlookup(tbl_MTG_Set[[#This Row],[Type Name]], tbl_MTG_Set_Type[Set Type], tbl_MTG_Set_Type[Heavy Printing Window Month End], "(Set Type not found)", 0, 1) | R57: =tbl_MTG_Set[[#This Row],[Released On]]+tbl_MTG_Set[[#This Row],[Heavy Printing Window Month End]]*365.25/12 | S57: =AND(NOW()>=tbl_MTG_Set[[#This Row],[Heavy Printing Window Start]], NOW()<=tbl_MTG_Set[[#This Row],[Heavy Printing Window End]]) | T57: =_xlfn.xlookup(tbl_MTG_Set[[#This Row],[Type Name]], tbl_MTG_Set_Type[Set Type], tbl_MTG_Set_Type[Sell Window Month Start], "(Set Type not found)", 0, 1) | U57: =tbl_MTG_Set[[#This Row],[Released On]]+tbl_MTG_Set[[#This Row],[Sell Window Month Start]]*365.25/12 | V57: =_xlfn.xlookup(tbl_MTG_Set[[#This Row],[Type Name]], tbl_MTG_Set_Type[Set Type], tbl_MTG_Set_Type[Sell Window Month End], "(Set Type not found)", 0, 1) | W57: =tbl_MTG_Set[[#This Row],[Released On]]+tbl_MTG_Set[[#This Row],[Sell Window Month End]]*365.25/12 | X57: =AND(NOW()>=tbl_MTG_Set[[#This Row],[Sell Window Start]], NOW()<=tbl_MTG_Set[[#This Row],[Sell Window End]]) | AJ57: {=IF(ISERROR(MIN(_xlfn._xlws.filter(tbl_Sourcing[Source Unit Cost], (tbl_Sourcing[Product Id]=tbl_MTG_Set[[#This Row],[Play Booster Box Product Id]])*(tbl_Sourcing[Active]=TRUE())))), "", MIN(_xlfn._xlws.filter(tbl_Sourcing[Source Unit Cost], (tbl_Sourcing[Product Id]=tbl_MTG_Set[[#This Row],[Play Booster Box Product Id]])*(tbl_Sourcing[Active]=TRUE()))))} | AK57: {=IF(ISERROR(INDEX(_xlfn._xlws.filter(tbl_Sourcing[Source Name], (tbl_Sourcing[Product Id]=tbl_MTG_Set[[#This Row],[Play Booster Box Product Id]])*(tbl_Sourcing[Active]=TRUE())*(tbl_Sourcing[Source Unit Cost]=tbl_MTG_Set[[#This Row],[Play Booster Box Cost]])), 1)), "", INDEX(_xlfn._xlws.filter(tbl_Sourcing[Source Name], (tbl_Sourcing[Product Id]=tbl_MTG_Set[[#This Row],[Play Booster Box Product Id]])*(tbl_Sourcing[Active]=TRUE())*(tbl_Sourcing[Source Unit Cost]=tbl_MTG_Set[[#This Row],[Play Booster Box Cost]])), 1))} | AL57: =_xlfn.xlookup(tbl_MTG_Set[[#This Row],[Play Booster Box Product Id]], tbl_Product[Product Id], tbl_Product[Pack Size]) | AM57: =(tbl_MTG_Set[[#This Row],[Play Booster Box Cost]]+v_Item_Shipping_Cost_In)/tbl_MTG_Set[[#This Row],[Play Booster Box Size]] | AT57: =tbl_MTG_Set[[#This Row],[Play Booster Sell Price CardMarket]]*tbl_MTG_Set[[#This Row],[Play Booster Expected Market Value]]/tbl_MTG_Set[[#This Row],[Play Boost Sealed Market Value]]
A58: 964 | B58: Anthologies ATH | C58: 85 | D58: 36100 | F58: en es fr de it pt ja ko ru 汉语 漢語 | G58: 1874 | H58: =MONTH(NOW())+12*YEAR(NOW())-MONTH(tbl_MTG_Set[[#This Row],[Released On]])-12*YEAR(tbl_MTG_Set[[#This Row],[Released On]]) | I58: =_xlfn.xlookup(tbl_MTG_Set[[#This Row],[Type Name]], tbl_MTG_Set_Type[Set Type], tbl_MTG_Set_Type[Index], "(Set Type not found)") | J58: =_xlfn.xlookup(tbl_MTG_Set[[#This Row],[Type Name]], tbl_MTG_Set_Type[Set Type], tbl_MTG_Set_Type[Buy Window Month Start], "(Set Type not found)") | K58: =tbl_MTG_Set[[#This Row],[Released On]]+tbl_MTG_Set[[#This Row],[Buy Window Month Start]]*365.25/12 | L58: =_xlfn.xlookup(tbl_MTG_Set[[#This Row],[Type Name]], tbl_MTG_Set_Type[Set Type], tbl_MTG_Set_Type[Buy Window Month End], "(Set Type not found)", 0, 1) | M58: =tbl_MTG_Set[[#This Row],[Released On]]+tbl_MTG_Set[[#This Row],[Buy Window Month End]]*365.25/12 | N58: =AND(NOW()>=tbl_MTG_Set[[#This Row],[Buy Window Start]], NOW()<=tbl_MTG_Set[[#This Row],[Buy Window End]]) | O58: =_xlfn.xlookup(tbl_MTG_Set[[#This Row],[Type Name]], tbl_MTG_Set_Type[Set Type], tbl_MTG_Set_Type[Heavy Printing Window Month Start], "(Set Type not found)", 0, 1) | P58: =tbl_MTG_Set[[#This Row],[Released On]]+tbl_MTG_Set[[#This Row],[Heavy Printing Window Month Start]]*365.25/12 | Q58: =_xlfn.xlookup(tbl_MTG_Set[[#This Row],[Type Name]], tbl_MTG_Set_Type[Set Type], tbl_MTG_Set_Type[Heavy Printing Window Month End], "(Set Type not found)", 0, 1) | R58: =tbl_MTG_Set[[#This Row],[Released On]]+tbl_MTG_Set[[#This Row],[Heavy Printing Window Month End]]*365.25/12 | S58: =AND(NOW()>=tbl_MTG_Set[[#This Row],[Heavy Printing Window Start]], NOW()<=tbl_MTG_Set[[#This Row],[Heavy Printing Window End]]) | T58: =_xlfn.xlookup(tbl_MTG_Set[[#This Row],[Type Name]], tbl_MTG_Set_Type[Set Type], tbl_MTG_Set_Type[Sell Window Month Start], "(Set Type not found)", 0, 1) | U58: =tbl_MTG_Set[[#This Row],[Released On]]+tbl_MTG_Set[[#This Row],[Sell Window Month Start]]*365.25/12 | V58: =_xlfn.xlookup(tbl_MTG_Set[[#This Row],[Type Name]], tbl_MTG_Set_Type[Set Type], tbl_MTG_Set_Type[Sell Window Month End], "(Set Type not found)", 0, 1) | W58: =tbl_MTG_Set[[#This Row],[Released On]]+tbl_MTG_Set[[#This Row],[Sell Window Month End]]*365.25/12 | X58: =AND(NOW()>=tbl_MTG_Set[[#This Row],[Sell Window Start]], NOW()<=tbl_MTG_Set[[#This Row],[Sell Window End]]) | AJ58: {=IF(ISERROR(MIN(_xlfn._xlws.filter(tbl_Sourcing[Source Unit Cost], (tbl_Sourcing[Product Id]=tbl_MTG_Set[[#This Row],[Play Booster Box Product Id]])*(tbl_Sourcing[Active]=TRUE())))), "", MIN(_xlfn._xlws.filter(tbl_Sourcing[Source Unit Cost], (tbl_Sourcing[Product Id]=tbl_MTG_Set[[#This Row],[Play Booster Box Product Id]])*(tbl_Sourcing[Active]=TRUE()))))} | AK58: {=IF(ISERROR(INDEX(_xlfn._xlws.filter(tbl_Sourcing[Source Name], (tbl_Sourcing[Product Id]=tbl_MTG_Set[[#This Row],[Play Booster Box Product Id]])*(tbl_Sourcing[Active]=TRUE())*(tbl_Sourcing[Source Unit Cost]=tbl_MTG_Set[[#This Row],[Play Booster Box Cost]])), 1)), "", INDEX(_xlfn._xlws.filter(tbl_Sourcing[Source Name], (tbl_Sourcing[Product Id]=tbl_MTG_Set[[#This Row],[Play Booster Box Product Id]])*(tbl_Sourcing[Active]=TRUE())*(tbl_Sourcing[Source Unit Cost]=tbl_MTG_Set[[#This Row],[Play Booster Box Cost]])), 1))} | AL58: =_xlfn.xlookup(tbl_MTG_Set[[#This Row],[Play Booster Box Product Id]], tbl_Product[Product Id], tbl_Product[Pack Size]) | AM58: =(tbl_MTG_Set[[#This Row],[Play Booster Box Cost]]+v_Item_Shipping_Cost_In)/tbl_MTG_Set[[#This Row],[Play Booster Box Size]] | AT58: =tbl_MTG_Set[[#This Row],[Play Booster Sell Price CardMarket]]*tbl_MTG_Set[[#This Row],[Play Booster Expected Market Value]]/tbl_MTG_Set[[#This Row],[Play Boost Sealed Market Value]]
A59: 1016 | B59: Antiquities ATQ | C59: 102 | D59: 34397 | F59: en es fr de it pt ja ko ru 汉语 漢語 | G59: 1978 | H59: =MONTH(NOW())+12*YEAR(NOW())-MONTH(tbl_MTG_Set[[#This Row],[Released On]])-12*YEAR(tbl_MTG_Set[[#This Row],[Released On]]) | I59: =_xlfn.xlookup(tbl_MTG_Set[[#This Row],[Type Name]], tbl_MTG_Set_Type[Set Type], tbl_MTG_Set_Type[Index], "(Set Type not found)") | J59: =_xlfn.xlookup(tbl_MTG_Set[[#This Row],[Type Name]], tbl_MTG_Set_Type[Set Type], tbl_MTG_Set_Type[Buy Window Month Start], "(Set Type not found)") | K59: =tbl_MTG_Set[[#This Row],[Released On]]+tbl_MTG_Set[[#This Row],[Buy Window Month Start]]*365.25/12 | L59: =_xlfn.xlookup(tbl_MTG_Set[[#This Row],[Type Name]], tbl_MTG_Set_Type[Set Type], tbl_MTG_Set_Type[Buy Window Month End], "(Set Type not found)", 0, 1) | M59: =tbl_MTG_Set[[#This Row],[Released On]]+tbl_MTG_Set[[#This Row],[Buy Window Month End]]*365.25/12 | N59: =AND(NOW()>=tbl_MTG_Set[[#This Row],[Buy Window Start]], NOW()<=tbl_MTG_Set[[#This Row],[Buy Window End]]) | O59: =_xlfn.xlookup(tbl_MTG_Set[[#This Row],[Type Name]], tbl_MTG_Set_Type[Set Type], tbl_MTG_Set_Type[Heavy Printing Window Month Start], "(Set Type not found)", 0, 1) | P59: =tbl_MTG_Set[[#This Row],[Released On]]+tbl_MTG_Set[[#This Row],[Heavy Printing Window Month Start]]*365.25/12 | Q59: =_xlfn.xlookup(tbl_MTG_Set[[#This Row],[Type Name]], tbl_MTG_Set_Type[Set Type], tbl_MTG_Set_Type[Heavy Printing Window Month End], "(Set Type not found)", 0, 1) | R59: =tbl_MTG_Set[[#This Row],[Released On]]+tbl_MTG_Set[[#This Row],[Heavy Printing Window Month End]]*365.25/12 | S59: =AND(NOW()>=tbl_MTG_Set[[#This Row],[Heavy Printing Window Start]], NOW()<=tbl_MTG_Set[[#This Row],[Heavy Printing Window End]]) | T59: =_xlfn.xlookup(tbl_MTG_Set[[#This Row],[Type Name]], tbl_MTG_Set_Type[Set Type], tbl_MTG_Set_Type[Sell Window Month Start], "(Set Type not found)", 0, 1) | U59: =tbl_MTG_Set[[#This Row],[Released On]]+tbl_MTG_Set[[#This Row],[Sell Window Month Start]]*365.25/12 | V59: =_xlfn.xlookup(tbl_MTG_Set[[#This Row],[Type Name]], tbl_MTG_Set_Type[Set Type], tbl_MTG_Set_Type[Sell Window Month End], "(Set Type not found)", 0, 1) | W59: =tbl_MTG_Set[[#This Row],[Released On]]+tbl_MTG_Set[[#This Row],[Sell Window Month End]]*365.25/12 | X59: =AND(NOW()>=tbl_MTG_Set[[#This Row],[Sell Window Start]], NOW()<=tbl_MTG_Set[[#This Row],[Sell Window End]]) | AJ59: {=IF(ISERROR(MIN(_xlfn._xlws.filter(tbl_Sourcing[Source Unit Cost], (tbl_Sourcing[Product Id]=tbl_MTG_Set[[#This Row],[Play Booster Box Product Id]])*(tbl_Sourcing[Active]=TRUE())))), "", MIN(_xlfn._xlws.filter(tbl_Sourcing[Source Unit Cost], (tbl_Sourcing[Product Id]=tbl_MTG_Set[[#This Row],[Play Booster Box Product Id]])*(tbl_Sourcing[Active]=TRUE()))))} | AK59: {=IF(ISERROR(INDEX(_xlfn._xlws.filter(tbl_Sourcing[Source Name], (tbl_Sourcing[Product Id]=tbl_MTG_Set[[#This Row],[Play Booster Box Product Id]])*(tbl_Sourcing[Active]=TRUE())*(tbl_Sourcing[Source Unit Cost]=tbl_MTG_Set[[#This Row],[Play Booster Box Cost]])), 1)), "", INDEX(_xlfn._xlws.filter(tbl_Sourcing[Source Name], (tbl_Sourcing[Product Id]=tbl_MTG_Set[[#This Row],[Play Booster Box Product Id]])*(tbl_Sourcing[Active]=TRUE())*(tbl_Sourcing[Source Unit Cost]=tbl_MTG_Set[[#This Row],[Play Booster Box Cost]])), 1))} | AL59: =_xlfn.xlookup(tbl_MTG_Set[[#This Row],[Play Booster Box Product Id]], tbl_Product[Product Id], tbl_Product[Pack Size]) | AM59: =(tbl_MTG_Set[[#This Row],[Play Booster Box Cost]]+v_Item_Shipping_Cost_In)/tbl_MTG_Set[[#This Row],[Play Booster Box Size]] | AT59: =tbl_MTG_Set[[#This Row],[Play Booster Sell Price CardMarket]]*tbl_MTG_Set[[#This Row],[Play Booster Expected Market Value]]/tbl_MTG_Set[[#This Row],[Play Boost Sealed Market Value]]
A60: 924 | B60: Apocalypse APC | C60: 143 | D60: 37046 | F60: en es fr de it pt ja ko ru 汉语 漢語 | G60: 1794 | H60: =MONTH(NOW())+12*YEAR(NOW())-MONTH(tbl_MTG_Set[[#This Row],[Released On]])-12*YEAR(tbl_MTG_Set[[#This Row],[Released On]]) | I60: =_xlfn.xlookup(tbl_MTG_Set[[#This Row],[Type Name]], tbl_MTG_Set_Type[Set Type], tbl_MTG_Set_Type[Index], "(Set Type not found)") | J60: =_xlfn.xlookup(tbl_MTG_Set[[#This Row],[Type Name]], tbl_MTG_Set_Type[Set Type], tbl_MTG_Set_Type[Buy Window Month Start], "(Set Type not found)") | K60: =tbl_MTG_Set[[#This Row],[Released On]]+tbl_MTG_Set[[#This Row],[Buy Window Month Start]]*365.25/12 | L60: =_xlfn.xlookup(tbl_MTG_Set[[#This Row],[Type Name]], tbl_MTG_Set_Type[Set Type], tbl_MTG_Set_Type[Buy Window Month End], "(Set Type not found)", 0, 1) | M60: =tbl_MTG_Set[[#This Row],[Released On]]+tbl_MTG_Set[[#This Row],[Buy Window Month End]]*365.25/12 | N60: =AND(NOW()>=tbl_MTG_Set[[#This Row],[Buy Window Start]], NOW()<=tbl_MTG_Set[[#This Row],[Buy Window End]]) | O60: =_xlfn.xlookup(tbl_MTG_Set[[#This Row],[Type Name]], tbl_MTG_Set_Type[Set Type], tbl_MTG_Set_Type[Heavy Printing Window Month Start], "(Set Type not found)", 0, 1) | P60: =tbl_MTG_Set[[#This Row],[Released On]]+tbl_MTG_Set[[#This Row],[Heavy Printing Window Month Start]]*365.25/12 | Q60: =_xlfn.xlookup(tbl_MTG_Set[[#This Row],[Type Name]], tbl_MTG_Set_Type[Set Type], tbl_MTG_Set_Type[Heavy Printing Window Month End], "(Set Type not found)", 0, 1) | R60: =tbl_MTG_Set[[#This Row],[Released On]]+tbl_MTG_Set[[#This Row],[Heavy Printing Window Month End]]*365.25/12 | S60: =AND(NOW()>=tbl_MTG_Set[[#This Row],[Heavy Printing Window Start]], NOW()<=tbl_MTG_Set[[#This Row],[Heavy Printing Window End]]) | T60: =_xlfn.xlookup(tbl_MTG_Set[[#This Row],[Type Name]], tbl_MTG_Set_Type[Set Type], tbl_MTG_Set_Type[Sell Window Month Start], "(Set Type not found)", 0, 1) | U60: =tbl_MTG_Set[[#This Row],[Released On]]+tbl_MTG_Set[[#This Row],[Sell Window Month Start]]*365.25/12 | V60: =_xlfn.xlookup(tbl_MTG_Set[[#This Row],[Type Name]], tbl_MTG_Set_Type[Set Type], tbl_MTG_Set_Type[Sell Window Month End], "(Set Type not found)", 0, 1) | W60: =tbl_MTG_Set[[#This Row],[Released On]]+tbl_MTG_Set[[#This Row],[Sell Window Month End]]*365.25/12 | X60: =AND(NOW()>=tbl_MTG_Set[[#This Row],[Sell Window Start]], NOW()<=tbl_MTG_Set[[#This Row],[Sell Window End]]) | AJ60: {=IF(ISERROR(MIN(_xlfn._xlws.filter(tbl_Sourcing[Source Unit Cost], (tbl_Sourcing[Product Id]=tbl_MTG_Set[[#This Row],[Play Booster Box Product Id]])*(tbl_Sourcing[Active]=TRUE())))), "", MIN(_xlfn._xlws.filter(tbl_Sourcing[Source Unit Cost], (tbl_Sourcing[Product Id]=tbl_MTG_Set[[#This Row],[Play Booster Box Product Id]])*(tbl_Sourcing[Active]=TRUE()))))} | AK60: {=IF(ISERROR(INDEX(_xlfn._xlws.filter(tbl_Sourcing[Source Name], (tbl_Sourcing[Product Id]=tbl_MTG_Set[[#This Row],[Play Booster Box Product Id]])*(tbl_Sourcing[Active]=TRUE())*(tbl_Sourcing[Source Unit Cost]=tbl_MTG_Set[[#This Row],[Play Booster Box Cost]])), 1)), "", INDEX(_xlfn._xlws.filter(tbl_Sourcing[Source Name], (tbl_Sourcing[Product Id]=tbl_MTG_Set[[#This Row],[Play Booster Box Product Id]])*(tbl_Sourcing[Active]=TRUE())*(tbl_Sourcing[Source Unit Cost]=tbl_MTG_Set[[#This Row],[Play Booster Box Cost]])), 1))} | AL60: =_xlfn.xlookup(tbl_MTG_Set[[#This Row],[Play Booster Box Product Id]], tbl_Product[Product Id], tbl_Product[Pack Size]) | AM60: =(tbl_MTG_Set[[#This Row],[Play Booster Box Cost]]+v_Item_Shipping_Cost_In)/tbl_MTG_Set[[#This Row],[Play Booster Box Size]] | AT60: =tbl_MTG_Set[[#This Row],[Play Booster Sell Price CardMarket]]*tbl_MTG_Set[[#This Row],[Play Booster Expected Market Value]]/tbl_MTG_Set[[#This Row],[Play Boost Sealed Market Value]]
A61: 925 | B61: Apocalypse Promos PAPC | C61: 1 | D61: 37046 | F61: en es fr de it pt ja ko ru 汉语 漢語 | G61: 1796 | H61: =MONTH(NOW())+12*YEAR(NOW())-MONTH(tbl_MTG_Set[[#This Row],[Released On]])-12*YEAR(tbl_MTG_Set[[#This Row],[Released On]]) | I61: =_xlfn.xlookup(tbl_MTG_Set[[#This Row],[Type Name]], tbl_MTG_Set_Type[Set Type], tbl_MTG_Set_Type[Index], "(Set Type not found)") | J61: =_xlfn.xlookup(tbl_MTG_Set[[#This Row],[Type Name]], tbl_MTG_Set_Type[Set Type], tbl_MTG_Set_Type[Buy Window Month Start], "(Set Type not found)") | K61: =tbl_MTG_Set[[#This Row],[Released On]]+tbl_MTG_Set[[#This Row],[Buy Window Month Start]]*365.25/12 | L61: =_xlfn.xlookup(tbl_MTG_Set[[#This Row],[Type Name]], tbl_MTG_Set_Type[Set Type], tbl_MTG_Set_Type[Buy Window Month End], "(Set Type not found)", 0, 1) | M61: =tbl_MTG_Set[[#This Row],[Released On]]+tbl_MTG_Set[[#This Row],[Buy Window Month End]]*365.25/12 | N61: =AND(NOW()>=tbl_MTG_Set[[#This Row],[Buy Window Start]], NOW()<=tbl_MTG_Set[[#This Row],[Buy Window End]]) | O61: =_xlfn.xlookup(tbl_MTG_Set[[#This Row],[Type Name]], tbl_MTG_Set_Type[Set Type], tbl_MTG_Set_Type[Heavy Printing Window Month Start], "(Set Type not found)", 0, 1) | P61: =tbl_MTG_Set[[#This Row],[Released On]]+tbl_MTG_Set[[#This Row],[Heavy Printing Window Month Start]]*365.25/12 | Q61: =_xlfn.xlookup(tbl_MTG_Set[[#This Row],[Type Name]], tbl_MTG_Set_Type[Set Type], tbl_MTG_Set_Type[Heavy Printing Window Month End], "(Set Type not found)", 0, 1) | R61: =tbl_MTG_Set[[#This Row],[Released On]]+tbl_MTG_Set[[#This Row],[Heavy Printing Window Month End]]*365.25/12 | S61: =AND(NOW()>=tbl_MTG_Set[[#This Row],[Heavy Printing Window Start]], NOW()<=tbl_MTG_Set[[#This Row],[Heavy Printing Window End]]) | T61: =_xlfn.xlookup(tbl_MTG_Set[[#This Row],[Type Name]], tbl_MTG_Set_Type[Set Type], tbl_MTG_Set_Type[Sell Window Month Start], "(Set Type not found)", 0, 1) | U61: =tbl_MTG_Set[[#This Row],[Released On]]+tbl_MTG_Set[[#This Row],[Sell Window Month Start]]*365.25/12 | V61: =_xlfn.xlookup(tbl_MTG_Set[[#This Row],[Type Name]], tbl_MTG_Set_Type[Set Type], tbl_MTG_Set_Type[Sell Window Month End], "(Set Type not found)", 0, 1) | W61: =tbl_MTG_Set[[#This Row],[Released On]]+tbl_MTG_Set[[#This Row],[Sell Window Month End]]*365.25/12 | X61: =AND(NOW()>=tbl_MTG_Set[[#This Row],[Sell Window Start]], NOW()<=tbl_MTG_Set[[#This Row],[Sell Window End]]) | AJ61: {=IF(ISERROR(MIN(_xlfn._xlws.filter(tbl_Sourcing[Source Unit Cost], (tbl_Sourcing[Product Id]=tbl_MTG_Set[[#This Row],[Play Booster Box Product Id]])*(tbl_Sourcing[Active]=TRUE())))), "", MIN(_xlfn._xlws.filter(tbl_Sourcing[Source Unit Cost], (tbl_Sourcing[Product Id]=tbl_MTG_Set[[#This Row],[Play Booster Box Product Id]])*(tbl_Sourcing[Active]=TRUE()))))} | AK61: {=IF(ISERROR(INDEX(_xlfn._xlws.filter(tbl_Sourcing[Source Name], (tbl_Sourcing[Product Id]=tbl_MTG_Set[[#This Row],[Play Booster Box Product Id]])*(tbl_Sourcing[Active]=TRUE())*(tbl_Sourcing[Source Unit Cost]=tbl_MTG_Set[[#This Row],[Play Booster Box Cost]])), 1)), "", INDEX(_xlfn._xlws.filter(tbl_Sourcing[Source Name], (tbl_Sourcing[Product Id]=tbl_MTG_Set[[#This Row],[Play Booster Box Product Id]])*(tbl_Sourcing[Active]=TRUE())*(tbl_Sourcing[Source Unit Cost]=tbl_MTG_Set[[#This Row],[Play Booster Box Cost]])), 1))} | AL61: =_xlfn.xlookup(tbl_MTG_Set[[#This Row],[Play Booster Box Product Id]], tbl_Product[Product Id], tbl_Product[Pack Size]) | AM61: =(tbl_MTG_Set[[#This Row],[Play Booster Box Cost]]+v_Item_Shipping_Cost_In)/tbl_MTG_Set[[#This Row],[Play Booster Box Size]] | AT61: =tbl_MTG_Set[[#This Row],[Play Booster Sell Price CardMarket]]*tbl_MTG_Set[[#This Row],[Play Booster Expected Market Value]]/tbl_MTG_Set[[#This Row],[Play Boost Sealed Market Value]]
... A84: 472 | B84: Arena New Player Experience Extras XANA | C84: 20 | D84: 43295 | F84: en es fr de it pt ja ko ru 汉语 漢語 | G84: 890 | H84: =MONTH(NOW())+12*YEAR(NOW())-MONTH(tbl_MTG_Set[[#This Row],[Released On]])-12*YEAR(tbl_MTG_Set[[#This Row],[Released On]]) | I84: =_xlfn.xlookup(tbl_MTG_Set[[#This Row],[Type Name]], tbl_MTG_Set_Type[Set Type], tbl_MTG_Set_Type[Index], "(Set Type not found)") | J84: =_xlfn.xlookup(tbl_MTG_Set[[#This Row],[Type Name]], tbl_MTG_Set_Type[Set Type], tbl_MTG_Set_Type[Buy Window Month Start], "(Set Type not found)") | K84: =tbl_MTG_Set[[#This Row],[Released On]]+tbl_MTG_Set[[#This Row],[Buy Window Month Start]]*365.25/12 | L84: =_xlfn.xlookup(tbl_MTG_Set[[#This Row],[Type Name]], tbl_MTG_Set_Type[Set Type], tbl_MTG_Set_Type[Buy Window Month End], "(Set Type not found)", 0, 1) | M84: =tbl_MTG_Set[[#This Row],[Released On]]+tbl_MTG_Set[[#This Row],[Buy Window Month End]]*365.25/12 | N84: =AND(NOW()>=tbl_MTG_Set[[#This Row],[Buy Window Start]], NOW()<=tbl_MTG_Set[[#This Row],[Buy Window End]]) | O84: =_xlfn.xlookup(tbl_MTG_Set[[#This Row],[Type Name]], tbl_MTG_Set_Type[Set Type], tbl_MTG_Set_Type[Heavy Printing Window Month Start], "(Set Type not found)", 0, 1) | P84: =tbl_MTG_Set[[#This Row],[Released On]]+tbl_MTG_Set[[#This Row],[Heavy Printing Window Month Start]]*365.25/12 | Q84: =_xlfn.xlookup(tbl_MTG_Set[[#This Row],[Type Name]], tbl_MTG_Set_Type[Set Type], tbl_MTG_Set_Type[Heavy Printing Window Month End], "(Set Type not found)", 0, 1) | R84: =tbl_MTG_Set[[#This Row],[Released On]]+tbl_MTG_Set[[#This Row],[Heavy Printing Window Month End]]*365.25/12 | S84: =AND(NOW()>=tbl_MTG_Set[[#This Row],[Heavy Printing Window Start]], NOW()<=tbl_MTG_Set[[#This Row],[Heavy Printing Window End]]) | T84: =_xlfn.xlookup(tbl_MTG_Set[[#This Row],[Type Name]], tbl_MTG_Set_Type[Set Type], tbl_MTG_Set_Type[Sell Window Month Start], "(Set Type not found)", 0, 1) | U84: =tbl_MTG_Set[[#This Row],[Released On]]+tbl_MTG_Set[[#This Row],[Sell Window Month Start]]*365.25/12 | V84: =_xlfn.xlookup(tbl_MTG_Set[[#This Row],[Type Name]], tbl_MTG_Set_Type[Set Type], tbl_MTG_Set_Type[Sell Window Month End], "(Set Type not found)", 0, 1) | W84: =tbl_MTG_Set[[#This Row],[Released On]]+tbl_MTG_Set[[#This Row],[Sell Window Month End]]*365.25/12 | X84: =AND(NOW()>=tbl_MTG_Set[[#This Row],[Sell Window Start]], NOW()<=tbl_MTG_Set[[#This Row],[Sell Window End]]) | AJ84: {=IF(ISERROR(MIN(_xlfn._xlws.filter(tbl_Sourcing[Source Unit Cost], (tbl_Sourcing[Product Id]=tbl_MTG_Set[[#This Row],[Play Booster Box Product Id]])*(tbl_Sourcing[Active]=TRUE())))), "", MIN(_xlfn._xlws.filter(tbl_Sourcing[Source Unit Cost], (tbl_Sourcing[Product Id]=tbl_MTG_Set[[#This Row],[Play Booster Box Product Id]])*(tbl_Sourcing[Active]=TRUE()))))} | AK84: {=IF(ISERROR(INDEX(_xlfn._xlws.filter(tbl_Sourcing[Source Name], (tbl_Sourcing[Product Id]=tbl_MTG_Set[[#This Row],[Play Booster Box Product Id]])*(tbl_Sourcing[Active]=TRUE())*(tbl_Sourcing[Source Unit Cost]=tbl_MTG_Set[[#This Row],[Play Booster Box Cost]])), 1)), "", INDEX(_xlfn._xlws.filter(tbl_Sourcing[Source Name], (tbl_Sourcing[Product Id]=tbl_MTG_Set[[#This Row],[Play Booster Box Product Id]])*(tbl_Sourcing[Active]=TRUE())*(tbl_Sourcing[Source Unit Cost]=tbl_MTG_Set[[#This Row],[Play Booster Box Cost]])), 1))} | AL84: =_xlfn.xlookup(tbl_MTG_Set[[#This Row],[Play Booster Box Product Id]], tbl_Product[Product Id], tbl_Product[Pack Size]) | AM84: =(tbl_MTG_Set[[#This Row],[Play Booster Box Cost]]+v_Item_Shipping_Cost_In)/tbl_MTG_Set[[#This Row],[Play Booster Box Size]] | AT84: =tbl_MTG_Set[[#This Row],[Play Booster Sell Price CardMarket]]*tbl_MTG_Set[[#This Row],[Play Booster Expected Market Value]]/tbl_MTG_Set[[#This Row],[Play Boost Sealed Market Value]]
A85: 16 | B85: Arena Powered Cube APCUBE | C85: 540 | D85: 45953 | F85: 0 | G85: 17 | H85: =MONTH(NOW())+12*YEAR(NOW())-MONTH(tbl_MTG_Set[[#This Row],[Released On]])-12*YEAR(tbl_MTG_Set[[#This Row],[Released On]]) | I85: =_xlfn.xlookup(tbl_MTG_Set[[#This Row],[Type Name]], tbl_MTG_Set_Type[Set Type], tbl_MTG_Set_Type[Index], "(Set Type not found)") | J85: =_xlfn.xlookup(tbl_MTG_Set[[#This Row],[Type Name]], tbl_MTG_Set_Type[Set Type], tbl_MTG_Set_Type[Buy Window Month Start], "(Set Type not found)") | K85: =tbl_MTG_Set[[#This Row],[Released On]]+tbl_MTG_Set[[#This Row],[Buy Window Month Start]]*365.25/12 | L85: =_xlfn.xlookup(tbl_MTG_Set[[#This Row],[Type Name]], tbl_MTG_Set_Type[Set Type], tbl_MTG_Set_Type[Buy Window Month End], "(Set Type not found)", 0, 1) | M85: =tbl_MTG_Set[[#This Row],[Released On]]+tbl_MTG_Set[[#This Row],[Buy Window Month End]]*365.25/12 | N85: =AND(NOW()>=tbl_MTG_Set[[#This Row],[Buy Window Start]], NOW()<=tbl_MTG_Set[[#This Row],[Buy Window End]]) | O85: =_xlfn.xlookup(tbl_MTG_Set[[#This Row],[Type Name]], tbl_MTG_Set_Type[Set Type], tbl_MTG_Set_Type[Heavy Printing Window Month Start], "(Set Type not found)", 0, 1) | P85: =tbl_MTG_Set[[#This Row],[Released On]]+tbl_MTG_Set[[#This Row],[Heavy Printing Window Month Start]]*365.25/12 | Q85: =_xlfn.xlookup(tbl_MTG_Set[[#This Row],[Type Name]], tbl_MTG_Set_Type[Set Type], tbl_MTG_Set_Type[Heavy Printing Window Month End], "(Set Type not found)", 0, 1) | R85: =tbl_MTG_Set[[#This Row],[Released On]]+tbl_MTG_Set[[#This Row],[Heavy Printing Window Month End]]*365.25/12 | S85: =AND(NOW()>=tbl_MTG_Set[[#This Row],[Heavy Printing Window Start]], NOW()<=tbl_MTG_Set[[#This Row],[Heavy Printing Window End]]) | T85: =_xlfn.xlookup(tbl_MTG_Set[[#This Row],[Type Name]], tbl_MTG_Set_Type[Set Type], tbl_MTG_Set_Type[Sell Window Month Start], "(Set Type not found)", 0, 1) | U85: =tbl_MTG_Set[[#This Row],[Released On]]+tbl_MTG_Set[[#This Row],[Sell Window Month Start]]*365.25/12 | V85: =_xlfn.xlookup(tbl_MTG_Set[[#This Row],[Type Name]], tbl_MTG_Set_Type[Set Type], tbl_MTG_Set_Type[Sell Window Month End], "(Set Type not found)", 0, 1) | W85: =tbl_MTG_Set[[#This Row],[Released On]]+tbl_MTG_Set[[#This Row],[Sell Window Month End]]*365.25/12 | X85: =AND(NOW()>=tbl_MTG_Set[[#This Row],[Sell Window Start]], NOW()<=tbl_MTG_Set[[#This Row],[Sell Window End]]) | AJ85: {=IF(ISERROR(MIN(_xlfn._xlws.filter(tbl_Sourcing[Source Unit Cost], (tbl_Sourcing[Product Id]=tbl_MTG_Set[[#This Row],[Play Booster Box Product Id]])*(tbl_Sourcing[Active]=TRUE())))), "", MIN(_xlfn._xlws.filter(tbl_Sourcing[Source Unit Cost], (tbl_Sourcing[Product Id]=tbl_MTG_Set[[#This Row],[Play Booster Box Product Id]])*(tbl_Sourcing[Active]=TRUE()))))} | AK85: {=IF(ISERROR(INDEX(_xlfn._xlws.filter(tbl_Sourcing[Source Name], (tbl_Sourcing[Product Id]=tbl_MTG_Set[[#This Row],[Play Booster Box Product Id]])*(tbl_Sourcing[Active]=TRUE())*(tbl_Sourcing[Source Unit Cost]=tbl_MTG_Set[[#This Row],[Play Booster Box Cost]])), 1)), "", INDEX(_xlfn._xlws.filter(tbl_Sourcing[Source Name], (tbl_Sourcing[Product Id]=tbl_MTG_Set[[#This Row],[Play Booster Box Product Id]])*(tbl_Sourcing[Active]=TRUE())*(tbl_Sourcing[Source Unit Cost]=tbl_MTG_Set[[#This Row],[Play Booster Box Cost]])), 1))} | AL85: =_xlfn.xlookup(tbl_MTG_Set[[#This Row],[Play Booster Box Product Id]], tbl_Product[Product Id], tbl_Product[Pack Size]) | AM85: =(tbl_MTG_Set[[#This Row],[Play Booster Box Cost]]+v_Item_Shipping_Cost_In)/tbl_MTG_Set[[#This Row],[Play Booster Box Size]] | AT85: =tbl_MTG_Set[[#This Row],[Play Booster Sell Price CardMarket]]*tbl_MTG_Set[[#This Row],[Play Booster Expected Market Value]]/tbl_MTG_Set[[#This Row],[Play Boost Sealed Market Value]]
A86: 967 | B86: Asia Pacific Land Program PALP | C86: 15 | D86: 36039 | F86: en es fr de it pt ja ko ru 汉语 漢語 | G86: 1880 | H86: =MONTH(NOW())+12*YEAR(NOW())-MONTH(tbl_MTG_Set[[#This Row],[Released On]])-12*YEAR(tbl_MTG_Set[[#This Row],[Released On]]) | I86: =_xlfn.xlookup(tbl_MTG_Set[[#This Row],[Type Name]], tbl_MTG_Set_Type[Set Type], tbl_MTG_Set_Type[Index], "(Set Type not found)") | J86: =_xlfn.xlookup(tbl_MTG_Set[[#This Row],[Type Name]], tbl_MTG_Set_Type[Set Type], tbl_MTG_Set_Type[Buy Window Month Start], "(Set Type not found)") | K86: =tbl_MTG_Set[[#This Row],[Released On]]+tbl_MTG_Set[[#This Row],[Buy Window Month Start]]*365.25/12 | L86: =_xlfn.xlookup(tbl_MTG_Set[[#This Row],[Type Name]], tbl_MTG_Set_Type[Set Type], tbl_MTG_Set_Type[Buy Window Month End], "(Set Type not found)", 0, 1) | M86: =tbl_MTG_Set[[#This Row],[Released On]]+tbl_MTG_Set[[#This Row],[Buy Window Month End]]*365.25/12 | N86: =AND(NOW()>=tbl_MTG_Set[[#This Row],[Buy Window Start]], NOW()<=tbl_MTG_Set[[#This Row],[Buy Window End]]) | O86: =_xlfn.xlookup(tbl_MTG_Set[[#This Row],[Type Name]], tbl_MTG_Set_Type[Set Type], tbl_MTG_Set_Type[Heavy Printing Window Month Start], "(Set Type not found)", 0, 1) | P86: =tbl_MTG_Set[[#This Row],[Released On]]+tbl_MTG_Set[[#This Row],[Heavy Printing Window Month Start]]*365.25/12 | Q86: =_xlfn.xlookup(tbl_MTG_Set[[#This Row],[Type Name]], tbl_MTG_Set_Type[Set Type], tbl_MTG_Set_Type[Heavy Printing Window Month End], "(Set Type not found)", 0, 1) | R86: =tbl_MTG_Set[[#This Row],[Released On]]+tbl_MTG_Set[[#This Row],[Heavy Printing Window Month End]]*365.25/12 | S86: =AND(NOW()>=tbl_MTG_Set[[#This Row],[Heavy Printing Window Start]], NOW()<=tbl_MTG_Set[[#This Row],[Heavy Printing Window End]]) | T86: =_xlfn.xlookup(tbl_MTG_Set[[#This Row],[Type Name]], tbl_MTG_Set_Type[Set Type], tbl_MTG_Set_Type[Sell Window Month Start], "(Set Type not found)", 0, 1) | U86: =tbl_MTG_Set[[#This Row],[Released On]]+tbl_MTG_Set[[#This Row],[Sell Window Month Start]]*365.25/12 | V86: =_xlfn.xlookup(tbl_MTG_Set[[#This Row],[Type Name]], tbl_MTG_Set_Type[Set Type], tbl_MTG_Set_Type[Sell Window Month End], "(Set Type not found)", 0, 1) | W86: =tbl_MTG_Set[[#This Row],[Released On]]+tbl_MTG_Set[[#This Row],[Sell Window Month End]]*365.25/12 | X86: =AND(NOW()>=tbl_MTG_Set[[#This Row],[Sell Window Start]], NOW()<=tbl_MTG_Set[[#This Row],[Sell Window End]]) | AJ86: {=IF(ISERROR(MIN(_xlfn._xlws.filter(tbl_Sourcing[Source Unit Cost], (tbl_Sourcing[Product Id]=tbl_MTG_Set[[#This Row],[Play Booster Box Product Id]])*(tbl_Sourcing[Active]=TRUE())))), "", MIN(_xlfn._xlws.filter(tbl_Sourcing[Source Unit Cost], (tbl_Sourcing[Product Id]=tbl_MTG_Set[[#This Row],[Play Booster Box Product Id]])*(tbl_Sourcing[Active]=TRUE()))))} | AK86: {=IF(ISERROR(INDEX(_xlfn._xlws.filter(tbl_Sourcing[Source Name], (tbl_Sourcing[Product Id]=tbl_MTG_Set[[#This Row],[Play Booster Box Product Id]])*(tbl_Sourcing[Active]=TRUE())*(tbl_Sourcing[Source Unit Cost]=tbl_MTG_Set[[#This Row],[Play Booster Box Cost]])), 1)), "", INDEX(_xlfn._xlws.filter(tbl_Sourcing[Source Name], (tbl_Sourcing[Product Id]=tbl_MTG_Set[[#This Row],[Play Booster Box Product Id]])*(tbl_Sourcing[Active]=TRUE())*(tbl_Sourcing[Source Unit Cost]=tbl_MTG_Set[[#This Row],[Play Booster Box Cost]])), 1))} | AL86: =_xlfn.xlookup(tbl_MTG_Set[[#This Row],[Play Booster Box Product Id]], tbl_Product[Product Id], tbl_Product[Pack Size]) | AM86: =(tbl_MTG_Set[[#This Row],[Play Booster Box Cost]]+v_Item_Shipping_Cost_In)/tbl_MTG_Set[[#This Row],[Play Booster Box Size]] | AT86: =tbl_MTG_Set[[#This Row],[Play Booster Sell Price CardMarket]]*tbl_MTG_Set[[#This Row],[Play Booster Expected Market Value]]/tbl_MTG_Set[[#This Row],[Play Boost Sealed Market Value]]
